 Dungeon Crawl Stone Soup version 0.30.0-20-g3615ddf2f0 (webtiles) character file.

Game seed: 12472230061296945017

747764 qw the Invulnerable (level 27, -17/159 HPs)
             Began as a Gargoyle Fighter on May 31, 2023.
             Was the Champion of the Shining One.
             Demolished by an angel
             ... wielding a +2 whip of holy wrath
              (19 damage)
             ... in Pandemonium.
             The game lasted 00:53:39 (69577 turns).

qw the Invulnerable (Gargoyle Fighter)             Turns: 69577, Time: 00:53:40

Health: -17/159    AC: 61    Str: 39 (40) XL:     27
Magic:  19/26      EV: 17    Int:  9 (18) God:    the Shining One [******]
Gold:   5002       SH: 24    Dex: 10 (18) Spells: 26/26 levels left

rFire   + + +        v - +9 broad axe (holy)
rCold   + + .        c - +2 tower shield {rC+ rF+}
rNeg    + + +        h - +5 gold dragon scales
rPois   inf          u - +2 helmet of the Depths {rCorr Int+2}
rElec   +            n - +2 cloak "Dimmu" {Str+4 Int+3}
rCorr   +            p - +2 pair of gloves {Str+3}
SInv    .            q - +0 pair of boots "Lefy" {Drain Int+5 Dex+3}
Will    ++...        y - amulet of faith Stlth
                     g - ring "Hegyileh" {EV+5 Dex+2 Slay+4}
HPRegen 0.00/turn    H - ring of Bumiol {rF+ Dex+6}
MPRegen 0.20/turn

%: random rage (9%), faith
@: flying, inhibited regen, glowing, unable to read
A: sickness immunity, AC +20, big wings, negative energy resistance 1,
electricity resistance, torment resistance 1, petrification resistance, hooves
1, berserk 2, clumsy 1, deformed body, deterioration 2, dopey 1, fire resistance
1, frail 2, low MP 3, screaming 2, inhibited regeneration, teleportitis 1,
subdued magic 1, inability to read after injury 2, devolution 1
}: 7/15 runes: barnacled, slimy, silver, golden, demonic, glowing, gossamer
a: Renounce Religion, Divine Shield, Cleansing Flame, Summon Divine Warrior


You were in Pandemonium.
You worshipped the Shining One.
The Shining One was exalted by your worship.
You visited 12 branches of the dungeon, and saw 55 of its levels.
You visited Pandemonium 2 times, and saw 4 of its levels.
You visited the Abyss 1 time.
You also visited: Gauntlet.

You collected 10852 gold pieces.
You spent 5850 gold pieces at shops.


Innate Abilities, Weirdness & Mutations

You are immune to sickness and miasma.
Your stone body is resilient. (AC +20)
You are immune to poison.
Your large and strong wings let you fly.
You resist negative energy. (rN+)
You are resistant to electric shocks. (rElec)
You are resistant to unholy torment.
You are immune to petrification.
You have large cloven feet.
You have an uncontrollable temper.
You are clumsy. (Dex -2)
Armour fits poorly on your strangely shaped body.
Your body often deteriorates upon taking damage.
You are dopey. (Int -2)
Your flesh is heat resistant. (rF+)
You are very frail. (-20% HP)
Your magical capacity is extremely low. (-30% MP)
You frequently scream uncontrollably at your foes.
You do not regenerate when monsters are visible.
You are occasionally teleported next to monsters.
Your spells are a little easier to cast, but a little less powerful.
You sometimes lose the ability to read scrolls when taking damage.
You have hidden genetic defects.


   Skills:
 O Level 27 Fighting
 - Level 18.0 Axes
 - Level 15.0 Throwing
 O Level 27 Armour
 - Level 10.0 Dodging
 - Level 23.5 Shields
 + Level 21.2 Invocations


You had 26 spell levels left.
You didn't know any spells.
Your spell library was empty.

Inventory:

Hand Weapons
 v - a +9 broad axe of holy wrath (weapon)
 N - the +12 broad axe "Leatawemu" {heavy, Str+3 Dex+4}
   (Okawaru gifted it to you on level 4 of the Shoals)

   Str:       It affects your strength (+3).
   Dex:       It affects your dexterity (+4).
Missiles
 J - a javelin (quivered)
Armour
 c - a +2 tower shield of resistance (worn)
 h - +5 gold dragon scales (worn)
 n - the +2 cloak "Dimmu" (worn) {Str+4 Int+3}
   (You bought it in a shop on level 3 of the Depths)

   Str:       It affects your strength (+4).
   Int:       It affects your intelligence (+3).
 p - a +2 pair of gloves of strength (worn)
 q - the +0 pair of boots "Lefy" (worn) {Drain Int+5 Dex+3}
   (You acquired it on level 1 of the Vaults)

   Int:       It affects your intelligence (+5).
   Dex:       It affects your dexterity (+3).
   Drain:     It drains your maximum health when unequipped.
 u - the +2 helmet of the Depths (worn) {rCorr Int+2}
   (You acquired it on level 10 of the Dungeon)

   Int:       It affects your intelligence (+2).
   rCorr:     It protects you from acid and corrosion.
 B - the scarf of Amorality {+Inv, rF+ rCorr}
   (You bought it in a shop on level 4 of the Vaults)

   rF:        It protects you from fire.
   rCorr:     It protects you from acid and corrosion.
 E - the scarf of Akeshemn {rC+ rF+, Rampage}
   (You bought it in a shop on level 3 of the Depths)

   Rampage:   It bestows one free step when moving towards enemies.
Jewellery
 g - the ring "Hegyileh" (left hand) {EV+5 Dex+2 Slay+4}
   (You found it in a Gauntlet)

   [ring of evasion]

   EV:        It affects your evasion (+5).
   Dex:       It affects your dexterity (+2).
   Slay:      It affects your accuracy & damage with ranged weapons and melee
   (+4).
 x - the ring of the Raven {rPois rC+}
   (You found it on level 3 of the Tomb of the Ancients)

   [ring of protection from cold]

   rC:        It protects you from cold.
   rPois:     It protects you from poison.
 y - an amulet of faith (around neck)
 H - the ring of Bumiol (right hand) {rF+ Dex+6}
   (You found it on level 4 of the Spider Nest)

   [ring of dexterity]

   Dex:       It affects your dexterity (+6).
   rF:        It protects you from fire.
 K - the ring of Balance {rF- rC+ rN+ Will+ Int+2}
   (You bought it in a shop on level 2 of the Orcish Mines)

   [ring of positive energy]

   Int:       It affects your intelligence (+2).
   rF:        It makes you vulnerable to fire.
   rC:        It protects you from cold.
   rN:        It protects you from negative energy.
   Will:      It increases your willpower.
 L - the amulet of Vitality {RegenMP++ Regen++}
   (You found it on level 5 of the Pits of Slime)

   [amulet of magic regeneration]

   It increases your rate of magic regeneration.
   Regen:     It increases your rate of health regeneration.
   The Shining One disapproves of the use of such an item.
 Y - a ring of the Octopus King {Fly HP+2 AC+2 EV+2 SH+2}
   (You bought it in a shop on level 2 of the Orcish Mines)

   [ring of flight]

   AC:        It affects your AC (+2).
   EV:        It affects your evasion (+2).
   HP:        It affects your health (+2).
   Fly:       It grants you flight.
   SH:        It affects your SH (+2).
Wands
 s - a wand of digging (38)
Scrolls
 b - 2 scrolls of enchant weapon
 f - 24 scrolls of identify
 m - 14 scrolls of teleportation
 C - 6 scrolls of brand weapon
Potions
 a - 12 potions of curing
 d - 15 potions of might
 j - 13 potions of lignification
 l - 12 potions of cancellation
 r - 12 potions of attraction
 t - 4 potions of resistance
 z - 5 potions of magic
 I - 9 potions of haste

Dungeon Overview and Level Annotations

Branches:
Dungeon (15/15)            Temple (1/1) D:4            Lair (5/5) D:10
 Shoals (4/4) Lair:3       Spider (4/4) Lair:3        Slime (5/5) Lair:5
    Orc (2/2) D:10            Elf (0/3) Orc:2        Vaults (5/5) D:13
  Crypt (3/3) Vaults:3       Tomb (3/3) Crypt:3      Depths (4/4) D:15
    Zot (4/5) Depths:4    Gauntlet (visited)

Altars:
Ashenzari
Cheibriados
Dithmenos
Elyvilon
Fedhas
Gozag
Hepliaklqana
Kikubaaqudgha
Makhleb
Nemelex Xobeh
Okawaru
Qazlal
Ru
Sif Muna
Trog
Uskayaw
Vehumet
Wu Jian
Xom
Yredelemnul
Zin
The Shining One
Jiyva
Lugonu

Shops:
D:8 :   D:14 (   Orc:1 *   Orc:2 *=[(   Vaults:1 *   Vaults:2 *:   Vaults:3 (
Vaults:4 [(   Depths:3 *=:=   Depths:4 :=(*

Portals:
Hell: Depths:1 Depths:2 Depths:3 Depths:4
Abyss: Lair:5 Depths:3
Pandemonium: Depths:2
Ziggurat: Depths:1
Trove: Depths:4 (give +4 demon blade)

Annotations:
Lair:5 2 transporters, qw's ghost, journeyman GrFi
Shoals:1 1 runed translucent door, AtomicRavioli's ghost, adept OgFi
Depths:1 2 transporters
Depths:2 1 transporter, qw's ghost, adept GrFi


Message History

You slash the ophan!
You kill the ophan!
You slash the angel! You miss the angel. The cherub blocks your attack.
You closely miss the angel. You block the angel's attack.
The angel hits you but does no damage. You block the cherub's attack. x2
The angel hits you with a +3 whip of holy wrath.
The angel hits you but does no damage. You block the angel's attack.
The angel hits you with a +2 whip of holy wrath!
You slash the angel!
The angel is severely wounded.
You slash the apis! The cherub blocks your attack.
You miss the angel. You slash the angel!
You block the angel's attack. x2; The angel closely misses you. x2
Your daeva hits the angel with a +5 eudemon blade of holy wrath! x2
The cherub hits you but does no damage. The cherub misses you.
The angel hits you but does no damage. You block the angel's attack. x2
The angel completely misses you.
You miss the angel.
The angel is severely wounded.
You hit the angel. You completely miss the angel. You slice the apis!!
You slice the cherub!!
The angel no longer looks unusually strong.
The angel completely misses you. You block the angel's attack.
You block the apis's attack.
Your daeva hits the angel with a +5 eudemon blade of holy wrath.
Your daeva hits the angel with a +5 eudemon blade of holy wrath!
The angel hits you with a +2 whip of holy wrath!
The angel completely misses you.
The angel hits you but does no damage. x2
The cherub sings a powerful hymn!
The angel goes into a battle-frenzy!
You slash the angel!
The angel is almost dead.
You miss the angel. You slash the angel! You slash the apis!
You slash the cherub!
The angel gestures.
The angel is healed somewhat.
You block the angel's attack. x2
You block the apis's attack.
The angel hits you with a +2 whip of holy wrath!!
You die...

#.)# #..#
#..# ## #..#
.# #..# .#
#..###'#
#..%..A#
#..~AA.#
#..~8@A#
#..~¤AY#
#........
#'.........
?.###########
#.) ##


You could see an apis, 3 angels, a cherub and a friendly daeva (summoned).

Vanquished Creatures
  the Royal Jelly (Slime:5)
  Mnoleg (Pan)
  4 orbs of fire
  2 ancient liches (Vaults:5)
  31 royal mummies
  Margery (Vaults:2)
  Bai Suzhen (Vaults:4)
  2 Killer Klowns
  Saint Roka (Vaults:2)
  11 golden dragons
  Nikola (Spider:1)
  2 pandemonium lords (Pan)
  4 bone dragons
  4 electric golems
  A Brimstone Fiend (Pan)
  19 tentacled monstrosities
  Jorgrun (Spider:1)
  Zenata (Vaults:3)
  A walking crystal tome (Depths:3)
  9 titans
  5 deep elf blademasters
  Asterion (Spider:1)
  3 deep elf master archers
  7 liches
  3 Executioners
  6 quicksilver dragons
  10 acid blobs
  12 ancient champions
  An eldritch tentacle (Pan)
  A sphinx (shapeshifter) (Vaults:5)
  7 death cobs
  Frances (D:14)
  5 sphinxes
  2 krakens
  16 storm dragons
  Agnes (D:15)
  3 tengu reavers
  Kirke (Shoals:1)
  6 azure jellies
  12 draconian monks
  6 revenants
  10 shadow dragons
  5 rockslimes
  2 demonspawn warmongers (Pan)
  14 fire giants
  7 emperor scorpions
  5 draconian knights
  22 frost giants
  A draconian scorcher (Zot:4)
  2 iron dragons
  21 vault wardens
  A caustic shrike zombie (Crypt:1)
  7 ghost moths
  11 draconian shifters
  26 cacodemons (Pan)
  2 ghouls (Crypt:3)
  3 draconian stormcallers
  3 juggernaut zombies
  4 orc warlords
  2 demonspawn corrupters (Pan)
  28 very ugly things
  2 balrugs
  24 stone giants
  A curse skull (Crypt:1)
  3 reapers
  2 angels (Pan)
  7 draconian annihilators
  20 ironbound preservers
  A juggernaut skeleton (Crypt:2)
  9 ironbound thunderhulks
  An ophan (Pan)
  5 quicksilver oozes
  A broodmother (Spider:3)
  5 war gargoyles
  An apis (Pan)
  18 black draconians
  8 vampire knights
  15 green draconians
  5 lorocyprocas (Pan)
  A demonspawn black sun (Pan)
  30 bennus
  14 dire elephants
  16 purple draconians
  Nessos (D:15)
  A minotaur (Gauntlet)
  15 red draconians
  3 spark wasps
  17 white draconians
  4 deep elf annihilators
  2 deep elf death magi
  Snorg (D:13)
  14 yellow draconians
  3 eidola
  19 ettins
  2 blizzard demons (Pan)
  A green death (Abyss:2)
  8 jiangshi
  7 merfolk javelineers
  A crystal guardian (Vaults:4)
  2 deep elf high priests
  2 quicksilver dragon zombies
  7 entropy weavers
  7 fire dragons
  17 yaktaur captains
  13 great orbs of eyes
  20 mummy priests
  9 merfolk impalers
  10 ice dragons
  2 rakshasas
  A fenstrider witch zombie (Crypt:3)
  7 hydras
  2 jorogumos
  2 hell beasts (Depths:2)
  A ghost crab (Spider:3)
  A juggernaut simulacrum (Tomb:3)
  3 catoblepae
  4 peacekeepers
  A merfolk avatar (Shoals:4)
  12 ironbound frosthearts
  A radroach (shapeshifter) (Vaults:5)
  3 spriggan air magi
  An anaconda (shapeshifter) (Vaults:5)
  2 satyrs
  45 vault guards
  4 ogre magi
  15 centaur warriors
  Erolcha (D:13)
  13 merfolk aquamancers
  3 boulder beetles
  16 two-headed ogres
  4 radroaches
  5 vampire magi
  2 death knights
  31 death scarabs
  7 deep troll shamans
  2 hell hogs (Depths:1)
  2 tengu warriors
  A titan zombie (Abyss:2)
  Urug (D:13)
  7 spriggan berserkers
  14 deep troll earth magi
  5 thrashing horrors
  An orc high priest (Orc:2)
  10 soul eaters
  14 hell knights
  13 deep elf knights
  6 shadow wraiths
  3 skysharks
  A titan skeleton (Crypt:3)
  4 pharaoh ants
  10 iron trolls
  15 skeletal warriors
  10 sun demons
  A death drake (shapeshifter) (Vaults:5)
  64 deep trolls
  2 sun moths (Spider:3)
  19 sea snakes
  A death drake (Gauntlet)
  A spark wasp zombie (D:15)
  A golden dragon zombie (D:13)
  26 sixfirhies
  A quicksilver dragon simulacrum (Depths:2)
  3 shadow demons (Pan)
  4 flayed ghosts
  A fenstrider witch simulacrum (Abyss:2)
  12 deep elf archers
  A shadow dragon zombie (D:13)
  A spriggan simulacrum (Crypt:2)
  28 ironbound convokers
  A golden dragon skeleton (Crypt:1)
  A steelbarb worm (shapeshifter) (Vaults:5)
  11 glowing orange brains
  5 orb spiders
  An anaconda skeleton (Tomb:1)
  15 phantasmal warriors
  10 wizards
  A sphinx zombie (Vaults:3)
  10 necromancers
  4 steelbarb worms
  5 harpies
  7 orc knights
  9 lindwurms
  7 deep elf zephyrmancers
  A tengu skeleton (Vaults:3)
  5 oklob plants
  A salamander (Depths:1)
  8 orc sorcerers
  4 shining eyes
  16 wolf spiders
  A goliath frog zombie (Crypt:1)
  3 stone giant zombies
  13 fauns
  8 deep elf pyromancers
  38 ugly things
  A goliath frog skeleton (Crypt:3)
  4 worldbinders
  A cyclops (shapeshifter) (Vaults:5)
  A salamander (shapeshifter) (D:14)
  10 manticores
  A spectral centaur (Gauntlet)
  8 black mambas
  4 merfolk sirens
  33 moths of wrath
  7 cyclopes
  A fire giant skeleton (D:13)
  A titan simulacrum (Crypt:3)
  3 centaur zombies (Gauntlet)
  An iron dragon skeleton (Crypt:3)
  6 eyes of devastation (Pan)
  14 elephants
  7 smoke demons
  18 orange demons (Pan)
  An eleionoma skeleton (Crypt:3)
  5 torpor snails
  7 water nymphs
  A cane toad (shapeshifter) (Vaults:4)
  13 demonic crawlers
  22 vault sentinels
  A cane toad (Lair:5)
  A dire elephant skeleton (Crypt:1)
  An unseen horror (D:11)
  3 kobold demonologists
  A rime drake (Lair:4)
  4 tormentors
  43 yaktaurs
  A yaktaur (shapeshifter) (D:14)
  6 freezing wraiths
  2 efreet
  A redback zombie (Crypt:3)
  A rime drake (shapeshifter) (D:14)
  An alligator snapping turtle skeleton (Crypt:1)
  A pale draconian skeleton (Crypt:1)
  An orb spider zombie (Crypt:2)
  11 komodo dragons
  A minotaur skeleton (Crypt:3)
  2 tengu conjurers (D:13)
  44 guardian mummies
  A harpy zombie (Tomb:3)
  12 trolls
  A red devil (Depths:2)
  25 merfolk
  2 hydra zombies
  2 hornets
  12 wind drakes
  3 ancient zymes
  4 tyrant leeches (Spider:3)
  2 hellwings
  A shadow dragon simulacrum (Tomb:2)
  4 polar bears
  3 harpy skeletons
  24 tarantellas
  A blink frog (shapeshifter) (Vaults:4)
  7 snapping turtles
  A tarantella (shapeshifter) (Lair:5)
  20 blink frogs
  An ice dragon zombie (Crypt:2)
  14 dream sheep
  6 spriggan zombies
  A fire giant simulacrum (Vaults:3)
  A satyr zombie (Crypt:1)
  A centaur simulacrum (D:14)
  A fire dragon skeleton (Crypt:2)
  11 small abominations
  A spriggan (shapeshifter) (Lair:5)
  26 water elementals
  20 jumping spiders
  21 culicivoras
  66 slime creatures
  4 air elementals (Shoals:4)
  3 spriggans
  A shadow (Abyss:2)
  A spriggan skeleton (D:13)
  13 flying skulls
  An ettin skeleton (Crypt:2)
  2 wraiths
  5 ushabtiu
  3 ynoxinuls
  A slime creature zombie (Crypt:2)
  2 wyverns
  Grum (D:10)
  7 hogs (Shoals:1)
  A black mamba skeleton (Crypt:2)
  11 basilisks
  A yak (shapeshifter) (Lair:5)
  43 yaks
  11 golden eyes
  14 vampire mosquitoes
  10 chaos spawn
  19 neqoxecs
  2 wargs
  3 steam dragons
  65 redbacks
  3 swamp worms (Gauntlet)
  A deep troll zombie (Crypt:2)
  32 large abominations
  A swamp worm (shapeshifter) (Vaults:5)
  3 human zombies
  A glowing shapeshifter zombie (D:15)
  7 water moccasins
  4 naga zombies
  2 floating eyes
  A two-headed ogre skeleton (Tomb:1)
  A human skeleton (D:13)
  A glowing shapeshifter skeleton (D:13)
  3 ice beasts
  29 orc warriors
  A sky beast (D:7)
  A black bear (Lair:2)
  An ettin simulacrum (Crypt:3)
  12 ogres
  12 wolves
  2 boggarts (Gauntlet)
  3 phantoms
  15 centaurs
  5 kobold brigands
  A vine stalker zombie (Crypt:2)
  13 bullfrogs
  5 gnoll sergeants
  A scorpion (D:7)
  5 wights (D:9)
  6 killer bees (D:7)
  A yak zombie (Crypt:1)
  A warg skeleton (Crypt:3)
  An electric eel (D:14)
  12 orc priests
  A bullfrog skeleton (Crypt:1)
  2 gnoll boudas
  2 hounds
  4 jellies
  An iron imp (Abyss:2)
  An iguana (D:6)
  A sleepcap (D:6)
  21 orc wizards
  A boggart skeleton (Crypt:2)
  58 mummies
  Robin (D:3)
  33 gnolls
  5 adders
  2 white imps
  2 ufetubi
  2 worms
  54 orcs
  3 bats
  5 endoplasms
  3 giant cockroaches
  2 hobgoblins
  9 jackals
  5 quokkas
  5 ball pythons
  5 frilled lizards
  17 goblins
  A goblin skeleton (Crypt:1)
  28 kobolds
  7 rats
  3 spectral weapons (Spider:1)
  6 tentacles
2709 creatures vanquished.

Vanquished Creatures (collateral kills)
  6 royal mummies
  A Brimstone Fiend (Pan)
  A Hell Sentinel (Pan)
  A titan (Crypt:3)
  A sphinx (Tomb:1)
  2 fire giants
  6 bennus
  A black draconian (Tomb:3)
  4 mummy priests (Tomb:1)
  A blizzard demon (Pan)
  A death scarab (Tomb:2)
  A deep elf knight (Crypt:3)
  A soul eater (Pan)
  4 skeletal warriors
  A demonic crawler (Pan)
  10 guardian mummies
  3 flying skulls (Tomb:2)
  An ushabti (Tomb:1)
  2 chaos spawn (Pan)
  16 mummies
64 creatures vanquished.

Vanquished Creatures (others)
  A demonspawn blood saint (Pan)
  A vault guard (Vaults:5)
  An ogre mage (Vaults:5)
  A radroach (Spider:3)
  A necromancer (Crypt:2)
  A moth of wrath (Zot:2)
  An orc (Orc:1)
  5 tentacles
12 creatures vanquished.

Grand Total: 2785 creatures vanquished

Notes
Turn   | Place    | Note
-------+----------+-------------------------------------------
     0 | D:1      | qw the Gargoyle Fighter began the quest for the Orb.
     0 | D:1      | Reached XP level 1. HP: 14/14 MP: 1/1
     0 | D:1      | 0 ||| qw: Version: 0.2-a-102-gfc559e5
     0 | D:1      | 0 ||| qw: Game counter: 531
     0 | D:1      | 0 ||| qw: Always use a shield: true
     0 | D:1      | 0 ||| qw: God list: Okawaru
     0 | D:1      | 0 ||| qw: Allow faded altars: false
     0 | D:1      | 0 ||| qw: Do Orc after D:15 true
     0 | D:1      | 0 ||| qw: Do second Lair branch before Depths: true
     0 | D:1      | 0 ||| qw: Lair rune preference: random
     0 | D:1      | 0 ||| qw: Plans: Normal, Zot:1-4, Slime:5, God:TSO, Crypt,
                  | Tomb, Pan, Hells, Abyss, Win
     0 | D:1      | 0 ||| PLANNING D:1-11
   161 | D:1      | Reached XP level 2. HP: 19/19 MP: 2/2
   536 | D:1      | 536 ||| Stepping ~*~*~tactically~*~*~ (stealth).
   582 | D:1      | 582 ||| Stepping ~*~*~tactically~*~*~ (hiding).
   602 | D:1      | Reached skill level 3 in Axes
   667 | D:1      | 667 ||| UPGRADING to +0 chain mail.
   677 | D:1      | 677 ||| DROPPING +0 scale mail.
   678 | D:1      | 678 ||| READING 2 scrolls labelled LIESYGG NUFOI.
   679 | D:1      | 679 ||| READING scroll labelled GOLUGRUPNI.
   682 | D:1      | 682 ||| READING scroll labelled ZAEPHA IPEONG.
   683 | D:1      | 683 ||| READING scroll labelled HYVUDY NEVESUCUH.
   693 | D:1      | 693 ||| READING scroll labelled PEARATUUCAV.
   694 | D:1      | 694 ||| READING scroll labelled JAVAWO INIPYA.
   695 | D:1      | 695 ||| READING scroll labelled BAANTUNET.
   696 | D:1      | 696 ||| DROPPING scroll of amnesia.
   728 | D:2      | Reached XP level 3. HP: 23/23 MP: 3/3
   959 | D:2      | 959 ||| Stepping ~*~*~tactically~*~*~ (stealth).
  1021 | D:2      | 1021 ||| Stepping ~*~*~tactically~*~*~ (hiding).
  1028 | D:2      | Reached XP level 4. HP: 22/28 MP: 4/4
  1430 | D:2      | 1430 ||| Stepping ~*~*~tactically~*~*~ (stealth).
  1800 | D:2      | 1800 ||| UPGRADING to +0 cloak.
  1805 | D:2      | 1805 ||| READING scroll labelled SUJEOSIUSI.
  1805 | D:2      | Identified a scroll of acquirement
  1805 | D:2      | 1805 ||| ACQUIRING ring "Xakapnit" {rC- rCorr Str+5 Int+6}
  1805 | D:2      | Acquired the ring "Xakapnit" {rC- rCorr Str+5 Int+6}
  1807 | D:2      | 1807 ||| UPGRADING to ring "Xakapnit" {rC- rCorr Str+5
                  | Int+6}.
  1808 | D:2      | 1808 ||| READING scroll labelled KYNIDAI UTHROO.
  1809 | D:2      | 1809 ||| READING scroll labelled NIDAV NUTWOM.
  1865 | D:3      | 1865 ||| Stepping ~*~*~tactically~*~*~ (hiding).
  1867 | D:3      | 1867 ||| Stepping ~*~*~tactically~*~*~ (hiding).
  1869 | D:3      | 1869 ||| Stepping ~*~*~tactically~*~*~ (hiding).
  1952 | D:3      | 1952 ||| Stepping ~*~*~tactically~*~*~ (stealth).
  1994 | D:3      | Noticed Robin
  1995 | D:3      | 1995 ||| Stepping ~*~*~tactically~*~*~ (hiding).
  2012 | D:3      | Killed Robin
  2032 | D:3      | 2032 ||| Stepping ~*~*~tactically~*~*~ (stealth).
  2039 | D:3      | 2039 ||| Stepping ~*~*~tactically~*~*~ (hiding).
  2111 | D:3      | 2111 ||| Stepping ~*~*~tactically~*~*~ (stealth).
  2178 | D:3      | Reached XP level 5. HP: 27/32 MP: 5/5
  2220 | D:3      | 2220 ||| DROPPING +0 whip.
  2254 | D:3      | 2254 ||| Stepping ~*~*~tactically~*~*~ (stealth).
  2451 | D:3      | Found a broken altar of Ashenzari.
  2456 | D:3      | Found a shimmering blue altar of Sif Muna.
  2590 | D:3      | 2590 ||| UPGRADING to +0 pair of gloves.
  2595 | D:3      | 2595 ||| UPGRADING to +0 helmet.
  2600 | D:3      | 2600 ||| UPGRADING to amulet of regeneration.
  2605 | D:3      | 2605 ||| READING 2 scrolls labelled YDAR JAYQIAJO.
  2606 | D:3      | 2606 ||| READING scroll labelled QOINTI SUL.
  2607 | D:3      | 2607 ||| DRINKING 3 sedimented yellow potions.
  2693 | D:4      | Found a staircase to the Ecumenical Temple.
  2694 | D:4      | 2694 ||| PLANNING TEMPLE
  2702 | Temple   | Entered the Ecumenical Temple
  2747 | Temple   | 2747 ||| PLANNING OKAWARU WORSHIP
  2878 | Temple   | Became a worshipper of Warmaster Okawaru
  2878 | Temple   | 2878 ||| PLANNING D:1-11
  3066 | D:4      | 3066 ||| Stepping ~*~*~tactically~*~*~ (stealth).
  3472 | D:4      | 3472 ||| UPGRADING to +6 ring of strength.
  3473 | D:4      | 3473 ||| DRINKING 2 black potions.
  3474 | D:4      | 3474 ||| DRINKING 2 dark potions.
  3475 | D:4      | 3475 ||| READING 3 scrolls of identify.
  3475 | D:4      | 3475 ||| IDENTIFYING green potion
  3476 | D:4      | 3476 ||| READING 2 scrolls of identify.
  3476 | D:4      | 3476 ||| IDENTIFYING lumpy grey potion
  3477 | D:4      | 3477 ||| DROPPING potion of invisibility.
  3479 | D:5      | Entered Level 5 of the Dungeon
  3479 | D:5      | Noticed an ogre
  3483 | D:5      | 3483 ||| STAIRDANCE
  3489 | D:4      | Killed an ogre
  3490 | D:4      | Reached XP level 6. HP: 14/40 MP: 6/6
  3566 | D:5      | Reached * piety under Okawaru
  3567 | D:5      | Reached skill level 1 in Dodging
  3595 | D:5      | 3595 ||| Stepping ~*~*~tactically~*~*~ (stealth).
  3597 | D:5      | 3597 ||| Stepping ~*~*~tactically~*~*~ (hiding).
  3600 | D:5      | 3600 ||| INVOKING Heroism.
  3624 | D:5      | 3624 ||| INVOKING Heroism.
  3633 | D:5      | Reached skill level 1 in Invocations
  3634 | D:5      | 3634 ||| INVOKING Heroism.
  3641 | D:5      | Reached XP level 7. HP: 44/44 MP: 3/8
  3743 | D:5      | Found a shadowy altar of Dithmenos.
  3919 | D:5      | 3919 ||| READING scroll labelled XAQURO TIHEI.
  3941 | D:6      | 3941 ||| Stepping ~*~*~tactically~*~*~ (stealth).
  4050 | D:6      | Reached skill level 3 in Invocations
  4135 | D:6      | 4135 ||| INVOKING Heroism.
  4138 | D:6      | Reached skill level 6 in Axes
  4138 | D:6      | HP: 9/44 [gnoll/+0 flail[a gnoll sergeant] (10)]
  4139 | D:6      | 4139 ||| READING 2 scrolls of teleportation.
  4140 | D:6      | 4140 ||| DRINKING potion of heal wounds.
  4273 | D:6      | Reached XP level 8. HP: 48/48 MP: 9/11
  4369 | D:6      | 4369 ||| INVOKING Heroism.
  4384 | D:6      | 4384 ||| INVOKING Heroism.
  4390 | D:6      | 4390 ||| READING 2 scrolls of identify.
  4390 | D:6      | 4390 ||| IDENTIFYING fuming black potion
  4400 | D:6      | 4400 ||| INVOKING Heroism.
  4402 | D:6      | 4402 ||| DROPPING potion of brilliance.
  4418 | D:6      | 4418 ||| INVOKING Heroism.
  4477 | D:6      | 4477 ||| Stepping ~*~*~tactically~*~*~ (hiding).
  4478 | D:6      | 4478 ||| Stepping ~*~*~tactically~*~*~ (hiding).
  4610 | D:6      | 4610 ||| Stepping ~*~*~tactically~*~*~ (hiding).
  4612 | D:6      | 4612 ||| Stepping ~*~*~tactically~*~*~ (hiding).
  4697 | D:6      | 4697 ||| Stepping ~*~*~tactically~*~*~ (stealth).
  4738 | D:6      | 4738 ||| Stepping ~*~*~tactically~*~*~ (stealth).
  4739 | D:6      | 4739 ||| Stepping ~*~*~tactically~*~*~ (stealth).
  4740 | D:6      | 4740 ||| Stepping ~*~*~tactically~*~*~ (stealth).
  4772 | D:6      | Reached ** piety under Okawaru
  4815 | D:6      | 4815 ||| DRINKING 2 bubbling golden potions.
  4973 | D:7      | 4973 ||| Stepping ~*~*~tactically~*~*~ (stealth).
  4974 | D:7      | 4974 ||| INVOKING Heroism.
  4989 | D:7      | Reached skill level 6 in Fighting
  4989 | D:7      | Reached XP level 9. HP: 39/55 MP: 10/12
  5092 | D:7      | 5092 ||| INVOKING Heroism.
  5092 | D:7      | HP: 12/55 [ice beast (18)]
  5093 | D:7      | 5093 ||| READING scroll of teleportation.
  5197 | D:7      | 5197 ||| FLEEEEING.
  5198 | D:7      | 5198 ||| FLEEEEING.
  5313 | D:7      | 5313 ||| INVOKING Heroism.
  5316 | D:7      | Reached skill level 9 in Axes
  5317 | D:7      | 5317 ||| Stepping ~*~*~tactically~*~*~ (stealth).
  5501 | D:7      | Found a white marble altar of Elyvilon.
  5510 | D:7      | Found a stormy altar of Qazlal.
  5690 | D:7      | 5690 ||| UPGRADING to +0 plate armour.
  5700 | D:7      | 5700 ||| DROPPING +0 chain mail.
  5701 | D:7      | 5701 ||| DRINKING 2 red potions.
  5805 | D:7      | 5805 ||| DROPPING potion of berserk rage.
  5954 | D:8      | Found Lur Ygept's Book Emporium.
  6001 | D:8      | Noticed a hornet
  6006 | D:8      | 6006 ||| INVOKING Heroism.
  6010 | D:8      | Killed a hornet
  6052 | D:8      | Reached skill level 6 in Armour
  6175 | D:8      | 6175 ||| INVOKING Heroism.
  6456 | D:8      | 6456 ||| Stepping ~*~*~tactically~*~*~ (hiding).
  6460 | D:8      | 6460 ||| INVOKING Heroism.
  6470 | D:8      | Reached XP level 10. HP: 63/63 MP: 11/13
  6577 | D:8      | 6577 ||| READING scroll labelled SUKUIBL EWNE.
  6678 | D:8      | 6678 ||| DRINKING 2 bubbling ruby potions.
  6679 | D:8      | 6679 ||| DROPPING potion of degeneration.
  6750 | D:9      | 6750 ||| Stepping ~*~*~tactically~*~*~ (hiding).
  6797 | D:9      | 6797 ||| DROPPING +0 flail.
  6819 | D:9      | 6819 ||| INVOKING Heroism.
  6937 | D:9      | 6937 ||| INVOKING Heroism.
  6944 | D:9      | Reached *** piety under Okawaru
  7003 | D:9      | 7003 ||| SWAPPING to +0 broad axe.
  7004 | D:9      | 7004 ||| DROPPING +1 war axe.
  7044 | D:9      | 7044 ||| Stepping ~*~*~tactically~*~*~ (hiding).
  7122 | D:9      | 7122 ||| Stepping ~*~*~tactically~*~*~ (hiding).
  7125 | D:9      | 7125 ||| INVOKING Heroism.
  7147 | D:9      | Identified the +8 halberd "Deptich" {antimagic, Dex+2 SInv
                  | Stlth+}
  7284 | D:9      | 7284 ||| Stepping ~*~*~tactically~*~*~ (hiding).
  7286 | D:9      | 7286 ||| Stepping ~*~*~tactically~*~*~ (hiding).
  7401 | D:9      | Noticed a two-headed ogre
  7402 | D:9      | 7402 ||| INVOKING Heroism.
  7411 | D:9      | Killed a two-headed ogre
  7411 | D:9      | Reached **** piety under Okawaru
  7664 | D:9      | 7664 ||| DROPPING amulet of the acrobat.
  7770 | D:10     | Entered Level 10 of the Dungeon
  7816 | D:10     | Found a staircase to the Orcish Mines.
  7822 | D:10     | 7822 ||| INVOKING Heroism.
  7931 | D:10     | 7931 ||| Stepping ~*~*~tactically~*~*~ (hiding).
  7935 | D:10     | 7935 ||| INVOKING Heroism.
  7939 | D:10     | 7939 ||| Stepping ~*~*~tactically~*~*~ (cloud).
  8205 | D:10     | 8205 ||| INVOKING Heroism.
  8264 | D:10     | Found a staircase to the Lair.
  8276 | D:10     | Noticed Grum
  8277 | D:10     | 8277 ||| Stepping ~*~*~tactically~*~*~ (hiding).
  8280 | D:10     | 8280 ||| INVOKING Heroism.
  8292 | D:10     | Killed Grum
  8293 | D:10     | Reached XP level 11. HP: 68/68 MP: 12/14
  8324 | D:10     | 8324 ||| INVOKING Heroism.
  8344 | D:10     | Reached skill level 9 in Fighting
  8401 | D:10     | 8401 ||| READING scroll of acquirement.
  8401 | D:10     | 8401 ||| ACQUIRING +2 helmet of the Depths {rCorr Int+2}
  8401 | D:10     | Acquired the +2 helmet of the Depths {rCorr Int+2}
  8905 | D:10     | 8905 ||| PLANNING LAIR
  8905 | D:10     | 8905 ||| UPGRADING to +2 helmet of the Depths {rCorr
                  | Int+2}.
  8915 | D:10     | 8915 ||| REMOVING ring "Xakapnit" {rC- rCorr Str+5 Int+6}.
  8916 | D:10     | 8916 ||| DROPPING +0 helmet.
  8917 | D:10     | 8917 ||| UPGRADING to ring of willpower.
  8918 | D:10     | 8918 ||| READING scroll labelled QUZEFO UTIHI.
  8973 | Lair:1   | Entered Level 1 of the Lair of Beasts
  8982 | Lair:1   | 8982 ||| INVOKING Heroism.
  9011 | Lair:1   | 9011 ||| INVOKING Heroism.
  9106 | Lair:1   | 9106 ||| INVOKING Heroism.
  9138 | Lair:1   | Noticed a skyshark
  9139 | Lair:1   | 9139 ||| Stepping ~*~*~tactically~*~*~ (stealth).
  9147 | Lair:1   | 9147 ||| INVOKING Heroism.
  9150 | Lair:1   | Killed a skyshark
  9183 | Lair:1   | Noticed an oklob plant
  9184 | Lair:1   | 9184 ||| INVOKING Heroism.
  9191 | Lair:1   | Killed an oklob plant
  9192 | Lair:1   | Reached skill level 12 in Axes
  9588 | Lair:1   | 9588 ||| INVOKING Heroism.
  9615 | Lair:1   | Reached skill level 6 in Invocations
  9615 | Lair:1   | Found a hide-covered altar of Uskayaw.
  9920 | Lair:1   | 9920 ||| UPGRADING to +6 ring of dexterity.
  9922 | Lair:1   | 9922 ||| UPGRADING to ring of see invisible.
  9924 | Lair:1   | 9924 ||| DROPPING ring of willpower.
  9925 | Lair:1   | 9925 ||| READING scroll labelled FATSUQ UMOUN.
  9945 | Lair:2   | 9945 ||| INVOKING Heroism.
  9982 | Lair:2   | Reached ***** piety under Okawaru
 10101 | Lair:2   | Reached XP level 12. HP: 67/76 MP: 17/17
 10102 | Lair:2   | Reached skill level 9 in Armour
 10104 | Lair:2   | Reached skill level 6 in Shields
 10153 | Lair:2   | 10153 ||| INVOKING Heroism.
 10183 | Lair:2   | 10183 ||| INVOKING Finesse.
 10216 | Lair:2   | 10216 ||| INVOKING Heroism.
 10217 | Lair:2   | 10217 ||| INVOKING Finesse.
 10384 | Lair:2   | 10384 ||| Stepping ~*~*~tactically~*~*~ (hiding).
 10698 | Lair:2   | 10698 ||| READING 7 scrolls of identify.
 10698 | Lair:2   | 10698 ||| IDENTIFYING coppery potion
 10699 | Lair:2   | 10699 ||| DROPPING potion of ambrosia.
 10738 | Lair:3   | 10738 ||| INVOKING Heroism.
 10759 | Lair:3   | Reached skill level 9 in Invocations
 10759 | Lair:3   | 10759 ||| INVOKING Heroism.
 10797 | Lair:3   | 10797 ||| INVOKING Heroism.
 10893 | Lair:3   | Found a hole to the Spider Nest.
 10899 | Lair:3   | Noticed a six-headed hydra
 10900 | Lair:3   | 10900 ||| INVOKING Heroism.
 10901 | Lair:3   | 10901 ||| INVOKING Finesse.
 10903 | Lair:3   | 10903 ||| SWAPPING to +1 flail.
 10911 | Lair:3   | Killed a six-headed hydra
 10911 | Lair:3   | Received a gift from Okawaru
 10912 | Lair:3   | 10912 ||| SWAPPING to +0 broad axe of electrocution.
 10991 | Lair:3   | 10991 ||| INVOKING Heroism.
 11034 | Lair:3   | Noticed a skyshark
 11045 | Lair:3   | Killed a skyshark
 11069 | Lair:3   | 11069 ||| Stepping ~*~*~tactically~*~*~ (stealth).
 11083 | Lair:3   | 11083 ||| Stepping ~*~*~tactically~*~*~ (stealth).
 11086 | Lair:3   | 11086 ||| Stepping ~*~*~tactically~*~*~ (stealth).
 11098 | Lair:3   | Reached XP level 13. HP: 82/82 MP: 20/20
 11117 | Lair:3   | 11117 ||| INVOKING Heroism.
 11118 | Lair:3   | 11118 ||| Stepping ~*~*~tactically~*~*~ (stealth).
 11152 | Lair:3   | 11152 ||| INVOKING Heroism.
 11224 | Lair:3   | 11224 ||| Stepping ~*~*~tactically~*~*~ (stealth).
 11250 | Lair:3   | 11250 ||| INVOKING Heroism.
 11282 | Lair:3   | Found a staircase to the Shoals.
 11307 | Lair:3   | 11307 ||| Stepping ~*~*~tactically~*~*~ (stealth).
 11348 | Lair:3   | 11348 ||| INVOKING Heroism.
 11482 | Lair:3   | 11482 ||| INVOKING Heroism.
 11577 | Lair:3   | 11577 ||| INVOKING Heroism.
 11818 | Lair:3   | 11818 ||| INVOKING Heroism.
 12034 | Lair:4   | 12034 ||| PLANNING GAUNTLET
 12107 | Lair:4   | 12107 ||| INVOKING Heroism.
 12111 | Lair:4   | 12111 ||| Stepping ~*~*~tactically~*~*~ (stealth).
 12147 | Lair:4   | Found a gate leading to a gauntlet.
 12159 | Gauntlet | Entered a Gauntlet
 12159 | Gauntlet | Found a transporter.
 12169 | Gauntlet | Found a transporter.
 12183 | Gauntlet | Found a transporter.
 12188 | Gauntlet | Found a transporter.
 12201 | Gauntlet | Noticed a green death
 12208 | Gauntlet | Found a transporter.
 12223 | Gauntlet | Found a transporter.
 12228 | Gauntlet | Noticed a blizzard demon
 12235 | Gauntlet | Found a transporter.
 12241 | Gauntlet | Found a transporter.
 12243 | Gauntlet | Found a transporter.
 12260 | Gauntlet | Found a transporter.
 12266 | Gauntlet | Found a transporter.
 12285 | Gauntlet | Found a transporter.
 12295 | Gauntlet | Noticed a reaper
 12297 | Gauntlet | Found a transporter.
 12314 | Gauntlet | Found a transporter.
 12331 | Gauntlet | Found a transporter.
 12337 | Gauntlet | Found a transporter.
 12362 | Gauntlet | Found a transporter.
 12364 | Gauntlet | Found a transporter.
 12556 | Gauntlet | 12556 ||| INVOKING Heroism.
 12582 | Gauntlet | Identified the ring "Hegyileh" {EV+5 Dex+2 Slay+4}
 12584 | Gauntlet | 12584 ||| UPGRADING to ring "Hegyileh" {EV+5 Dex+2 Slay+4}.
 12586 | Gauntlet | 12586 ||| DROPPING +6 ring of dexterity.
 12587 | Gauntlet | 12587 ||| UPGRADING to ring of see invisible.
 12631 | Gauntlet | 12631 ||| Stepping randomly (stuck).
 12632 | Gauntlet | 12632 ||| Stepping randomly (stuck).
 12633 | Gauntlet | 12633 ||| Stepping randomly (stuck).
 12634 | Gauntlet | 12634 ||| Stepping randomly (stuck).
 12639 | Gauntlet | 12639 ||| Stepping randomly (stuck).
 12640 | Gauntlet | 12640 ||| Stepping randomly (stuck).
 12641 | Gauntlet | 12641 ||| Stepping randomly (stuck).
 12642 | Gauntlet | 12642 ||| Stepping randomly (stuck).
 12644 | Gauntlet | 12644 ||| Stepping randomly (stuck).
 12645 | Gauntlet | 12645 ||| Stepping randomly (stuck).
 12646 | Gauntlet | 12646 ||| Stepping randomly (stuck).
 12647 | Gauntlet | 12647 ||| Stepping randomly (stuck).
 12685 | Gauntlet | Reached skill level 3 in Dodging
 12696 | Gauntlet | Identified the +2 hat of Ellu {rPois rN+++ Str-2 Dex+3}
 12698 | Gauntlet | Identified the staff of death "Domal" {rPois rF+++ rN+
                  | Int+5 Stlth-}
 12699 | Gauntlet | 12699 ||| DROPPING +2 hat of Ellu {rPois rN+++ Str-2
                  | Dex+3}.
 12714 | Gauntlet | Identified the ring of Xewiclaph {rCorr AC+4 Int-3 Dex-4
                  | Stlth+}
 12714 | Gauntlet | Noticed a minotaur
 12715 | Gauntlet | 12715 ||| Stepping ~*~*~tactically~*~*~ (hiding).
 12716 | Gauntlet | 12716 ||| INVOKING Heroism.
 12724 | Gauntlet | Killed a minotaur
 12762 | Gauntlet | 12762 ||| UPGRADING to +0 pair of boots.
 12778 | Lair:4   | 12778 ||| PLANNING LAIR
 12802 | Lair:4   | 12802 ||| INVOKING Heroism.
 12892 | Lair:4   | 12892 ||| INVOKING Heroism.
 13041 | Lair:4   | 13041 ||| INVOKING Heroism.
 13052 | Lair:4   | 13052 ||| SWAPPING to +1 flail.
 13053 | Lair:4   | 13053 ||| Stepping ~*~*~tactically~*~*~ (water).
 13063 | Lair:4   | Reached skill level 1 in Throwing
 13063 | Lair:4   | 13063 ||| SWAPPING to +0 broad axe of electrocution.
 13449 | Lair:4   | 13449 ||| FLEEEEING.
 13450 | Lair:4   | 13450 ||| FLEEEEING.
 13451 | Lair:4   | 13451 ||| FLEEEEING.
 13452 | Lair:4   | 13452 ||| FLEEEEING.
 13455 | Lair:4   | 13455 ||| FLEEEEING.
 13457 | Lair:4   | 13457 ||| FLEEEEING.
 13458 | Lair:4   | 13458 ||| FLEEEEING.
 13459 | Lair:4   | 13459 ||| FLEEEEING.
 13460 | Lair:4   | 13460 ||| FLEEEEING.
 13461 | Lair:4   | 13461 ||| FLEEEEING.
 13462 | Lair:4   | 13462 ||| FLEEEEING.
 13464 | Lair:4   | 13464 ||| FLEEEEING.
 13465 | Lair:4   | 13465 ||| FLEEEEING.
 13466 | Lair:4   | 13466 ||| FLEEEEING.
 13467 | Lair:4   | 13467 ||| FLEEEEING.
 13468 | Lair:4   | 13468 ||| FLEEEEING.
 13469 | Lair:4   | 13469 ||| FLEEEEING.
 13470 | Lair:4   | 13470 ||| FLEEEEING.
 13471 | Lair:4   | 13471 ||| INVOKING Heroism.
 13476 | Lair:4   | Reached skill level 3 in Throwing
 13625 | Lair:4   | 13625 ||| UPGRADING to amulet of faith.
 13635 | Lair:4   | 13635 ||| READING 13 scrolls of identify.
 13635 | Lair:4   | 13635 ||| IDENTIFYING fuming cyan potion
 13662 | Lair:5   | Entered Level 5 of the Lair of Beasts
 13663 | Lair:5   | 13663 ||| INVOKING Heroism.
 13682 | Lair:5   | 13682 ||| READING 3 scrolls of enchant weapon.
 13682 | Lair:5   | 13682 ||| ENCHANTING +0 broad axe of electrocution.
 13683 | Lair:5   | 13683 ||| READING 2 scrolls of enchant weapon.
 13683 | Lair:5   | 13683 ||| ENCHANTING +1 broad axe of electrocution.
 13684 | Lair:5   | 13684 ||| READING scroll of enchant weapon.
 13684 | Lair:5   | 13684 ||| ENCHANTING +2 broad axe of electrocution.
 13689 | Lair:5   | 13689 ||| Stepping ~*~*~tactically~*~*~ (stealth).
 13692 | Lair:5   | 13692 ||| Stepping ~*~*~tactically~*~*~ (stealth).
 13712 | Lair:5   | 13712 ||| INVOKING Heroism.
 13718 | Lair:5   | 13718 ||| SWAPPING to +1 flail.
 13724 | Lair:5   | Received a gift from Okawaru
 13725 | Lair:5   | Gained mutation: Your large and strong wings let you fly.
                  | [Gargoyle growth]
 13725 | Lair:5   | Reached XP level 14. HP: 39/90 MP: 19/21
 13725 | Lair:5   | 13725 ||| SWAPPING to +3 broad axe of electrocution.
 13754 | Lair:5   | 13754 ||| FLEEEEING.
 13755 | Lair:5   | 13755 ||| FLEEEEING.
 13756 | Lair:5   | 13756 ||| FLEEEEING.
 13757 | Lair:5   | 13757 ||| STAIRDANCE
 13904 | Lair:5   | Found a viscous altar of Jiyva.
 13905 | Lair:5   | Found a staircase to the Slime Pits.
 13922 | Lair:5   | 13922 ||| Stepping ~*~*~tactically~*~*~ (stealth).
 13956 | Lair:5   | Found a transporter.
 13957 | Lair:5   | Found a bloodstained altar of Trog.
 13957 | Lair:5   | Noticed qw's ghost (journeyman GrFi)
 13963 | Lair:5   | Found a transporter.
 13973 | Lair:5   | 13973 ||| READING scroll of brand weapon.
 13973 | Lair:5   | 13973 ||| BRANDING +3 broad axe of electrocution.
 14121 | Lair:5   | 14121 ||| INVOKING Heroism.
 14126 | Lair:5   | 14126 ||| SWAPPING to +1 flail.
 14139 | Lair:5   | 14139 ||| SWAPPING to +3 broad axe of protection.
 14176 | Lair:5   | 14176 ||| READING scroll of enchant weapon.
 14176 | Lair:5   | 14176 ||| ENCHANTING +3 broad axe of protection.
 14271 | Lair:5   | Reached skill level 15 in Axes
 14300 | Lair:5   | 14300 ||| Stepping ~*~*~tactically~*~*~ (stealth).
 14301 | Lair:5   | 14301 ||| Stepping ~*~*~tactically~*~*~ (stealth).
 14310 | Lair:5   | 14310 ||| Stepping ~*~*~tactically~*~*~ (stealth).
 14311 | Lair:5   | 14311 ||| Stepping ~*~*~tactically~*~*~ (stealth).
 14312 | Lair:5   | 14312 ||| Stepping ~*~*~tactically~*~*~ (stealth).
 14313 | Lair:5   | 14313 ||| Stepping ~*~*~tactically~*~*~ (stealth).
 14338 | Lair:5   | 14338 ||| Stepping ~*~*~tactically~*~*~ (stealth).
 14341 | Lair:5   | 14341 ||| Stepping ~*~*~tactically~*~*~ (stealth).
 14360 | Lair:5   | 14360 ||| Stepping ~*~*~tactically~*~*~ (hiding).
 14519 | Lair:5   | 14519 ||| Stepping ~*~*~tactically~*~*~ (stealth).
 14525 | Lair:5   | 14525 ||| Stepping ~*~*~tactically~*~*~ (stealth).
 14527 | Lair:5   | 14527 ||| Stepping ~*~*~tactically~*~*~ (stealth).
 14537 | Lair:5   | Received a gift from Okawaru
 14548 | Lair:5   | 14548 ||| Stepping ~*~*~tactically~*~*~ (hiding).
 14559 | Lair:5   | 14559 ||| INVOKING Heroism.
 14691 | Lair:5   | 14691 ||| Stepping ~*~*~tactically~*~*~ (stealth).
 14693 | Lair:5   | 14693 ||| Stepping ~*~*~tactically~*~*~ (hiding).
 14748 | Lair:5   | Reached skill level 12 in Fighting
 14749 | Lair:5   | 14749 ||| Stepping ~*~*~tactically~*~*~ (stealth).
 14824 | Lair:5   | 14824 ||| Stepping ~*~*~tactically~*~*~ (stealth).
 14865 | Lair:5   | 14865 ||| Stepping ~*~*~tactically~*~*~ (stealth).
 14894 | Lair:5   | Found a corrupted altar of Lugonu.
 14894 | Lair:5   | Found a one-way gate to the infinite horrors of the Abyss.
 14997 | Lair:5   | 14997 ||| Stepping ~*~*~tactically~*~*~ (stealth).
 14998 | Lair:5   | 14998 ||| Stepping ~*~*~tactically~*~*~ (stealth).
 15017 | Lair:5   | 15017 ||| Stepping ~*~*~tactically~*~*~ (stealth).
 15018 | Lair:5   | 15018 ||| Stepping ~*~*~tactically~*~*~ (stealth).
 15303 | Lair:5   | 15303 ||| PLANNING D:1-11
 15303 | Lair:5   | 15303 ||| DROPPING +1 chain mail of poison resistance.
 15556 | D:11     | 15556 ||| Stepping ~*~*~tactically~*~*~ (hiding).
 15591 | D:11     | 15591 ||| Stepping ~*~*~tactically~*~*~ (stealth).
 15595 | D:11     | 15595 ||| DRINKING 4 potions of curing.
 15595 | D:11     | 15595 ||| (to cure confusion)
 15603 | D:11     | 15603 ||| Stepping ~*~*~tactically~*~*~ (hiding).
 16002 | D:11     | 16002 ||| INVOKING Heroism.
 16003 | D:11     | 16003 ||| INVOKING Finesse.
 16011 | D:11     | Reached skill level 12 in Armour
 16127 | D:11     | 16127 ||| READING scroll of brand weapon.
 16127 | D:11     | 16127 ||| BRANDING +4 broad axe of protection.
 16223 | D:11     | 16223 ||| PLANNING D
 16390 | D:12     | 16390 ||| Stepping ~*~*~tactically~*~*~ (stealth).
 16391 | D:12     | 16391 ||| Stepping ~*~*~tactically~*~*~ (stealth).
 16426 | D:12     | 16426 ||| Stepping ~*~*~tactically~*~*~ (hiding).
 16608 | D:12     | 16608 ||| Stepping ~*~*~tactically~*~*~ (hiding).
 16734 | D:12     | 16734 ||| Stepping ~*~*~tactically~*~*~ (hiding).
 16848 | D:12     | 16848 ||| Stepping ~*~*~tactically~*~*~ (hiding).
 16891 | D:12     | 16891 ||| INVOKING Heroism.
 17122 | D:12     | Received a gift from Okawaru
 17429 | D:12     | 17429 ||| UPGRADING to +0 kite shield.
 17439 | D:12     | 17439 ||| DROPPING +0 buckler.
 17440 | D:12     | 17440 ||| DROPPING +6 ring of intelligence.
 17441 | D:12     | 17441 ||| READING scroll labelled ZAPRICW YCIEM.
 17442 | D:12     | 17442 ||| READING 13 scrolls of identify.
 17442 | D:12     | 17442 ||| IDENTIFYING murky white potion
 17447 | D:13     | 17447 ||| INVOKING Heroism.
 17483 | D:13     | 17483 ||| Stepping ~*~*~tactically~*~*~ (hiding).
 17486 | D:13     | 17486 ||| Stepping ~*~*~tactically~*~*~ (stealth).
 17492 | D:13     | 17492 ||| INVOKING Finesse.
 17496 | D:13     | 17496 ||| SWAPPING to +1 flail.
 17502 | D:13     | Received a gift from Okawaru
 17503 | D:13     | 17503 ||| SWAPPING to +4 vampiric broad axe.
 17525 | D:13     | 17525 ||| Stepping ~*~*~tactically~*~*~ (stealth).
 17609 | D:13     | 17609 ||| INVOKING Heroism.
 17678 | D:13     | Noticed Urug
 17679 | D:13     | 17679 ||| INVOKING Heroism.
 17680 | D:13     | 17680 ||| INVOKING Finesse.
 17688 | D:13     | Killed Urug
 17689 | D:13     | Reached skill level 9 in Shields
 17725 | D:13     | 17725 ||| DROPPING +1 flail.
 17755 | D:13     | Noticed Snorg
 17756 | D:13     | 17756 ||| INVOKING Heroism.
 17773 | D:13     | Killed Snorg
 17803 | D:13     | Reached XP level 15. HP: 35/96 MP: 22/22
 17822 | D:13     | 17822 ||| INVOKING Heroism.
 17853 | D:13     | 17853 ||| INVOKING Heroism.
 17854 | D:13     | Received a gift from Okawaru
 17875 | D:13     | HP: 24/96 [hell knight zombie (3)]
 17876 | D:13     | 17876 ||| READING 2 scrolls of teleportation.
 17877 | D:13     | 17877 ||| DRINKING 4 potions of heal wounds.
 18048 | D:13     | 18048 ||| Stepping ~*~*~tactically~*~*~ (stealth).
 18049 | D:13     | 18049 ||| Stepping ~*~*~tactically~*~*~ (stealth).
 18083 | D:13     | 18083 ||| Stepping ~*~*~tactically~*~*~ (hiding).
 18102 | D:13     | 18102 ||| Stepping ~*~*~tactically~*~*~ (stealth).
 18152 | D:13     | 18152 ||| Stepping ~*~*~tactically~*~*~ (stealth).
 18159 | D:13     | Received a gift from Okawaru
 18189 | D:13     | 18189 ||| Stepping ~*~*~tactically~*~*~ (stealth).
 18190 | D:13     | 18190 ||| Stepping ~*~*~tactically~*~*~ (stealth).
 18273 | D:13     | Found a gate to the Vaults.
 18391 | D:13     | Reached skill level 12 in Shields
 18418 | D:13     | 18418 ||| INVOKING Heroism.
 18419 | D:13     | 18419 ||| INVOKING Finesse.
 18459 | D:13     | Found the +4 Cigotuvi's embrace {Corpsefed rMiasma Drain
                  | rN+}
 18501 | D:13     | Noticed Erolcha
 18504 | D:13     | Killed Erolcha
 18673 | D:14     | 18673 ||| Stepping ~*~*~tactically~*~*~ (hiding).
 18674 | D:14     | 18674 ||| Stepping ~*~*~tactically~*~*~ (hiding).
 18678 | D:14     | 18678 ||| Stepping ~*~*~tactically~*~*~ (hiding).
 18744 | D:14     | Identified the +0 ring mail "Gailei" {Contam rN+ rCorr
                  | Slay+3}
 18757 | D:14     | Found an ornate altar of the Wu Jian Council.
 18915 | D:14     | Identified the ring of Ereni {Wiz rN++}
 18915 | D:14     | Noticed Frances
 18916 | D:14     | 18916 ||| Stepping ~*~*~tactically~*~*~ (hiding).
 18917 | D:14     | 18917 ||| Stepping ~*~*~tactically~*~*~ (hiding).
 18918 | D:14     | 18918 ||| INVOKING Heroism.
 18919 | D:14     | 18919 ||| INVOKING Finesse.
 18938 | D:14     | Killed Frances
 18999 | D:14     | 18999 ||| Stepping ~*~*~tactically~*~*~ (hiding).
 19111 | D:14     | Found Nydeasm's Weapon Shop.
 19303 | D:14     | You are sucked into a shaft and drop 1 floor!
 19303 | D:15     | Entered Level 15 of the Dungeon
 19349 | D:15     | 19349 ||| Stepping ~*~*~tactically~*~*~ (hiding).
 19354 | D:15     | 19354 ||| Stepping ~*~*~tactically~*~*~ (hiding).
 19378 | D:15     | 19378 ||| INVOKING Heroism.
 19428 | D:15     | Noticed Nessos
 19429 | D:15     | 19429 ||| INVOKING Finesse.
 19440 | D:15     | 19440 ||| INVOKING Heroism.
 19459 | D:15     | HP: 22/96 [Nessos/arrow (3)]
 19460 | D:15     | 19460 ||| READING 2 scrolls of teleportation.
 19461 | D:15     | 19461 ||| DRINKING 3 potions of heal wounds.
 19614 | D:15     | 19614 ||| DROPPING amulet of guardian spirit.
 19615 | D:15     | 19615 ||| DROPPING ring of Ereni {Wiz rN++}.
 19616 | D:15     | 19616 ||| Stepping randomly (stuck).
 19617 | D:15     | 19617 ||| Stepping randomly (stuck).
 19618 | D:15     | 19618 ||| Stepping randomly (stuck).
 19619 | D:15     | 19619 ||| Stepping randomly (stuck).
 19620 | D:15     | 19620 ||| Stepping randomly (stuck).
 19621 | D:15     | 19621 ||| Stepping randomly (stuck).
 19622 | D:15     | 19622 ||| Stepping randomly (stuck).
 19623 | D:15     | 19623 ||| Stepping randomly (stuck).
 19624 | D:15     | 19624 ||| Stepping randomly (stuck).
 19625 | D:15     | 19625 ||| Stepping randomly (stuck).
 19626 | D:15     | 19626 ||| Stepping randomly (stuck).
 19627 | D:15     | 19627 ||| Stepping randomly (stuck).
 19628 | D:15     | 19628 ||| Stepping randomly (stuck).
 19629 | D:15     | 19629 ||| Stepping randomly (stuck).
 19630 | D:15     | 19630 ||| Stepping randomly (stuck).
 19631 | D:15     | 19631 ||| Stepping randomly (stuck).
 19632 | D:15     | 19632 ||| Stepping randomly (stuck).
 19633 | D:15     | 19633 ||| Stepping randomly (stuck).
 19634 | D:15     | 19634 ||| Stepping randomly (stuck).
 19635 | D:15     | 19635 ||| Stepping randomly (stuck).
 19636 | D:15     | 19636 ||| Stepping randomly (stuck).
 19637 | D:15     | 19637 ||| Stepping randomly (stuck).
 19638 | D:15     | 19638 ||| Stepping randomly (stuck).
 19639 | D:15     | 19639 ||| Stepping randomly (stuck).
 19640 | D:15     | 19640 ||| Stepping randomly (stuck).
 19641 | D:15     | 19641 ||| Stepping randomly (stuck).
 19642 | D:15     | 19642 ||| Stepping randomly (stuck).
 19643 | D:15     | 19643 ||| Stepping randomly (stuck).
 19644 | D:15     | 19644 ||| Stepping randomly (stuck).
 19645 | D:15     | 19645 ||| Stepping randomly (stuck).
 19646 | D:15     | 19646 ||| Stepping randomly (stuck).
 19647 | D:15     | 19647 ||| Stepping randomly (stuck).
 19648 | D:15     | 19648 ||| Stepping randomly (stuck).
 19649 | D:15     | 19649 ||| Stepping randomly (stuck).
 19650 | D:15     | 19650 ||| Stepping randomly (stuck).
 19651 | D:15     | 19651 ||| Stepping randomly (stuck).
 19652 | D:15     | 19652 ||| Stepping randomly (stuck).
 19653 | D:15     | 19653 ||| Stepping randomly (stuck).
 19654 | D:15     | 19654 ||| Stepping randomly (stuck).
 19655 | D:15     | 19655 ||| Stepping randomly (stuck).
 19656 | D:15     | 19656 ||| Stepping randomly (stuck).
 19657 | D:15     | 19657 ||| Stepping randomly (stuck).
 19658 | D:15     | 19658 ||| Stepping randomly (stuck).
 19659 | D:15     | 19659 ||| Stepping randomly (stuck).
 19660 | D:15     | 19660 ||| Stepping randomly (stuck).
 19661 | D:15     | 19661 ||| Stepping randomly (stuck).
 19662 | D:15     | 19662 ||| Stepping randomly (stuck).
 19663 | D:15     | 19663 ||| Stepping randomly (stuck).
 19664 | D:15     | 19664 ||| Stepping randomly (stuck).
 19665 | D:15     | 19665 ||| Stepping randomly (stuck).
 19666 | D:15     | 19666 ||| Stepping randomly (stuck).
 19667 | D:15     | 19667 ||| READING scroll of teleportation.
 19669 | D:15     | Found a staircase to the Depths.
 19670 | D:15     | 19670 ||| INVOKING Heroism.
 19686 | D:15     | Noticed Agnes
 19688 | D:15     | 19688 ||| INVOKING Finesse.
 19701 | D:15     | Killed Agnes
 19701 | D:15     | Identified the scarf "Wetz" {harm, -Cast rC+ SInv Stlth+}
                  | (Okawaru gifted it to you on level 15 of the Dungeon)
 19701 | D:15     | Received a gift from Okawaru
 19767 | D:15     | 19767 ||| Stepping ~*~*~tactically~*~*~ (stealth).
 19770 | D:15     | 19770 ||| INVOKING Finesse.
 19800 | D:15     | Killed Nessos
 19903 | D:15     | 19903 ||| INVOKING Heroism.
 19904 | D:15     | 19904 ||| Stepping ~*~*~tactically~*~*~ (stealth).
 19907 | D:15     | 19907 ||| SWAPPING to +3 eveningstar.
 19913 | D:15     | 19913 ||| SWAPPING to +4 vampiric broad axe.
 19930 | D:15     | 19930 ||| Stepping ~*~*~tactically~*~*~ (hiding).
 20025 | D:14     | 20025 ||| Stepping ~*~*~tactically~*~*~ (stealth).
 20056 | D:14     | 20056 ||| Stepping ~*~*~tactically~*~*~ (stealth).
 20057 | D:14     | Noticed a frost giant
 20058 | D:14     | 20058 ||| Stepping ~*~*~tactically~*~*~ (hiding).
 20062 | D:14     | 20062 ||| INVOKING Heroism.
 20071 | D:14     | HP: 23/96 [frost giant/bolt of cold (41)]
 20072 | D:14     | 20072 ||| READING scroll of teleportation.
 20073 | D:14     | 20073 ||| DRINKING 2 potions of heal wounds.
 20078 | D:14     | 20078 ||| Stepping ~*~*~tactically~*~*~ (hiding).
 20087 | D:14     | 20087 ||| Stepping ~*~*~tactically~*~*~ (cloud).
 20087 | D:14     | HP: 18/96 [frost giant/bolt of cold (18)]
 20088 | D:14     | 20088 ||| DRINKING potion of heal wounds.
 20091 | D:14     | Killed a frost giant
 20092 | D:14     | Reached XP level 16. HP: 26/101 MP: 23/23
 20318 | D:14     | Identified the staff of poison "Loumir" {rPois Str+4 Dex-2
                  | SInv}
 20636 | D:15     | Found an opulent altar of Gozag.
 20638 | D:15     | 20638 ||| Stepping ~*~*~tactically~*~*~ (stealth).
 20688 | D:15     | 20688 ||| Stepping ~*~*~tactically~*~*~ (stealth).
 20691 | D:15     | 20691 ||| Stepping ~*~*~tactically~*~*~ (hiding).
 20821 | D:15     | 20821 ||| Stepping ~*~*~tactically~*~*~ (stealth).
 20822 | D:15     | 20822 ||| Stepping ~*~*~tactically~*~*~ (stealth).
 20918 | D:15     | Found a snail-covered altar of Cheibriados.
 20991 | D:15     | 20991 ||| FLEEEEING.
 20992 | D:15     | 20992 ||| FLEEEEING.
 20993 | D:15     | 20993 ||| FLEEEEING.
 20994 | D:15     | 20994 ||| FLEEEEING.
 20995 | D:15     | 20995 ||| FLEEEEING.
 20996 | D:15     | 20996 ||| FLEEEEING.
 20997 | D:15     | 20997 ||| FLEEEEING.
 20998 | D:15     | 20998 ||| FLEEEEING.
 20999 | D:15     | 20999 ||| FLEEEEING.
 21000 | D:15     | 21000 ||| FLEEEEING.
 21001 | D:15     | 21001 ||| FLEEEEING.
 21007 | D:15     | 21007 ||| Stepping ~*~*~tactically~*~*~ (hiding).
 21148 | D:15     | 21148 ||| PLANNING ORC
 21262 | Orc:1    | Entered Level 1 of the Orcish Mines
 21264 | Orc:1    | Found Ohyth's General Store.
 21306 | Orc:1    | 21306 ||| INVOKING Heroism.
 21308 | Orc:1    | 21308 ||| INVOKING Finesse.
 21367 | Orc:1    | Received a gift from Okawaru
 21408 | Orc:1    | 21408 ||| BUYING scroll of enchant armour (90 gold).
 21408 | Orc:1    | Bought a scroll of enchant armour for 90 gold pieces
 21408 | Orc:1    | 21408 ||| READING scroll of enchant armour.
 21408 | Orc:1    | 21408 ||| ENCHANTING +0 pair of gloves.
 21569 | Orc:2    | Entered Level 2 of the Orcish Mines
 21664 | Orc:1    | 21664 ||| INVOKING Heroism.
 21788 | Orc:2    | Found a staircase to the Elven Halls.
 21823 | Orc:2    | 21823 ||| Stepping ~*~*~tactically~*~*~ (hiding).
 21826 | Orc:2    | 21826 ||| Stepping ~*~*~tactically~*~*~ (hiding).
 21843 | Orc:2    | 21843 ||| INVOKING Heroism.
 21877 | Orc:2    | 21877 ||| Stepping ~*~*~tactically~*~*~ (hiding).
 21885 | Orc:2    | 21885 ||| INVOKING Heroism.
 21899 | Orc:2    | 21899 ||| INVOKING Finesse.
 21930 | Orc:2    | 21930 ||| INVOKING Heroism.
 21973 | Orc:2    | Found Idenn's Jewellery Emporium.
 22017 | Orc:2    | 22017 ||| INVOKING Heroism.
 22074 | Orc:2    | 22074 ||| Stepping ~*~*~tactically~*~*~ (hiding).
 22077 | Orc:2    | 22077 ||| INVOKING Heroism.
 22093 | Orc:2    | Received a gift from Okawaru
 22110 | Orc:2    | 22110 ||| Stepping ~*~*~tactically~*~*~ (stealth).
 22112 | Orc:2    | 22112 ||| Stepping ~*~*~tactically~*~*~ (stealth).
 22113 | Orc:2    | 22113 ||| Stepping ~*~*~tactically~*~*~ (stealth).
 22115 | Orc:2    | 22115 ||| Stepping ~*~*~tactically~*~*~ (hiding).
 22118 | Orc:2    | 22118 ||| Stepping ~*~*~tactically~*~*~ (stealth).
 22127 | Orc:2    | 22127 ||| Stepping ~*~*~tactically~*~*~ (hiding).
 22128 | Orc:2    | 22128 ||| Stepping ~*~*~tactically~*~*~ (hiding).
 22129 | Orc:2    | 22129 ||| Stepping ~*~*~tactically~*~*~ (stealth).
 22131 | Orc:2    | 22131 ||| Stepping ~*~*~tactically~*~*~ (stealth).
 22132 | Orc:2    | 22132 ||| Stepping ~*~*~tactically~*~*~ (hiding).
 22317 | Orc:2    | 22317 ||| BUYING +5 ring of evasion (468 gold).
 22317 | Orc:2    | Bought a +5 ring of evasion for 468 gold pieces
 22317 | Orc:2    | 22317 ||| BUYING ring of Balance {rF- rC+ rN+ Will+ Int+2}
                  | (478 gold).
 22317 | Orc:2    | Bought the ring of Balance {rF- rC+ rN+ Will+ Int+2} for
                  | 478 gold pieces
 22317 | Orc:2    | 22317 ||| BUYING ring of the Octopus King {Fly HP+2 AC+2
                  | EV+2 SH+2} (700 gold).
 22317 | Orc:2    | Bought a ring of the Octopus King {Fly HP+2 AC+2 EV+2 SH+2}
                  | for 700 gold pieces
 22317 | Orc:2    | Found the ring of the Octopus King {Fly HP+2 AC+2 EV+2
                  | SH+2}
 22326 | Orc:2    | Found Bouhuw's General Store.
 22333 | Orc:2    | 22333 ||| BUYING 2 potions of curing (78 gold).
 22333 | Orc:2    | Bought 2 potions of curing for 78 gold pieces
 22506 | Orc:2    | Found Ditwok's Antique Armour Emporium.
 22512 | Orc:2    | 22512 ||| BUYING runed chain mail (157 gold).
 22512 | Orc:2    | Bought a runed chain mail for 157 gold pieces
 22634 | Orc:2    | Found Oxitt's Antique Weapon Emporium.
 22640 | Orc:2    | 22640 ||| SHOPLISTING runed morningstar (210 gold, have
                  | 116).
 22690 | Orc:2    | 22690 ||| PLANNING SPIDER:1-3
 22690 | Orc:2    | 22690 ||| UPGRADING to +2 tower shield.
 22700 | Orc:2    | 22700 ||| DROPPING +0 kite shield.
 22701 | Orc:2    | 22701 ||| DROPPING +6 ring of strength.
 22702 | Orc:2    | 22702 ||| UPGRADING to +5 ring of evasion.
 22704 | Orc:2    | 22704 ||| UPGRADING to ring of the Octopus King {Fly HP+2
                  | AC+2 EV+2 SH+2}.
 22710 | Orc:2    | 22710 ||| DROPPING ring of see invisible.
 22711 | Orc:2    | 22711 ||| DROPPING +5 ring of evasion.
 22885 | Spider:1 | Entered Level 1 of the Spider Nest
 22891 | Spider:1 | 22891 ||| STAIRDANCE
 23238 | Spider:1 | Noticed Jorgrun
 23239 | Spider:1 | 23239 ||| INVOKING Heroism.
 23255 | Spider:1 | Killed Jorgrun
 23313 | Spider:1 | Noticed Asterion
 23314 | Spider:1 | 23314 ||| INVOKING Heroism.
 23332 | Spider:1 | Killed Asterion
 23353 | Spider:1 | 23353 ||| Stepping ~*~*~tactically~*~*~ (stealth).
 23357 | Spider:1 | 23357 ||| Stepping ~*~*~tactically~*~*~ (stealth).
 23358 | Spider:1 | 23358 ||| Stepping ~*~*~tactically~*~*~ (stealth).
 23452 | Spider:1 | Noticed Nikola
 23453 | Spider:1 | 23453 ||| Stepping ~*~*~tactically~*~*~ (hiding).
 23456 | Spider:1 | 23456 ||| INVOKING Heroism.
 23457 | Spider:1 | 23457 ||| INVOKING Finesse.
 23474 | Spider:1 | Killed Nikola
 23474 | Spider:1 | Received a gift from Okawaru
 23551 | Spider:1 | 23551 ||| Stepping ~*~*~tactically~*~*~ (stealth).
 23552 | Spider:1 | 23552 ||| INVOKING Heroism.
 23962 | Spider:1 | 23962 ||| Stepping ~*~*~tactically~*~*~ (stealth).
 23966 | Spider:1 | 23966 ||| Stepping ~*~*~tactically~*~*~ (stealth).
 23967 | Spider:1 | 23967 ||| Stepping ~*~*~tactically~*~*~ (stealth).
 24114 | Spider:1 | 24114 ||| DROPPING ring of fire.
 24172 | Spider:2 | 24172 ||| INVOKING Heroism.
 24190 | Spider:2 | 24190 ||| INVOKING Heroism.
 24192 | Spider:2 | Reached skill level 15 in Shields
 24205 | Spider:2 | Received a gift from Okawaru
 24312 | Spider:2 | 24312 ||| INVOKING Heroism.
 24325 | Spider:2 | Reached XP level 17. HP: 108/108 MP: 24/24
 24353 | Spider:2 | 24353 ||| Stepping ~*~*~tactically~*~*~ (stealth).
 24355 | Spider:2 | 24355 ||| Stepping ~*~*~tactically~*~*~ (hiding).
 24366 | Spider:2 | Received a gift from Okawaru
 24367 | Spider:2 | 24367 ||| INVOKING Finesse.
 24647 | Spider:2 | 24647 ||| Stepping ~*~*~tactically~*~*~ (stealth).
 24648 | Spider:2 | 24648 ||| Stepping ~*~*~tactically~*~*~ (stealth).
 24649 | Spider:2 | 24649 ||| Stepping ~*~*~tactically~*~*~ (stealth).
 24674 | Spider:2 | 24674 ||| Stepping ~*~*~tactically~*~*~ (stealth).
 24676 | Spider:2 | 24676 ||| Stepping ~*~*~tactically~*~*~ (hiding).
 24677 | Spider:2 | 24677 ||| Stepping ~*~*~tactically~*~*~ (hiding).
 24678 | Spider:2 | 24678 ||| Stepping ~*~*~tactically~*~*~ (hiding).
 24679 | Spider:2 | 24679 ||| Stepping ~*~*~tactically~*~*~ (hiding).
 24680 | Spider:2 | 24680 ||| INVOKING Heroism.
 24955 | Spider:3 | 24955 ||| Stepping ~*~*~tactically~*~*~ (stealth).
 24972 | Spider:3 | 24972 ||| FLEEEEING.
 24975 | Spider:3 | 24975 ||| FLEEEEING.
 24976 | Spider:3 | 24976 ||| FLEEEEING.
 24977 | Spider:3 | 24977 ||| FLEEEEING.
 24978 | Spider:3 | 24978 ||| FLEEEEING.
 24979 | Spider:3 | 24979 ||| STAIRDANCE
 25014 | Spider:3 | 25014 ||| STAIRDANCE
 25022 | Spider:2 | 25022 ||| INVOKING Heroism.
 25140 | Spider:3 | 25140 ||| Stepping ~*~*~tactically~*~*~ (stealth).
 25166 | Spider:3 | 25166 ||| INVOKING Heroism.
 25185 | Spider:3 | Received a gift from Okawaru
 25271 | Spider:3 | 25271 ||| Stepping ~*~*~tactically~*~*~ (stealth).
 25274 | Spider:3 | 25274 ||| INVOKING Heroism.
 25460 | Spider:3 | 25460 ||| Stepping ~*~*~tactically~*~*~ (stealth).
 25462 | Spider:3 | 25462 ||| Stepping ~*~*~tactically~*~*~ (stealth).
 25557 | Spider:3 | 25557 ||| INVOKING Heroism.
 25718 | Spider:3 | 25718 ||| Stepping ~*~*~tactically~*~*~ (stealth).
 25723 | Spider:3 | 25723 ||| Stepping ~*~*~tactically~*~*~ (stealth).
 25725 | Spider:3 | 25725 ||| Stepping ~*~*~tactically~*~*~ (hiding).
 25727 | Spider:3 | 25727 ||| Stepping ~*~*~tactically~*~*~ (hiding).
 25730 | Spider:3 | 25730 ||| INVOKING Heroism.
 25749 | Spider:3 | Reached skill level 6 in Throwing
 25809 | Spider:3 | 25809 ||| Stepping ~*~*~tactically~*~*~ (hiding).
 25814 | Spider:3 | 25814 ||| INVOKING Heroism.
 25964 | Spider:3 | 25964 ||| Stepping ~*~*~tactically~*~*~ (hiding).
 26026 | Spider:3 | 26026 ||| PLANNING SHOALS:1-3
 26174 | Shoals:1 | Entered Level 1 of the Shoals
 26191 | Shoals:1 | Received a gift from Okawaru
 26248 | Shoals:1 | Noticed Kirke
 26272 | Shoals:1 | Noticed a sphinx
 26273 | Shoals:1 | 26273 ||| DRINKING 8 potions of curing.
 26273 | Shoals:1 | 26273 ||| (to cure confusion)
 26274 | Shoals:1 | Killed Kirke
 26274 | Shoals:1 | Received a gift from Okawaru
 26398 | Shoals:1 | Found a runed translucent door.
 26398 | Shoals:1 | Noticed AtomicRavioli's ghost (adept OgFi)
 26452 | Shoals:1 | Identified the +3 rapier "Gargoyle's Curse" {flame, Drain
                  | rPois rC+++}
 26538 | Shoals:1 | 26538 ||| READING scroll of acquirement.
 26538 | Shoals:1 | 26538 ||| ACQUIRING 930 gold pieces
 26538 | Shoals:1 | Acquired 930 gold pieces
 26728 | Shoals:1 | 26728 ||| READING scroll of enchant weapon.
 26728 | Shoals:1 | 26728 ||| ENCHANTING +4 vampiric broad axe.
 26806 | Shoals:1 | 26806 ||| Stepping ~*~*~tactically~*~*~ (hiding).
 26807 | Shoals:1 | 26807 ||| Stepping ~*~*~tactically~*~*~ (hiding).
 26808 | Shoals:1 | 26808 ||| Stepping ~*~*~tactically~*~*~ (hiding).
 26809 | Shoals:1 | 26809 ||| Stepping ~*~*~tactically~*~*~ (hiding).
 27095 | Shoals:1 | 27095 ||| Stepping ~*~*~tactically~*~*~ (hiding).
 27161 | Shoals:2 | 27161 ||| Stepping ~*~*~tactically~*~*~ (hiding).
 27162 | Shoals:2 | 27162 ||| Stepping ~*~*~tactically~*~*~ (hiding).
 27171 | Shoals:2 | Received a gift from Okawaru
 27173 | Shoals:2 | 27173 ||| Stepping ~*~*~tactically~*~*~ (hiding).
 27176 | Shoals:2 | 27176 ||| Stepping ~*~*~tactically~*~*~ (hiding).
 27177 | Shoals:2 | 27177 ||| Stepping ~*~*~tactically~*~*~ (hiding).
 27178 | Shoals:2 | 27178 ||| Stepping ~*~*~tactically~*~*~ (hiding).
 27179 | Shoals:2 | 27179 ||| Stepping ~*~*~tactically~*~*~ (hiding).
 27180 | Shoals:2 | 27180 ||| Stepping ~*~*~tactically~*~*~ (hiding).
 27183 | Shoals:2 | 27183 ||| Stepping ~*~*~tactically~*~*~ (stealth).
 27470 | Shoals:2 | 27470 ||| Stepping ~*~*~tactically~*~*~ (hiding).
 27471 | Shoals:2 | 27471 ||| Stepping ~*~*~tactically~*~*~ (hiding).
 27482 | Shoals:2 | Identified the +8 war axe of Okawaru's Reproof {pain, rElec
                  | MP+9 Str-2} (Okawaru gifted it to you on level 2 of the
                  | Shoals)
 27482 | Shoals:2 | Received a gift from Okawaru
 27571 | Shoals:2 | 27571 ||| INVOKING Heroism.
 27572 | Shoals:2 | 27572 ||| INVOKING Finesse.
 27907 | Shoals:2 | 27907 ||| DROPPING +1 chain mail of fire resistance.
 27908 | Shoals:2 | 27908 ||| DRINKING 2 white potions.
 27909 | Shoals:2 | 27909 ||| DROPPING potion of flight.
 28027 | Shoals:3 | 28027 ||| INVOKING Heroism.
 28075 | Shoals:3 | Reached skill level 18 in Axes
 28077 | Shoals:3 | Received a gift from Okawaru
 28081 | Shoals:3 | Reached XP level 18. HP: 114/114 MP: 25/25
 28084 | Shoals:3 | 28084 ||| INVOKING Heroism.
 28091 | Shoals:3 | Received a gift from Okawaru
 28129 | Shoals:3 | 28129 ||| DROPPING +3 eveningstar.
 28219 | Shoals:3 | 28219 ||| INVOKING Heroism.
 28220 | Shoals:3 | 28220 ||| INVOKING Finesse.
 28227 | Shoals:3 | Received a gift from Okawaru
 28262 | Shoals:3 | 28262 ||| READING scroll of enchant weapon.
 28262 | Shoals:3 | 28262 ||| ENCHANTING +5 vampiric broad axe.
 28523 | Shoals:3 | 28523 ||| INVOKING Heroism.
 28582 | Shoals:3 | 28582 ||| Stepping ~*~*~tactically~*~*~ (hiding).
 28802 | Shoals:3 | 28802 ||| Stepping ~*~*~tactically~*~*~ (stealth).
 28807 | Shoals:3 | 28807 ||| Stepping ~*~*~tactically~*~*~ (stealth).
 28815 | Shoals:3 | Reached skill level 18 in Shields
 28871 | Shoals:3 | Identified the +0 scale mail "Zynul" {Contam Fly rN+ Dex+3}
 28909 | Shoals:3 | 28909 ||| PLANNING SPIDER:4
 29074 | Spider:4 | Entered Level 4 of the Spider Nest
 29254 | Spider:4 | Received a gift from Okawaru
 29297 | Spider:4 | 29297 ||| Stepping ~*~*~tactically~*~*~ (stealth).
 29300 | Spider:4 | 29300 ||| Stepping ~*~*~tactically~*~*~ (stealth).
 29318 | Spider:4 | Received a gift from Okawaru
 29324 | Spider:4 | 29324 ||| INVOKING Heroism.
 29363 | Spider:4 | 29363 ||| INVOKING Finesse.
 29771 | Spider:4 | Received a gift from Okawaru
 29772 | Spider:4 | 29772 ||| INVOKING Finesse.
 29834 | Spider:4 | 29834 ||| Stepping ~*~*~tactically~*~*~ (stealth).
 29921 | Spider:4 | 29921 ||| INVOKING Heroism.
 29922 | Spider:4 | 29922 ||| INVOKING Finesse.
 29958 | Spider:4 | HP: 25/117 [jorogumo (6)]
 29959 | Spider:4 | 29959 ||| READING 4 scrolls of teleportation.
 29960 | Spider:4 | 29960 ||| DRINKING 2 potions of heal wounds.
 30219 | Spider:4 | 30219 ||| INVOKING Heroism.
 30302 | Spider:4 | Received a gift from Okawaru
 30364 | Spider:4 | Identified the ring of Bumiol {rF+ Dex+6}
 30444 | Spider:4 | 30444 ||| Stepping ~*~*~tactically~*~*~ (stealth).
 30452 | Spider:4 | 30452 ||| Stepping ~*~*~tactically~*~*~ (stealth).
 30454 | Spider:4 | 30454 ||| INVOKING Heroism.
 30552 | Spider:4 | 30552 ||| INVOKING Heroism.
 30565 | Spider:4 | Received a gift from Okawaru
 30580 | Spider:4 | Reached skill level 15 in Fighting
 30599 | Spider:4 | 30599 ||| INVOKING Finesse.
 30603 | Spider:4 | 30603 ||| DROPPING ring of protection from fire.
 30770 | Spider:4 | Got a gossamer rune of Zot
 30829 | Spider:4 | 30829 ||| DROPPING +0 hat of stealth.
 30830 | Spider:4 | 30830 ||| UPGRADING to scarf of repulsion.
 30833 | Spider:4 | 30833 ||| UPGRADING to scarf of repulsion.
 30834 | Spider:4 | 30834 ||| UPGRADING to scarf of repulsion.
 30835 | Spider:4 | 30835 ||| UPGRADING to scarf of repulsion.
 30836 | Spider:4 | 30836 ||| UPGRADING to scarf of repulsion.
 30837 | Spider:4 | 30837 ||| UPGRADING to scarf of repulsion.
 30838 | Spider:4 | 30838 ||| UPGRADING to scarf of repulsion.
 30839 | Spider:4 | 30839 ||| UPGRADING to scarf of repulsion.
 30840 | Spider:4 | 30840 ||| UPGRADING to scarf of repulsion.
 30841 | Spider:4 | 30841 ||| UPGRADING to scarf of repulsion.
 30842 | Spider:4 | 30842 ||| UPGRADING to scarf of repulsion.
 30843 | Spider:4 | 30843 ||| UPGRADING to scarf of repulsion.
 30844 | Spider:4 | 30844 ||| UPGRADING to scarf of repulsion.
 30845 | Spider:4 | 30845 ||| UPGRADING to scarf of repulsion.
 30846 | Spider:4 | 30846 ||| UPGRADING to scarf of repulsion.
 30847 | Spider:4 | 30847 ||| UPGRADING to scarf of repulsion.
 30848 | Spider:4 | 30848 ||| UPGRADING to scarf of repulsion.
 30849 | Spider:4 | 30849 ||| UPGRADING to scarf of repulsion.
 30850 | Spider:4 | 30850 ||| UPGRADING to scarf of repulsion.
 30851 | Spider:4 | 30851 ||| UPGRADING to scarf of repulsion.
 30852 | Spider:4 | 30852 ||| UPGRADING to scarf of repulsion.
 30853 | Spider:4 | 30853 ||| UPGRADING to scarf of repulsion.
 30854 | Spider:4 | 30854 ||| UPGRADING to scarf of repulsion.
 30854 | Spider:4 | HP: 26/121 [redback (10)]
 30855 | Spider:4 | 30855 ||| READING 3 scrolls of teleportation.
 30856 | Spider:4 | 30856 ||| DRINKING 3 potions of heal wounds.
 30857 | Spider:4 | 30857 ||| UPGRADING to scarf of repulsion.
 30858 | Spider:4 | 30858 ||| UPGRADING to scarf of repulsion.
 30859 | Spider:4 | 30859 ||| UPGRADING to scarf of repulsion.
 30860 | Spider:4 | 30860 ||| UPGRADING to scarf of repulsion.
 30870 | Spider:4 | 30870 ||| DROPPING +0 pair of gloves of hurling.
 31038 | Spider:4 | 31038 ||| Stepping ~*~*~tactically~*~*~ (stealth).
 31039 | Spider:4 | 31039 ||| Stepping ~*~*~tactically~*~*~ (stealth).
 31318 | Spider:4 | 31318 ||| INVOKING Heroism.
 31396 | Spider:4 | 31396 ||| PLANNING VAULTS:1-4
 31699 | Vaults:1 | Entered Level 1 of the Vaults
 31711 | Vaults:1 | 31711 ||| STAIRDANCE
 31772 | Abyss:2  | Cast into level 2 of the Abyss (a wizard)
 31828 | Abyss:2  | 31828 ||| Stepping ~*~*~tactically~*~*~ (stealth).
 31841 | Abyss:2  | Received a gift from Okawaru
 31854 | Abyss:2  | 31854 ||| INVOKING Heroism.
 31881 | Abyss:2  | Noticed a bone dragon
 31889 | Abyss:2  | 31889 ||| INVOKING Heroism.
 31903 | Abyss:2  | Killed a bone dragon
 31903 | Abyss:2  | Received a gift from Okawaru
 31964 | Abyss:2  | 31964 ||| Stepping ~*~*~tactically~*~*~ (stealth).
 31989 | Abyss:2  | 31989 ||| Stepping ~*~*~tactically~*~*~ (stealth).
 31993 | Abyss:2  | 31993 ||| Stepping ~*~*~tactically~*~*~ (stealth).
 31995 | Abyss:2  | 31995 ||| Stepping ~*~*~tactically~*~*~ (stealth).
 31997 | Abyss:2  | 31997 ||| Stepping ~*~*~tactically~*~*~ (stealth).
 31998 | Abyss:2  | 31998 ||| Stepping ~*~*~tactically~*~*~ (stealth).
 32014 | Abyss:2  | 32014 ||| Stepping ~*~*~tactically~*~*~ (stealth).
 32022 | Abyss:2  | 32022 ||| Stepping ~*~*~tactically~*~*~ (stealth).
 32030 | Abyss:2  | 32030 ||| Stepping ~*~*~tactically~*~*~ (stealth).
 32031 | Abyss:2  | 32031 ||| Stepping ~*~*~tactically~*~*~ (stealth).
 32051 | Abyss:2  | Reached XP level 19. HP: 124/124 MP: 26/26
 32062 | Abyss:2  | 32062 ||| Stepping ~*~*~tactically~*~*~ (stealth).
 32064 | Abyss:2  | 32064 ||| Stepping ~*~*~tactically~*~*~ (hiding).
 32092 | Abyss:2  | 32092 ||| Stepping ~*~*~tactically~*~*~ (stealth).
 32118 | Abyss:2  | 32118 ||| Stepping ~*~*~tactically~*~*~ (stealth).
 32149 | Abyss:2  | Gained mutation: You are occasionally teleported next to
                  | monsters. [a neqoxec]
 32150 | Abyss:2  | 32150 ||| INVOKING Heroism.
 32175 | Abyss:2  | 32175 ||| Stepping ~*~*~tactically~*~*~ (stealth).
 32177 | Abyss:2  | 32177 ||| Stepping ~*~*~tactically~*~*~ (stealth).
 32178 | Abyss:2  | 32178 ||| Stepping ~*~*~tactically~*~*~ (stealth).
 32227 | Vaults:1 | Escaped the Abyss
 32269 | Vaults:1 | Received a gift from Okawaru
 32287 | Vaults:1 | Received a gift from Okawaru
 32298 | Vaults:1 | 32298 ||| FLEEEEING.
 32299 | Vaults:1 | 32299 ||| FLEEEEING.
 32314 | Vaults:1 | Reached ****** piety under Okawaru
 32316 | Vaults:1 | 32316 ||| Stepping ~*~*~tactically~*~*~ (hiding).
 32330 | Vaults:1 | 32330 ||| Stepping ~*~*~tactically~*~*~ (hiding).
 32570 | Vaults:1 | 32570 ||| DRINKING 3 potions of mutation.
 32570 | Vaults:1 | Lost mutation: You are occasionally teleported next to
                  | monsters. [potion of mutation]
 32570 | Vaults:1 | Gained mutation: You are clumsy. (Dex -2) [potion of
                  | mutation]
 32570 | Vaults:1 | Lost mutation: You are clumsy. (Dex -2) [potion of
                  | mutation]
 32577 | Vaults:1 | 32577 ||| Stepping ~*~*~tactically~*~*~ (hiding).
 32579 | Vaults:1 | 32579 ||| Stepping ~*~*~tactically~*~*~ (hiding).
 32586 | Vaults:1 | Reached skill level 15 in Armour
 32643 | Vaults:1 | 32643 ||| INVOKING Heroism.
 32644 | Vaults:1 | 32644 ||| INVOKING Finesse.
 32674 | Vaults:1 | 32674 ||| Stepping ~*~*~tactically~*~*~ (hiding).
 32685 | Vaults:1 | 32685 ||| Stepping ~*~*~tactically~*~*~ (hiding).
 32721 | Vaults:1 | Received a gift from Okawaru
 32724 | Vaults:1 | 32724 ||| INVOKING Heroism.
 32944 | Vaults:1 | 32944 ||| READING scroll of enchant weapon.
 32944 | Vaults:1 | 32944 ||| ENCHANTING +6 vampiric broad axe.
 33166 | Vaults:1 | 33166 ||| Stepping ~*~*~tactically~*~*~ (hiding).
 33168 | Vaults:1 | 33168 ||| Stepping ~*~*~tactically~*~*~ (hiding).
 33169 | Vaults:1 | 33169 ||| Stepping ~*~*~tactically~*~*~ (hiding).
 33350 | Vaults:1 | Received a gift from Okawaru
 33369 | Vaults:1 | 33369 ||| DROPPING +2 broad axe of electrocution.
 33416 | Vaults:1 | 33416 ||| READING scroll of acquirement.
 33416 | Vaults:1 | 33416 ||| ACQUIRING +0 pair of boots "Lefy" {Drain Int+5
                  | Dex+3}
 33416 | Vaults:1 | Acquired the +0 pair of boots "Lefy" {Drain Int+5 Dex+3}
 33418 | Vaults:1 | 33418 ||| UPGRADING to +0 pair of boots "Lefy" {Drain Int+5
                  | Dex+3}.
 33428 | Vaults:1 | 33428 ||| DROPPING +0 pair of boots.
 33482 | Vaults:1 | Found Homoakuw's General Store.
 33484 | Vaults:1 | 33484 ||| INVOKING Heroism.
 33485 | Vaults:1 | 33485 ||| INVOKING Finesse.
 33526 | Vaults:1 | 33526 ||| BUYING 2 potions of might (120 gold).
 33526 | Vaults:1 | Bought 2 potions of might for 120 gold pieces
 33526 | Vaults:1 | 33526 ||| BUYING amulet of reflection (450 gold).
 33526 | Vaults:1 | Bought an amulet of reflection for 450 gold pieces
 33623 | Vaults:1 | 33623 ||| READING scroll of enchant armour.
 33623 | Vaults:1 | 33623 ||| ENCHANTING +1 pair of gloves.
 33845 | Vaults:1 | 33845 ||| DROPPING amulet of regeneration.
 33898 | Vaults:2 | 33898 ||| FLEEEEING.
 33899 | Vaults:2 | 33899 ||| FLEEEEING.
 33900 | Vaults:2 | 33900 ||| FLEEEEING.
 33901 | Vaults:2 | 33901 ||| FLEEEEING.
 33903 | Vaults:2 | 33903 ||| STAIRDANCE
 34008 | Vaults:2 | 34008 ||| INVOKING Heroism.
 34009 | Vaults:2 | 34009 ||| INVOKING Finesse.
 34029 | Vaults:2 | 34029 ||| Stepping ~*~*~tactically~*~*~ (hiding).
 34052 | Vaults:2 | Reached skill level 6 in Dodging
 34063 | Vaults:2 | 34063 ||| Stepping ~*~*~tactically~*~*~ (stealth).
 34079 | Vaults:2 | 34079 ||| Stepping ~*~*~tactically~*~*~ (hiding).
 34081 | Vaults:2 | 34081 ||| Stepping ~*~*~tactically~*~*~ (hiding).
 34082 | Vaults:2 | 34082 ||| Stepping ~*~*~tactically~*~*~ (hiding).
 34118 | Vaults:2 | 34118 ||| INVOKING Heroism.
 34134 | Vaults:2 | Noticed Margery
 34135 | Vaults:2 | 34135 ||| DRINKING 3 potions of resistance.
 34137 | Vaults:2 | 34137 ||| INVOKING Finesse.
 34148 | Vaults:2 | Reached XP level 20. HP: 134/134 MP: 22/27
 34154 | Vaults:2 | 34154 ||| INVOKING Heroism.
 34174 | Vaults:2 | Killed Margery
 34174 | Vaults:2 | Received a gift from Okawaru
 34193 | Vaults:2 | Received a gift from Okawaru
 34201 | Vaults:2 | Noticed Saint Roka
 34219 | Vaults:2 | Killed Saint Roka
 34542 | Vaults:2 | Found Jideh's Assorted Antiques.
 34552 | Vaults:2 | 34552 ||| BUYING glowing chain mail (202 gold).
 34552 | Vaults:2 | Bought a glowing chain mail for 202 gold pieces
 34740 | Vaults:2 | Found Xeuger's Book Shoppe.
 34942 | Vaults:2 | 34942 ||| Stepping ~*~*~tactically~*~*~ (stealth).
 34944 | Vaults:2 | 34944 ||| Stepping ~*~*~tactically~*~*~ (stealth).
 34949 | Vaults:2 | 34949 ||| Stepping ~*~*~tactically~*~*~ (stealth).
 35411 | Vaults:2 | 35411 ||| UPGRADING to +2 chain mail of willpower.
 35421 | Vaults:2 | 35421 ||| UPGRADING to +3 chain mail of fire resistance.
 35431 | Vaults:2 | 35431 ||| DROPPING +2 chain mail of willpower.
 35432 | Vaults:2 | 35432 ||| DROPPING +1 chain mail of fire resistance.
 35473 | Vaults:3 | 35473 ||| STAIRDANCE
 35475 | Vaults:2 | 35475 ||| INVOKING Heroism.
 35695 | Vaults:3 | 35695 ||| Stepping ~*~*~tactically~*~*~ (hiding).
 35870 | Vaults:3 | 35870 ||| Stepping ~*~*~tactically~*~*~ (hiding).
 35920 | Vaults:3 | 35920 ||| Stepping ~*~*~tactically~*~*~ (stealth).
 35950 | Vaults:3 | Identified the staff of air "Beupu" {rElec rPois Will+
                  | Int+4}
 35974 | Vaults:3 | Found Vepuh's Weapon Shop.
 35975 | Vaults:3 | 35975 ||| Stepping ~*~*~tactically~*~*~ (stealth).
 36006 | Vaults:3 | 36006 ||| INVOKING Heroism.
 36028 | Vaults:3 | Reached skill level 18 in Fighting
 36151 | Vaults:3 | Noticed Zenata
 36152 | Vaults:3 | 36152 ||| Stepping ~*~*~tactically~*~*~ (hiding).
 36156 | Vaults:3 | 36156 ||| INVOKING Heroism.
 36157 | Vaults:3 | 36157 ||| INVOKING Finesse.
 36190 | Vaults:3 | Killed Zenata
 36318 | Vaults:3 | Found a staircase to the Crypt.
 36318 | Vaults:3 | Found a basalt altar of Yredelemnul.
 36319 | Vaults:3 | Found an ancient bone altar of Kikubaaqudgha.
 36350 | Vaults:3 | Received a gift from Okawaru
 36352 | Vaults:3 | 36352 ||| DROPPING +4 broad axe of electrocution.
 36366 | Vaults:3 | 36366 ||| INVOKING Heroism.
 36367 | Vaults:3 | 36367 ||| INVOKING Finesse.
 36445 | Vaults:3 | 36445 ||| Stepping ~*~*~tactically~*~*~ (stealth).
 36446 | Vaults:3 | 36446 ||| Stepping ~*~*~tactically~*~*~ (stealth).
 36448 | Vaults:3 | 36448 ||| Stepping ~*~*~tactically~*~*~ (stealth).
 36459 | Vaults:3 | 36459 ||| INVOKING Heroism.
 36808 | Vaults:3 | Reached skill level 9 in Throwing
 36995 | Vaults:3 | 36995 ||| Stepping ~*~*~tactically~*~*~ (hiding).
 37024 | Vaults:3 | Received a gift from Okawaru
 37112 | Vaults:3 | 37112 ||| DRINKING 11 potions of curing.
 37112 | Vaults:3 | 37112 ||| (to cure confusion)
 37201 | Vaults:3 | 37201 ||| FLEEEEING.
 37202 | Vaults:3 | 37202 ||| FLEEEEING.
 37203 | Vaults:3 | 37203 ||| FLEEEEING.
 37204 | Vaults:3 | 37204 ||| FLEEEEING.
 37205 | Vaults:3 | 37205 ||| FLEEEEING.
 37206 | Vaults:3 | 37206 ||| FLEEEEING.
 37207 | Vaults:3 | 37207 ||| FLEEEEING.
 37208 | Vaults:3 | 37208 ||| FLEEEEING.
 37209 | Vaults:3 | 37209 ||| FLEEEEING.
 37210 | Vaults:3 | 37210 ||| FLEEEEING.
 37211 | Vaults:3 | 37211 ||| FLEEEEING.
 37212 | Vaults:3 | 37212 ||| FLEEEEING.
 37213 | Vaults:3 | 37213 ||| FLEEEEING.
 37214 | Vaults:3 | 37214 ||| FLEEEEING.
 37215 | Vaults:3 | 37215 ||| FLEEEEING.
 37216 | Vaults:3 | 37216 ||| FLEEEEING.
 37217 | Vaults:3 | 37217 ||| FLEEEEING.
 37218 | Vaults:3 | 37218 ||| FLEEEEING.
 37219 | Vaults:3 | 37219 ||| FLEEEEING.
 37220 | Vaults:3 | 37220 ||| FLEEEEING.
 37221 | Vaults:3 | 37221 ||| FLEEEEING.
 37222 | Vaults:3 | 37222 ||| FLEEEEING.
 37223 | Vaults:3 | 37223 ||| FLEEEEING.
 37224 | Vaults:3 | 37224 ||| FLEEEEING.
 37225 | Vaults:3 | 37225 ||| FLEEEEING.
 37226 | Vaults:3 | 37226 ||| FLEEEEING.
 37227 | Vaults:3 | 37227 ||| FLEEEEING.
 37228 | Vaults:3 | 37228 ||| FLEEEEING.
 37229 | Vaults:3 | 37229 ||| FLEEEEING.
 37230 | Vaults:3 | 37230 ||| FLEEEEING.
 37231 | Vaults:3 | 37231 ||| FLEEEEING.
 37232 | Vaults:3 | 37232 ||| FLEEEEING.
 37233 | Vaults:3 | 37233 ||| FLEEEEING.
 37234 | Vaults:3 | 37234 ||| FLEEEEING.
 37235 | Vaults:3 | 37235 ||| FLEEEEING.
 37236 | Vaults:3 | 37236 ||| FLEEEEING.
 37237 | Vaults:3 | 37237 ||| FLEEEEING.
 37238 | Vaults:3 | 37238 ||| FLEEEEING.
 37239 | Vaults:3 | 37239 ||| FLEEEEING.
 37240 | Vaults:3 | 37240 ||| FLEEEEING.
 37241 | Vaults:3 | 37241 ||| FLEEEEING.
 37242 | Vaults:3 | 37242 ||| FLEEEEING.
 37243 | Vaults:3 | 37243 ||| FLEEEEING.
 37244 | Vaults:3 | 37244 ||| FLEEEEING.
 37245 | Vaults:3 | 37245 ||| FLEEEEING.
 37246 | Vaults:3 | 37246 ||| FLEEEEING.
 37247 | Vaults:3 | 37247 ||| FLEEEEING.
 37248 | Vaults:3 | 37248 ||| FLEEEEING.
 37249 | Vaults:3 | 37249 ||| FLEEEEING.
 37250 | Vaults:3 | 37250 ||| FLEEEEING.
 37251 | Vaults:3 | 37251 ||| FLEEEEING.
 37257 | Vaults:3 | 37257 ||| FLEEEEING.
 37258 | Vaults:3 | 37258 ||| FLEEEEING.
 37259 | Vaults:3 | 37259 ||| FLEEEEING.
 37260 | Vaults:3 | 37260 ||| FLEEEEING.
 37261 | Vaults:3 | 37261 ||| FLEEEEING.
 37262 | Vaults:3 | 37262 ||| FLEEEEING.
 37263 | Vaults:3 | 37263 ||| FLEEEEING.
 37264 | Vaults:3 | 37264 ||| FLEEEEING.
 37265 | Vaults:3 | 37265 ||| FLEEEEING.
 37266 | Vaults:3 | 37266 ||| FLEEEEING.
 37267 | Vaults:3 | 37267 ||| FLEEEEING.
 37268 | Vaults:3 | 37268 ||| FLEEEEING.
 37269 | Vaults:3 | 37269 ||| FLEEEEING.
 37270 | Vaults:3 | 37270 ||| FLEEEEING.
 37271 | Vaults:3 | 37271 ||| FLEEEEING.
 37272 | Vaults:3 | 37272 ||| FLEEEEING.
 37273 | Vaults:3 | 37273 ||| FLEEEEING.
 37274 | Vaults:3 | 37274 ||| FLEEEEING.
 37275 | Vaults:3 | 37275 ||| FLEEEEING.
 37276 | Vaults:3 | 37276 ||| FLEEEEING.
 37277 | Vaults:3 | 37277 ||| FLEEEEING.
 37278 | Vaults:3 | 37278 ||| FLEEEEING.
 37279 | Vaults:3 | 37279 ||| FLEEEEING.
 37280 | Vaults:3 | 37280 ||| FLEEEEING.
 37281 | Vaults:3 | 37281 ||| FLEEEEING.
 37282 | Vaults:3 | 37282 ||| FLEEEEING.
 37283 | Vaults:3 | 37283 ||| FLEEEEING.
 37284 | Vaults:3 | 37284 ||| FLEEEEING.
 37285 | Vaults:3 | 37285 ||| FLEEEEING.
 37286 | Vaults:3 | 37286 ||| FLEEEEING.
 37287 | Vaults:3 | 37287 ||| FLEEEEING.
 37288 | Vaults:3 | 37288 ||| FLEEEEING.
 37289 | Vaults:3 | 37289 ||| FLEEEEING.
 37290 | Vaults:3 | 37290 ||| FLEEEEING.
 37291 | Vaults:3 | 37291 ||| FLEEEEING.
 37292 | Vaults:3 | 37292 ||| FLEEEEING.
 37293 | Vaults:3 | 37293 ||| FLEEEEING.
 37294 | Vaults:3 | 37294 ||| FLEEEEING.
 37295 | Vaults:3 | 37295 ||| FLEEEEING.
 37296 | Vaults:3 | 37296 ||| FLEEEEING.
 37303 | Vaults:3 | 37303 ||| FLEEEEING.
 37304 | Vaults:3 | 37304 ||| FLEEEEING.
 37305 | Vaults:3 | 37305 ||| FLEEEEING.
 37306 | Vaults:3 | 37306 ||| FLEEEEING.
 37307 | Vaults:3 | 37307 ||| FLEEEEING.
 37308 | Vaults:3 | 37308 ||| FLEEEEING.
 37309 | Vaults:3 | 37309 ||| FLEEEEING.
 37310 | Vaults:3 | 37310 ||| FLEEEEING.
 37311 | Vaults:3 | 37311 ||| FLEEEEING.
 37312 | Vaults:3 | 37312 ||| FLEEEEING.
 37313 | Vaults:3 | 37313 ||| FLEEEEING.
 37314 | Vaults:3 | 37314 ||| FLEEEEING.
 37315 | Vaults:3 | 37315 ||| FLEEEEING.
 37316 | Vaults:3 | 37316 ||| FLEEEEING.
 37317 | Vaults:3 | 37317 ||| FLEEEEING.
 37318 | Vaults:3 | 37318 ||| FLEEEEING.
 37319 | Vaults:3 | 37319 ||| FLEEEEING.
 37320 | Vaults:3 | 37320 ||| FLEEEEING.
 37321 | Vaults:3 | 37321 ||| FLEEEEING.
 37322 | Vaults:3 | 37322 ||| FLEEEEING.
 37323 | Vaults:3 | 37323 ||| FLEEEEING.
 37324 | Vaults:3 | 37324 ||| FLEEEEING.
 37325 | Vaults:3 | 37325 ||| FLEEEEING.
 37326 | Vaults:3 | 37326 ||| FLEEEEING.
 37327 | Vaults:3 | 37327 ||| FLEEEEING.
 37328 | Vaults:3 | 37328 ||| FLEEEEING.
 37329 | Vaults:3 | 37329 ||| FLEEEEING.
 37330 | Vaults:3 | 37330 ||| FLEEEEING.
 37336 | Vaults:3 | 37336 ||| FLEEEEING.
 37337 | Vaults:3 | 37337 ||| FLEEEEING.
 37338 | Vaults:3 | 37338 ||| FLEEEEING.
 37339 | Vaults:3 | 37339 ||| FLEEEEING.
 37340 | Vaults:3 | 37340 ||| FLEEEEING.
 37341 | Vaults:3 | 37341 ||| FLEEEEING.
 37342 | Vaults:3 | 37342 ||| FLEEEEING.
 37343 | Vaults:3 | 37343 ||| FLEEEEING.
 37344 | Vaults:3 | 37344 ||| FLEEEEING.
 37345 | Vaults:3 | 37345 ||| FLEEEEING.
 37346 | Vaults:3 | 37346 ||| FLEEEEING.
 37347 | Vaults:3 | 37347 ||| FLEEEEING.
 37348 | Vaults:3 | 37348 ||| FLEEEEING.
 37349 | Vaults:3 | 37349 ||| FLEEEEING.
 37350 | Vaults:3 | 37350 ||| FLEEEEING.
 37351 | Vaults:3 | 37351 ||| FLEEEEING.
 37352 | Vaults:3 | 37352 ||| FLEEEEING.
 37353 | Vaults:3 | 37353 ||| FLEEEEING.
 37354 | Vaults:3 | 37354 ||| FLEEEEING.
 37355 | Vaults:3 | 37355 ||| FLEEEEING.
 37356 | Vaults:3 | 37356 ||| FLEEEEING.
 37357 | Vaults:3 | 37357 ||| FLEEEEING.
 37358 | Vaults:3 | 37358 ||| FLEEEEING.
 37359 | Vaults:3 | 37359 ||| FLEEEEING.
 37633 | Vaults:3 | Found Xihuwaat's Distillery.
 37641 | Vaults:3 | 37641 ||| BUYING 2 potions of heal wounds (130 gold).
 37641 | Vaults:3 | Bought 2 potions of heal wounds for 130 gold pieces
 37641 | Vaults:3 | 37641 ||| BUYING 2 potions of lignification (78 gold).
 37641 | Vaults:3 | Bought 2 potions of lignification for 78 gold pieces
 37641 | Vaults:3 | 37641 ||| BUYING potion of attraction (39 gold).
 37641 | Vaults:3 | Bought a potion of attraction for 39 gold pieces
 37641 | Vaults:3 | 37641 ||| BUYING potion of cancellation (104 gold).
 37641 | Vaults:3 | Bought a potion of cancellation for 104 gold pieces
 37641 | Vaults:3 | 37641 ||| BUYING potion of curing (39 gold).
 37641 | Vaults:3 | Bought a potion of curing for 39 gold pieces
 37641 | Vaults:3 | 37641 ||| BUYING potion of might (52 gold).
 37641 | Vaults:3 | Bought a potion of might for 52 gold pieces
 37641 | Vaults:3 | 37641 ||| BUYING potion of mutation (104 gold).
 37641 | Vaults:3 | Bought a potion of mutation for 104 gold pieces
 37641 | Vaults:3 | 37641 ||| BUYING potion of mutation (104 gold).
 37641 | Vaults:3 | Bought a potion of mutation for 104 gold pieces
 37677 | Vaults:3 | 37677 ||| FLEEEEING.
 37678 | Vaults:3 | 37678 ||| FLEEEEING.
 37679 | Vaults:3 | 37679 ||| FLEEEEING.
 37680 | Vaults:3 | 37680 ||| FLEEEEING.
 37681 | Vaults:3 | 37681 ||| FLEEEEING.
 37682 | Vaults:3 | 37682 ||| FLEEEEING.
 37683 | Vaults:3 | 37683 ||| FLEEEEING.
 37684 | Vaults:3 | 37684 ||| FLEEEEING.
 37685 | Vaults:3 | 37685 ||| FLEEEEING.
 37686 | Vaults:3 | 37686 ||| FLEEEEING.
 37687 | Vaults:3 | 37687 ||| FLEEEEING.
 37688 | Vaults:3 | 37688 ||| FLEEEEING.
 37694 | Vaults:3 | 37694 ||| FLEEEEING.
 37695 | Vaults:3 | 37695 ||| FLEEEEING.
 37700 | Vaults:3 | 37700 ||| FLEEEEING.
 37701 | Vaults:3 | 37701 ||| FLEEEEING.
 37702 | Vaults:3 | 37702 ||| FLEEEEING.
 37703 | Vaults:3 | 37703 ||| FLEEEEING.
 37704 | Vaults:3 | 37704 ||| FLEEEEING.
 37705 | Vaults:3 | 37705 ||| FLEEEEING.
 37706 | Vaults:3 | 37706 ||| FLEEEEING.
 37707 | Vaults:3 | 37707 ||| FLEEEEING.
 37708 | Vaults:3 | 37708 ||| FLEEEEING.
 37709 | Vaults:3 | 37709 ||| FLEEEEING.
 37710 | Vaults:3 | 37710 ||| FLEEEEING.
 37711 | Vaults:3 | 37711 ||| FLEEEEING.
 37712 | Vaults:3 | 37712 ||| FLEEEEING.
 37713 | Vaults:3 | 37713 ||| FLEEEEING.
 37714 | Vaults:3 | 37714 ||| FLEEEEING.
 37715 | Vaults:3 | 37715 ||| FLEEEEING.
 37716 | Vaults:3 | 37716 ||| FLEEEEING.
 37717 | Vaults:3 | 37717 ||| FLEEEEING.
 37718 | Vaults:3 | 37718 ||| FLEEEEING.
 37719 | Vaults:3 | 37719 ||| FLEEEEING.
 37721 | Vaults:3 | 37721 ||| STAIRDANCE
 37827 | Vaults:3 | 37827 ||| FLEEEEING.
 37828 | Vaults:3 | 37828 ||| FLEEEEING.
 37829 | Vaults:3 | 37829 ||| STAIRDANCE
 37934 | Vaults:3 | 37934 ||| STAIRDANCE
 37942 | Vaults:2 | Reached XP level 21. HP: 141/141 MP: 28/28
 38190 | Vaults:4 | 38190 ||| PLANNING WIZLAB
 38280 | Vaults:4 | Received a gift from Okawaru
 38283 | Vaults:4 | 38283 ||| DRINKING 11 potions of curing.
 38283 | Vaults:4 | 38283 ||| (to cure confusion)
 38445 | Vaults:4 | 38445 ||| Stepping ~*~*~tactically~*~*~ (hiding).
 38527 | Vaults:4 | Noticed Bai Suzhen
 38541 | Vaults:4 | Killed Bai Suzhen
 38542 | Vaults:4 | 38542 ||| Stepping ~*~*~tactically~*~*~ (cloud).
 38561 | Vaults:4 | 38561 ||| Stepping ~*~*~tactically~*~*~ (stealth).
 38569 | Vaults:4 | Received a gift from Okawaru
 38594 | Vaults:4 | Identified the +2 robe of Huecs {rPois Str-2 Int+5}
 38652 | Vaults:4 | 38652 ||| Stepping ~*~*~tactically~*~*~ (stealth).
 38674 | Vaults:4 | 38674 ||| READING scroll of acquirement.
 38674 | Vaults:4 | 38674 ||| ACQUIRING ring "Myimmy" {Wiz rC+ Int+5}
 38674 | Vaults:4 | Acquired the ring "Myimmy" {Wiz rC+ Int+5}
 38681 | Vaults:4 | 38681 ||| Stepping ~*~*~tactically~*~*~ (hiding).
 38686 | Vaults:4 | 38686 ||| Stepping ~*~*~tactically~*~*~ (stealth).
 38880 | Vaults:4 | 38880 ||| Stepping ~*~*~tactically~*~*~ (hiding).
 38885 | Vaults:4 | 38885 ||| RIP WIZLAB
 38886 | Vaults:4 | 38886 ||| PLANNING VAULTS:1-4
 38899 | Vaults:4 | 38899 ||| FLEEEEING.
 38900 | Vaults:4 | 38900 ||| FLEEEEING.
 38901 | Vaults:4 | 38901 ||| FLEEEEING.
 38902 | Vaults:4 | 38902 ||| FLEEEEING.
 38903 | Vaults:4 | 38903 ||| FLEEEEING.
 38904 | Vaults:4 | 38904 ||| FLEEEEING.
 38905 | Vaults:4 | 38905 ||| FLEEEEING.
 38906 | Vaults:4 | 38906 ||| FLEEEEING.
 38907 | Vaults:4 | 38907 ||| FLEEEEING.
 38908 | Vaults:4 | 38908 ||| FLEEEEING.
 38909 | Vaults:4 | 38909 ||| FLEEEEING.
 38910 | Vaults:4 | 38910 ||| FLEEEEING.
 38911 | Vaults:4 | 38911 ||| FLEEEEING.
 38912 | Vaults:4 | 38912 ||| FLEEEEING.
 38914 | Vaults:4 | 38914 ||| FLEEEEING.
 38915 | Vaults:4 | 38915 ||| FLEEEEING.
 38916 | Vaults:4 | 38916 ||| FLEEEEING.
 38917 | Vaults:4 | 38917 ||| FLEEEEING.
 38918 | Vaults:4 | 38918 ||| FLEEEEING.
 38919 | Vaults:4 | 38919 ||| FLEEEEING.
 38920 | Vaults:4 | 38920 ||| FLEEEEING.
 38921 | Vaults:4 | 38921 ||| FLEEEEING.
 38922 | Vaults:4 | 38922 ||| FLEEEEING.
 38923 | Vaults:4 | 38923 ||| FLEEEEING.
 38924 | Vaults:4 | 38924 ||| FLEEEEING.
 38925 | Vaults:4 | 38925 ||| FLEEEEING.
 38926 | Vaults:4 | 38926 ||| FLEEEEING.
 38932 | Vaults:4 | 38932 ||| STAIRDANCE
 39153 | Vaults:4 | 39153 ||| STAIRDANCE
 39329 | Vaults:4 | Received a gift from Okawaru
 39492 | Vaults:4 | 39492 ||| Stepping ~*~*~tactically~*~*~ (hiding).
 39493 | Vaults:4 | 39493 ||| Stepping ~*~*~tactically~*~*~ (hiding).
 39715 | Vaults:4 | 39715 ||| Stepping ~*~*~tactically~*~*~ (hiding).
 39717 | Vaults:4 | 39717 ||| Stepping ~*~*~tactically~*~*~ (hiding).
 39718 | Vaults:4 | 39718 ||| Stepping ~*~*~tactically~*~*~ (hiding).
 39934 | Vaults:4 | Found Baahom's Armour Emporium.
 39942 | Vaults:4 | 39942 ||| SHOPLISTING +0 crystal plate armour (1680 gold,
                  | have 867).
 39942 | Vaults:4 | 39942 ||| BUYING scarf of Amorality {+Inv, rF+ rCorr} (621
                  | gold).
 39942 | Vaults:4 | Bought the scarf of Amorality {+Inv, rF+ rCorr} for 621
                  | gold pieces
 39943 | Vaults:4 | Found Erchocs's Weapon Shop.
 39951 | Vaults:4 | 39951 ||| PLANNING SHOALS:4
 40318 | Shoals:4 | Entered Level 4 of the Shoals
 40354 | Shoals:4 | 40354 ||| Stepping ~*~*~tactically~*~*~ (hiding).
 40423 | Shoals:4 | 40423 ||| Stepping ~*~*~tactically~*~*~ (hiding).
 40425 | Shoals:4 | 40425 ||| Stepping ~*~*~tactically~*~*~ (hiding).
 40535 | Shoals:4 | 40535 ||| INVOKING Heroism.
 40536 | Shoals:4 | 40536 ||| INVOKING Finesse.
 40552 | Shoals:4 | Reached skill level 9 in Dodging
 40647 | Shoals:4 | 40647 ||| Stepping ~*~*~tactically~*~*~ (hiding).
 40650 | Shoals:4 | 40650 ||| Stepping ~*~*~tactically~*~*~ (hiding).
 40664 | Shoals:4 | 40664 ||| Stepping ~*~*~tactically~*~*~ (hiding).
 40671 | Shoals:4 | 40671 ||| INVOKING Heroism.
 40672 | Shoals:4 | 40672 ||| INVOKING Finesse.
 40677 | Shoals:4 | 40677 ||| Stepping ~*~*~tactically~*~*~ (hiding).
 40678 | Shoals:4 | 40678 ||| Stepping ~*~*~tactically~*~*~ (hiding).
 40732 | Shoals:4 | 40732 ||| Stepping ~*~*~tactically~*~*~ (hiding).
 40742 | Shoals:4 | 40742 ||| INVOKING Heroism.
 40800 | Shoals:4 | Got a barnacled rune of Zot
 40818 | Shoals:4 | 40818 ||| Stepping ~*~*~tactically~*~*~ (hiding).
 40819 | Shoals:4 | Paralysed by an air elemental for 1 turns
 40946 | Shoals:4 | 40946 ||| Stepping ~*~*~tactically~*~*~ (hiding).
 41101 | Shoals:4 | 41101 ||| INVOKING Heroism.
 41102 | Shoals:4 | 41102 ||| INVOKING Finesse.
 41181 | Shoals:4 | 41181 ||| Stepping ~*~*~tactically~*~*~ (hiding).
 41199 | Shoals:4 | 41199 ||| Stepping ~*~*~tactically~*~*~ (hiding).
 41249 | Shoals:4 | Identified the +12 broad axe "Leatawemu" {heavy, Str+3
                  | Dex+4} (Okawaru gifted it to you on level 4 of the Shoals)
 41249 | Shoals:4 | Received a gift from Okawaru
 41291 | Shoals:4 | 41291 ||| Stepping ~*~*~tactically~*~*~ (stealth).
 41298 | Shoals:4 | 41298 ||| Stepping ~*~*~tactically~*~*~ (stealth).
 41299 | Shoals:4 | 41299 ||| Stepping ~*~*~tactically~*~*~ (stealth).
 41313 | Shoals:4 | 41313 ||| Stepping ~*~*~tactically~*~*~ (stealth).
 41440 | Shoals:4 | 41440 ||| PLANNING DEPTHS
 41730 | Depths:1 | Entered Level 1 of the Depths
 41743 | Depths:1 | 41743 ||| Stepping ~*~*~tactically~*~*~ (hiding).
 41744 | Depths:1 | 41744 ||| Stepping ~*~*~tactically~*~*~ (hiding).
 41750 | Depths:1 | 41750 ||| INVOKING Heroism.
 41751 | Depths:1 | 41751 ||| INVOKING Finesse.
 41783 | Depths:1 | Reached XP level 22. HP: 152/152 MP: 24/29
 41884 | Depths:1 | Found a shimmering altar of Xom.
 41884 | Depths:1 | Found a shimmering altar of Xom.
 41885 | Depths:1 | Found a shimmering altar of Xom.
 41885 | Depths:1 | Found a shimmering altar of Xom.
 41898 | Depths:1 | Found a transporter.
 41909 | Depths:1 | 41909 ||| INVOKING Heroism.
 41960 | Depths:1 | 41960 ||| Stepping ~*~*~tactically~*~*~ (stealth).
 41963 | Depths:1 | 41963 ||| Stepping ~*~*~tactically~*~*~ (hiding).
 41965 | Depths:1 | 41965 ||| Stepping ~*~*~tactically~*~*~ (stealth).
 41967 | Depths:1 | 41967 ||| Stepping ~*~*~tactically~*~*~ (hiding).
 41983 | Depths:1 | 41983 ||| Stepping ~*~*~tactically~*~*~ (hiding).
 41988 | Depths:1 | 41988 ||| Stepping ~*~*~tactically~*~*~ (hiding).
 41989 | Depths:1 | 41989 ||| Stepping ~*~*~tactically~*~*~ (hiding).
 42016 | Depths:1 | 42016 ||| INVOKING Heroism.
 42029 | Depths:1 | Found a gateway to Hell.
 42067 | Depths:1 | Reached skill level 21 in Shields
 42068 | Depths:1 | 42068 ||| INVOKING Heroism.
 42142 | Depths:1 | Found a one-way gateway to a ziggurat.
 42209 | Depths:1 | Identified the ring of Wonder {+Blink Will+}
 42261 | Depths:1 | You are sucked into a shaft and drop 1 floor!
 42262 | Depths:2 | 42262 ||| INVOKING Heroism.
 42446 | Depths:2 | 42446 ||| DROPPING ring of Wonder {+Blink Will+}.
 42462 | Depths:1 | Identified the +2 scimitar of Reulaudowk {flame, rPois rF+
                  | Will+ Int+4}
 42484 | Depths:1 | 42484 ||| INVOKING Heroism.
 42621 | Depths:1 | Found a transporter.
 42744 | Depths:1 | 42744 ||| INVOKING Heroism.
 42861 | Depths:2 | Noticed qw's ghost (adept GrFi)
 42861 | Depths:2 | Found a transporter.
 42861 | Depths:2 | Identified the +4 great mace of Haska {freeze, Will+ Dex+4}
 42973 | Depths:2 | 42973 ||| Stepping ~*~*~tactically~*~*~ (stealth).
 42977 | Depths:2 | 42977 ||| Stepping ~*~*~tactically~*~*~ (stealth).
 42991 | Depths:2 | Received a gift from Okawaru
 43013 | Depths:2 | Received a gift from Okawaru
 43027 | Depths:2 | Reached skill level 21 in Fighting
 43232 | Depths:2 | 43232 ||| Stepping ~*~*~tactically~*~*~ (hiding).
 43367 | Depths:2 | 43367 ||| INVOKING Heroism.
 43389 | Depths:2 | 43389 ||| INVOKING Finesse.
 43398 | Depths:2 | Received a gift from Okawaru
 43659 | Depths:2 | 43659 ||| INVOKING Heroism.
 43660 | Depths:2 | 43660 ||| INVOKING Finesse.
 43845 | Depths:2 | Received a gift from Okawaru
 43858 | Depths:2 | Found a one-way gate leading to the halls of Pandemonium.
 43914 | Depths:3 | Found a corrupted altar of Lugonu.
 44067 | Depths:3 | 44067 ||| Stepping ~*~*~tactically~*~*~ (stealth).
 44069 | Depths:3 | 44069 ||| Stepping ~*~*~tactically~*~*~ (hiding).
 44075 | Depths:3 | 44075 ||| INVOKING Heroism.
 44076 | Depths:3 | 44076 ||| INVOKING Finesse.
 44143 | Depths:3 | 44143 ||| FLEEEEING.
 44144 | Depths:3 | 44144 ||| FLEEEEING.
 44145 | Depths:3 | 44145 ||| FLEEEEING.
 44146 | Depths:3 | 44146 ||| STAIRDANCE
 44206 | Depths:3 | 44206 ||| INVOKING Heroism.
 44216 | Depths:3 | Reached skill level 12 in Throwing
 44239 | Depths:3 | Received a gift from Okawaru
 44248 | Depths:3 | 44248 ||| INVOKING Heroism.
 44250 | Depths:3 | 44250 ||| Stepping ~*~*~tactically~*~*~ (hiding).
 44251 | Depths:3 | 44251 ||| Stepping ~*~*~tactically~*~*~ (hiding).
 44252 | Depths:3 | 44252 ||| Stepping ~*~*~tactically~*~*~ (hiding).
 44253 | Depths:3 | 44253 ||| Stepping ~*~*~tactically~*~*~ (hiding).
 44255 | Depths:3 | 44255 ||| Stepping ~*~*~tactically~*~*~ (hiding).
 44411 | Depths:3 | Found Bycohiuxt's Jewellery Shop.
 44413 | Depths:3 | Found Voschotiu's Book Shoppe.
 44414 | Depths:3 | Found Joopn's Jewellery Shop.
 44420 | Depths:3 | 44420 ||| SHOPLISTING ring of Zamirr {rC+ Int+3 Dex+3} (847
                  | gold, have 645).
 44424 | Depths:3 | 44424 ||| BUYING ring of resist corrosion (280 gold).
 44424 | Depths:3 | Bought a ring of resist corrosion for 280 gold pieces
 44506 | Depths:3 | 44506 ||| Stepping ~*~*~tactically~*~*~ (hiding).
 44507 | Depths:3 | 44507 ||| INVOKING Heroism.
 44524 | Depths:3 | Received a gift from Okawaru
 44541 | Depths:3 | 44541 ||| Stepping ~*~*~tactically~*~*~ (stealth).
 44551 | Depths:3 | 44551 ||| INVOKING Heroism.
 44582 | Depths:3 | 44582 ||| Stepping ~*~*~tactically~*~*~ (hiding).
 44633 | Depths:3 | 44633 ||| Stepping ~*~*~tactically~*~*~ (stealth).
 44634 | Depths:3 | 44634 ||| Stepping ~*~*~tactically~*~*~ (stealth).
 44756 | Depths:3 | Noticed a golden dragon
 44757 | Depths:3 | 44757 ||| INVOKING Heroism.
 44769 | Depths:3 | Killed a golden dragon
 44770 | Depths:3 | Reached XP level 23. HP: 161/161 MP: 30/30
 44839 | Depths:3 | 44839 ||| INVOKING Heroism.
 44843 | Depths:3 | Received a gift from Okawaru
 44858 | Depths:3 | Found Caikheas's Neck Hole.
 44861 | Depths:3 | 44861 ||| SHOPLISTING +2 cloak "Dimmu" {Str+4 Int+3} (506
                  | gold, have 411).
 44861 | Depths:3 | 44861 ||| SHOPLISTING scarf of Akeshemn {rC+ rF+, Rampage}
                  | (518 gold, have 411).
 45045 | Depths:3 | 45045 ||| Stepping ~*~*~tactically~*~*~ (hiding).
 45070 | Depths:3 | Found the amulet of the Air {Inacc Air Fly rElec RMsl}
 45092 | Depths:3 | Identified the +2 halberd of the Eternal Void {flame, rPois
                  | SInv}
 45096 | Depths:3 | Identified the +2 leather armour "Jounubb" {Harm rF- Int+2}
 45125 | Depths:3 | 45125 ||| DROPPING ring of positive energy.
 45173 | Depths:4 | Entered Level 4 of the Depths
 45174 | Depths:4 | 45174 ||| INVOKING Heroism.
 45181 | Depths:4 | Received a gift from Okawaru
 45193 | Depths:4 | Paralysed by something for 3 turns
 45198 | Depths:4 | 45198 ||| STAIRDANCE
 45200 | Depths:3 | 45200 ||| INVOKING Heroism.
 45284 | Depths:4 | 45284 ||| INVOKING Heroism.
 45305 | Depths:4 | Found Jasaargh's Book Shoppe.
 45337 | Depths:4 | Found Hasorghe's Antique Weapon Emporium.
 45339 | Depths:4 | Found Neeqav's General Store.
 45342 | Depths:4 | Found Liocanlo's Jewellery Shoppe.
 45348 | Depths:4 | 45348 ||| BUYING +2 chain mail of cold resistance (322
                  | gold).
 45348 | Depths:4 | Bought a +2 chain mail of cold resistance for 322 gold
                  | pieces
 45348 | Depths:4 | 45348 ||| BUYING potion of attraction (45 gold).
 45348 | Depths:4 | Bought a potion of attraction for 45 gold pieces
 45348 | Depths:4 | 45348 ||| BUYING potion of cancellation (120 gold).
 45348 | Depths:4 | Bought a potion of cancellation for 120 gold pieces
 45348 | Depths:4 | 45348 ||| SHOPLISTING potion of curing (45 gold, have 3).
 45357 | Depths:4 | 45357 ||| SHOPLISTING ring of False Pretenses {EV+5 Str+3
                  | Stlth+} (833 gold, have 3).
 45357 | Depths:4 | 45357 ||| SHOPLISTING ring of the Real Monster {EV+5 Str+4
                  | Slay+2} (956 gold, have 3).
 45409 | Depths:4 | Found a gate to the Realm of Zot.
 45410 | Depths:4 | 45410 ||| INVOKING Heroism.
 45429 | Depths:4 | Reached skill level 18 in Armour
 45484 | Depths:4 | 45484 ||| READING scroll of enchant weapon.
 45484 | Depths:4 | 45484 ||| ENCHANTING +7 vampiric broad axe.
 45491 | Depths:4 | 45491 ||| Stepping ~*~*~tactically~*~*~ (hiding).
 45492 | Depths:4 | 45492 ||| INVOKING Heroism.
 45561 | Depths:4 | 45561 ||| Stepping ~*~*~tactically~*~*~ (hiding).
 45582 | Depths:4 | 45582 ||| INVOKING Heroism.
 45587 | Depths:4 | Received a gift from Okawaru
 45599 | Depths:4 | 45599 ||| DRINKING 14 potions of curing.
 45599 | Depths:4 | 45599 ||| (to cure confusion)
 45621 | Depths:4 | Noticed a caustic shrike
 45621 | Depths:4 | Noticed a caustic shrike
 45621 | Depths:4 | Noticed a caustic shrike
 45621 | Depths:4 | Noticed a caustic shrike
 45621 | Depths:4 | Noticed a caustic shrike
 45649 | Depths:4 | 45649 ||| INVOKING Heroism.
 45778 | Depths:4 | 45778 ||| Stepping ~*~*~tactically~*~*~ (stealth).
 45781 | Depths:4 | 45781 ||| Stepping ~*~*~tactically~*~*~ (stealth).
 45783 | Depths:4 | Received a gift from Okawaru
 45800 | Depths:4 | 45800 ||| DRINKING 13 potions of curing.
 45800 | Depths:4 | 45800 ||| (to cure confusion)
 45884 | Depths:4 | Found a portal to a secret trove of treasure.
 46056 | Depths:4 | Received a gift from Okawaru
 46060 | Depths:4 | Found a hide-covered altar of Uskayaw.
 46078 | Depths:4 | 46078 ||| PLANNING VAULTS:5
 46078 | Depths:4 | 46078 ||| DROPPING +0 cloak.
 46432 | Vaults:5 | Entered Level 5 of the Vaults
 46434 | Vaults:5 | 46434 ||| INVOKING Heroism.
 46438 | Vaults:5 | Received a gift from Okawaru
 46480 | Vaults:5 | 46480 ||| INVOKING Finesse.
 46494 | Vaults:5 | Received a gift from Okawaru
 46497 | Vaults:5 | 46497 ||| INVOKING Heroism.
 46528 | Vaults:5 | Received a gift from Okawaru
 46553 | Vaults:5 | 46553 ||| INVOKING Heroism.
 46574 | Vaults:5 | 46574 ||| Stepping ~*~*~tactically~*~*~ (hiding).
 46575 | Vaults:5 | 46575 ||| Stepping ~*~*~tactically~*~*~ (hiding).
 46591 | Vaults:5 | Paralysed by an ogre mage for 3 turns
 46675 | Vaults:5 | 46675 ||| INVOKING Heroism.
 46687 | Vaults:5 | Received a gift from Okawaru
 46691 | Vaults:5 | 46691 ||| STAIRDANCE
 46694 | Vaults:4 | 46694 ||| INVOKING Heroism.
 46701 | Vaults:4 | Reached XP level 24. HP: 160/170 MP: 29/30
 46736 | Vaults:5 | 46736 ||| STAIRDANCE
 46842 | Vaults:5 | 46842 ||| STAIRDANCE
 46953 | Vaults:5 | Noticed an ancient lich
 46954 | Vaults:5 | 46954 ||| INVOKING Heroism.
 46955 | Vaults:5 | 46955 ||| INVOKING Finesse.
 46972 | Vaults:5 | Killed an ancient lich
 46972 | Vaults:5 | Received a gift from Okawaru
 46978 | Vaults:5 | Noticed an ancient lich
 46996 | Vaults:5 | Killed an ancient lich
 46996 | Vaults:5 | Received a gift from Okawaru
 47009 | Vaults:5 | 47009 ||| INVOKING Heroism.
 47025 | Vaults:5 | Received a gift from Okawaru
 47037 | Vaults:5 | Received a gift from Okawaru
 47045 | Vaults:5 | a shadow dragon changed into a caustic shrike
 47045 | Vaults:5 | Noticed a caustic shrike (glowing shapeshifter)
 47048 | Vaults:5 | a caustic shrike changed into a golden dragon
 47060 | Vaults:5 | Received a gift from Okawaru
 47297 | Vaults:5 | 47297 ||| INVOKING Heroism.
 47326 | Vaults:5 | Identified the +2 flail of the Flying Coward {heavy, Dex+3}
 47335 | Vaults:5 | 47335 ||| Stepping ~*~*~tactically~*~*~ (stealth).
 47337 | Vaults:5 | 47337 ||| Stepping ~*~*~tactically~*~*~ (stealth).
 47339 | Vaults:5 | 47339 ||| Stepping ~*~*~tactically~*~*~ (stealth).
 47342 | Vaults:5 | 47342 ||| Stepping ~*~*~tactically~*~*~ (hiding).
 47343 | Vaults:5 | 47343 ||| Stepping ~*~*~tactically~*~*~ (hiding).
 47502 | Vaults:5 | Received a gift from Okawaru
 47511 | Vaults:5 | 47511 ||| Stepping ~*~*~tactically~*~*~ (stealth).
 47518 | Vaults:5 | 47518 ||| INVOKING Heroism.
 47560 | Vaults:5 | Identified the +9 great mace of Wauriem {flame, +Blink rC+
                  | Will+ Str+2}
 47586 | Vaults:5 | Got a silver rune of Zot
 47744 | Vaults:5 | 47744 ||| INVOKING Heroism.
 47853 | Vaults:5 | Identified the amulet "Rehefe" {Spirit Rampage rPois}
 47855 | Vaults:5 | Identified the ring of Ciduc {rElec MP+9}
 47862 | Vaults:5 | 47862 ||| UPGRADING to +0 gold dragon scales.
 47872 | Vaults:5 | 47872 ||| DROPPING +0 plate armour.
 47873 | Vaults:5 | 47873 ||| DROPPING +3 chain mail of fire resistance.
 47874 | Vaults:5 | 47874 ||| DROPPING +0 ice dragon scales.
 47875 | Vaults:5 | 47875 ||| DROPPING +0 fire dragon scales.
 47876 | Vaults:5 | 47876 ||| DROPPING +2 chain mail of cold resistance.
 47877 | Vaults:5 | 47877 ||| DROPPING +3 plate armour.
 47878 | Vaults:5 | 47878 ||| DROPPING +1 pair of gloves of infusion.
 47879 | Vaults:5 | 47879 ||| READING scroll of enchant armour.
 47879 | Vaults:5 | 47879 ||| ENCHANTING +0 gold dragon scales.
 47880 | Vaults:5 | 47880 ||| DROPPING +3 plate armour of cold resistance.
 47952 | Vaults:5 | 47952 ||| Stepping ~*~*~tactically~*~*~ (hiding).
 47974 | Vaults:5 | Identified the +2 pair of gloves "Jyudoun" {rPois}
 47976 | Vaults:5 | 47976 ||| DROPPING +2 cloak.
 47977 | Vaults:5 | 47977 ||| DROPPING +2 pair of gloves "Jyudoun" {rPois}.
 48018 | Vaults:5 | Identified the +2 lajatang of Xeihul {flame, rPois rCorr
                  | Dex+2}
 48214 | Vaults:5 | 48214 ||| PLANNING SHOPPING SPREE
 48214 | Vaults:5 | 48214 ||| DROPPING amulet "Rehefe" {Spirit Rampage rPois}.
 48215 | Vaults:5 | 48215 ||| DROPPING ring of Ciduc {rElec MP+9}.
 48592 | Depths:4 | 48592 ||| BUYING potion of curing (45 gold).
 48592 | Depths:4 | Bought a potion of curing for 45 gold pieces
 49114 | Depths:3 | 49114 ||| BUYING +2 cloak "Dimmu" {Str+4 Int+3} (506 gold).
 49114 | Depths:3 | Bought the +2 cloak "Dimmu" {Str+4 Int+3} for 506 gold
                  | pieces
 49114 | Depths:3 | 49114 ||| BUYING scarf of Akeshemn {rC+ rF+, Rampage} (518
                  | gold).
 49114 | Depths:3 | Bought the scarf of Akeshemn {rC+ rF+, Rampage} for 518
                  | gold pieces
 49114 | Depths:3 | 49114 ||| UPGRADING to +2 cloak "Dimmu" {Str+4 Int+3}.
 49124 | Depths:3 | 49124 ||| DROPPING scarf of repulsion.
 49125 | Depths:3 | 49125 ||| DROPPING +2 cloak.
 49126 | Depths:3 | 49126 ||| CLEARING SHOPPING LIST
 49126 | Depths:3 | 49126 ||| PLANNING ZOT:1-4
 49177 | Zot:1    | Entered Level 1 of the Realm of Zot
 49268 | Zot:1    | 49268 ||| INVOKING Heroism.
 49270 | Zot:1    | Received a gift from Okawaru
 49299 | Zot:1    | You are sucked into a shaft and drop 1 floor!
 49325 | Zot:2    | Received a gift from Okawaru
 49330 | Zot:2    | 49330 ||| INVOKING Heroism.
 49353 | Zot:2    | 49353 ||| Stepping ~*~*~tactically~*~*~ (hiding).
 49370 | Zot:2    | 49370 ||| Stepping ~*~*~tactically~*~*~ (hiding).
 49376 | Zot:2    | Noticed an orb of fire
 49377 | Zot:2    | 49377 ||| DRINKING 3 potions of resistance.
 49378 | Zot:2    | 49378 ||| INVOKING Heroism.
 49379 | Zot:2    | 49379 ||| INVOKING Finesse.
 49398 | Zot:2    | Gained mutation: You are weak. (Str -2) [an orb of fire]
 49400 | Zot:2    | Killed an orb of fire
 49461 | Zot:2    | 49461 ||| Stepping ~*~*~tactically~*~*~ (hiding).
 49467 | Zot:2    | 49467 ||| INVOKING Heroism.
 49477 | Zot:2    | Received a gift from Okawaru
 49593 | Zot:2    | 49593 ||| UPGRADING to ring of Bumiol {rF+ Dex+6}.
 49710 | Zot:1    | 49710 ||| READING scroll of enchant armour.
 49710 | Zot:1    | 49710 ||| ENCHANTING +1 gold dragon scales.
 49882 | Zot:1    | 49882 ||| Stepping ~*~*~tactically~*~*~ (hiding).
 49920 | Zot:1    | 49920 ||| Stepping ~*~*~tactically~*~*~ (hiding).
 49921 | Zot:1    | 49921 ||| Stepping ~*~*~tactically~*~*~ (hiding).
 49925 | Zot:1    | 49925 ||| Stepping ~*~*~tactically~*~*~ (hiding).
 49927 | Zot:1    | 49927 ||| Stepping ~*~*~tactically~*~*~ (hiding).
 49936 | Zot:1    | Received a gift from Okawaru
 49979 | Zot:1    | Identified the +2 robe "Fiacw" {Will+ rCorr}
 50046 | Zot:1    | 50046 ||| INVOKING Heroism.
 50205 | Zot:1    | 50205 ||| INVOKING Heroism.
 50215 | Zot:1    | Reached skill level 21 in Armour
 50242 | Zot:1    | 50242 ||| READING scroll of enchant armour.
 50242 | Zot:1    | 50242 ||| ENCHANTING +2 gold dragon scales.
 50433 | Zot:2    | Noticed a Killer Klown
 50434 | Zot:2    | 50434 ||| INVOKING Heroism.
 50438 | Zot:2    | Noticed an orb of fire
 50439 | Zot:2    | 50439 ||| Stepping ~*~*~tactically~*~*~ (hiding).
 50440 | Zot:2    | 50440 ||| Stepping ~*~*~tactically~*~*~ (hiding).
 50440 | Zot:2    | Noticed an orb of fire
 50441 | Zot:2    | 50441 ||| DRINKING 2 potions of resistance.
 50441 | Zot:2    | Gained mutation: You sometimes lose your temper in combat.
                  | [an orb of fire]
 50441 | Zot:2    | Gained mutation: You are very weak. (Str -4) [an orb of
                  | fire]
 50443 | Zot:2    | Gained mutation: Your body sometimes deteriorates upon
                  | taking damage. [an orb of fire]
 50450 | Zot:2    | Gained mutation: Your body often deteriorates upon taking
                  | damage. [an orb of fire]
 50454 | Zot:2    | Gained mutation: You occasionally lose the ability to drink
                  | potions when taking damage. [an orb of fire]
 50455 | Zot:2    | Killed an orb of fire
 50458 | Zot:2    | Gained mutation: You occasionally lose the ability to read
                  | scrolls when taking damage. [an orb of fire]
 50462 | Zot:2    | Gained mutation: You sometimes lose the ability to drink
                  | potions when taking damage. [an orb of fire]
 50465 | Zot:2    | Killed an orb of fire
 50466 | Zot:2    | Reached XP level 25. HP: 165/176 MP: 30/30
 50469 | Zot:2    | 50469 ||| INVOKING Finesse.
 50476 | Zot:2    | Killed a Killer Klown
 50494 | Zot:2    | Received a gift from Okawaru
 50605 | Zot:2    | 50605 ||| DRINKING 7 potions of mutation.
 50605 | Zot:2    | Lost mutation: You sometimes lose the ability to drink
                  | potions when taking damage. [potion of mutation]
 50605 | Zot:2    | Lost mutation: You sometimes lose your temper in combat.
                  | [potion of mutation]
 50605 | Zot:2    | Lost mutation: You occasionally lose the ability to drink
                  | potions when taking damage. [potion of mutation]
 50605 | Zot:2    | Gained mutation: You are strong-willed. (Will+) [potion of
                  | mutation]
 50606 | Zot:2    | 50606 ||| DRINKING 6 potions of mutation.
 50606 | Zot:2    | Lost mutation: You are strong-willed. (Will+) [potion of
                  | mutation]
 50606 | Zot:2    | Lost mutation: You occasionally lose the ability to read
                  | scrolls when taking damage. [potion of mutation]
 50606 | Zot:2    | Lost mutation: Your body often deteriorates upon taking
                  | damage. [potion of mutation]
 50606 | Zot:2    | Gained mutation: You are clumsy. (Dex -2) [potion of
                  | mutation]
 50606 | Zot:2    | Gained mutation: You expend magic power (3 MP) to
                  | strengthen your wands. [potion of mutation]
 50606 | Zot:2    | Gained mutation: Your flesh is heat resistant. (rF+)
                  | [potion of mutation]
 50765 | Zot:2    | 50765 ||| INVOKING Heroism.
 50814 | Zot:2    | 50814 ||| INVOKING Heroism.
 50909 | Zot:2    | 50909 ||| Stepping ~*~*~tactically~*~*~ (hiding).
 50938 | Zot:2    | Received a gift from Okawaru
 50954 | Zot:2    | 50954 ||| Stepping ~*~*~tactically~*~*~ (hiding).
 50978 | Zot:2    | 50978 ||| Stepping ~*~*~tactically~*~*~ (hiding).
 50999 | Zot:2    | Noticed an orb of fire
 51115 | Zot:2    | 51115 ||| Stepping ~*~*~tactically~*~*~ (hiding).
 51116 | Zot:2    | 51116 ||| INVOKING Heroism.
 51165 | Zot:2    | 51165 ||| Stepping ~*~*~tactically~*~*~ (stealth).
 51166 | Zot:2    | 51166 ||| INVOKING Heroism.
 51168 | Zot:2    | 51168 ||| Stepping ~*~*~tactically~*~*~ (hiding).
 51182 | Zot:2    | Received a gift from Okawaru
 51451 | Zot:2    | 51451 ||| DROPPING ring of wizardry.
 51452 | Zot:2    | 51452 ||| UPGRADING to ring of the Octopus King {Fly HP+2
                  | AC+2 EV+2 SH+2}.
 51473 | Zot:3    | 51473 ||| INVOKING Heroism.
 51483 | Zot:3    | Reached skill level 24 in Fighting
 51521 | Zot:3    | 51521 ||| Stepping ~*~*~tactically~*~*~ (hiding).
 51533 | Zot:3    | 51533 ||| INVOKING Heroism.
 51569 | Zot:3    | Received a gift from Okawaru
 51572 | Zot:3    | 51572 ||| INVOKING Heroism.
 51632 | Zot:3    | 51632 ||| Stepping ~*~*~tactically~*~*~ (hiding).
 51725 | Zot:3    | 51725 ||| INVOKING Heroism.
 51789 | Zot:3    | 51789 ||| Stepping randomly (disturbance).
 51790 | Zot:3    | 51790 ||| DROPPING ring of magical power.
 51791 | Zot:3    | 51791 ||| Stepping randomly (disturbance).
 51793 | Zot:3    | 51793 ||| Stepping randomly (disturbance).
 51829 | Zot:3    | 51829 ||| Stepping ~*~*~tactically~*~*~ (stealth).
 51838 | Zot:3    | Received a gift from Okawaru
 52100 | Zot:3    | 52100 ||| Stepping ~*~*~tactically~*~*~ (hiding).
 52144 | Zot:3    | Received a gift from Okawaru
 52448 | Zot:3    | 52448 ||| Stepping ~*~*~tactically~*~*~ (hiding).
 52454 | Zot:3    | 52454 ||| Stepping ~*~*~tactically~*~*~ (hiding).
 52466 | Zot:3    | 52466 ||| Stepping ~*~*~tactically~*~*~ (hiding).
 52467 | Zot:3    | 52467 ||| Stepping ~*~*~tactically~*~*~ (hiding).
 52468 | Zot:3    | 52468 ||| Stepping ~*~*~tactically~*~*~ (hiding).
 52469 | Zot:3    | 52469 ||| Stepping ~*~*~tactically~*~*~ (hiding).
 52470 | Zot:3    | 52470 ||| Stepping ~*~*~tactically~*~*~ (hiding).
 52471 | Zot:3    | 52471 ||| Stepping ~*~*~tactically~*~*~ (hiding).
 52544 | Zot:4    | 52544 ||| INVOKING Heroism.
 52581 | Zot:4    | 52581 ||| Stepping ~*~*~tactically~*~*~ (hiding).
 52583 | Zot:4    | 52583 ||| Stepping ~*~*~tactically~*~*~ (hiding).
 52601 | Zot:4    | Identified the +3 robe of Lises {Int+3 Slay+2} (Okawaru
                  | gifted it to you on level 4 of the Realm of Zot)
 52601 | Zot:4    | Received a gift from Okawaru
 52693 | Zot:4    | 52693 ||| INVOKING Heroism.
 52697 | Zot:4    | Noticed an orb of fire
 52698 | Zot:4    | 52698 ||| DRINKING 2 potions of resistance.
 52699 | Zot:4    | 52699 ||| INVOKING Finesse.
 52706 | Zot:4    | Gained mutation: Your body often deteriorates upon taking
                  | damage. [an orb of fire]
 52720 | Zot:4    | Killed an orb of fire
 52726 | Zot:4    | Noticed a Killer Klown
 52758 | Zot:4    | 52758 ||| INVOKING Finesse.
 52760 | Zot:4    | Killed a Killer Klown
 52764 | Zot:4    | Reached skill level 15 in Throwing
 52772 | Zot:4    | Reached XP level 26. HP: 177/188 MP: 25/30
 52783 | Zot:4    | 52783 ||| INVOKING Heroism.
 52805 | Zot:4    | 52805 ||| DRINKING 5 potions of mutation.
 52805 | Zot:4    | Lost mutation: Your flesh is heat resistant. (rF+) [potion
                  | of mutation]
 52805 | Zot:4    | Lost mutation: You expend magic power (3 MP) to strengthen
                  | your wands. [potion of mutation]
 52805 | Zot:4    | Lost mutation: Your body often deteriorates upon taking
                  | damage. [potion of mutation]
 52805 | Zot:4    | Gained mutation: You are very clumsy. (Dex -4) [potion of
                  | mutation]
 52825 | Zot:4    | 52825 ||| READING scroll of enchant armour.
 52825 | Zot:4    | 52825 ||| ENCHANTING +3 gold dragon scales.
 52986 | Zot:4    | 52986 ||| INVOKING Heroism.
 52990 | Zot:4    | HP: 45/190 [golden dragon (22)]
 52991 | Zot:4    | 52991 ||| READING 10 scrolls of teleportation.
 52992 | Zot:4    | 52992 ||| DRINKING 9 potions of heal wounds.
 53269 | Zot:4    | 53269 ||| Stepping ~*~*~tactically~*~*~ (hiding).
 53271 | Zot:4    | 53271 ||| INVOKING Heroism.
 53365 | Zot:4    | 53365 ||| Stepping ~*~*~tactically~*~*~ (stealth).
 53392 | Zot:4    | 53392 ||| INVOKING Heroism.
 53444 | Zot:4    | 53444 ||| Stepping ~*~*~tactically~*~*~ (stealth).
 53447 | Zot:4    | 53447 ||| Stepping ~*~*~tactically~*~*~ (stealth).
 53469 | Zot:4    | 53469 ||| Stepping ~*~*~tactically~*~*~ (hiding).
 53476 | Zot:4    | 53476 ||| Stepping ~*~*~tactically~*~*~ (hiding).
 53545 | Zot:4    | 53545 ||| Stepping ~*~*~tactically~*~*~ (stealth).
 53546 | Zot:4    | 53546 ||| Stepping ~*~*~tactically~*~*~ (stealth).
 53548 | Zot:4    | 53548 ||| Stepping ~*~*~tactically~*~*~ (hiding).
 53550 | Zot:4    | 53550 ||| INVOKING Heroism.
 53621 | Zot:4    | 53621 ||| FLEEEEING.
 53622 | Zot:4    | 53622 ||| FLEEEEING.
 53623 | Zot:4    | 53623 ||| FLEEEEING.
 53624 | Zot:4    | 53624 ||| FLEEEEING.
 53625 | Zot:4    | 53625 ||| FLEEEEING.
 53626 | Zot:4    | 53626 ||| FLEEEEING.
 53634 | Zot:4    | 53634 ||| FLEEEEING.
 53635 | Zot:4    | 53635 ||| FLEEEEING.
 53636 | Zot:4    | 53636 ||| FLEEEEING.
 53637 | Zot:4    | 53637 ||| FLEEEEING.
 53638 | Zot:4    | 53638 ||| FLEEEEING.
 53639 | Zot:4    | 53639 ||| FLEEEEING.
 53640 | Zot:4    | 53640 ||| FLEEEEING.
 53645 | Zot:4    | 53645 ||| FLEEEEING.
 53646 | Zot:4    | 53646 ||| FLEEEEING.
 53648 | Zot:4    | 53648 ||| FLEEEEING.
 53649 | Zot:4    | 53649 ||| FLEEEEING.
 53651 | Zot:4    | 53651 ||| FLEEEEING.
 53652 | Zot:4    | 53652 ||| FLEEEEING.
 53653 | Zot:4    | 53653 ||| FLEEEEING.
 53660 | Zot:4    | 53660 ||| Stepping ~*~*~tactically~*~*~ (hiding).
 53662 | Zot:4    | 53662 ||| Stepping ~*~*~tactically~*~*~ (hiding).
 53701 | Zot:4    | 53701 ||| INVOKING Heroism.
 53709 | Zot:4    | Received a gift from Okawaru
 53796 | Zot:4    | 53796 ||| Stepping ~*~*~tactically~*~*~ (stealth).
 53843 | Zot:4    | 53843 ||| Stepping ~*~*~tactically~*~*~ (hiding).
 53844 | Zot:4    | 53844 ||| Stepping ~*~*~tactically~*~*~ (hiding).
 53988 | Zot:4    | 53988 ||| PLANNING SLIME:5
 53988 | Zot:4    | 53988 ||| DROPPING +2 hat.
 54400 | Slime:1  | Entered Level 1 of the Pits of Slime
 54420 | Slime:2  | 54420 ||| DRINKING 20 potions of curing.
 54420 | Slime:2  | 54420 ||| (to cure confusion)
 54422 | Slime:2  | 54422 ||| DRINKING 19 potions of curing.
 54422 | Slime:2  | 54422 ||| (to cure confusion)
 54427 | Slime:2  | 54427 ||| DRINKING 18 potions of curing.
 54427 | Slime:2  | 54427 ||| (to cure confusion)
 54541 | Slime:3  | 54541 ||| STAIRDANCE
 54551 | Slime:3  | 54551 ||| STAIRDANCE
 54560 | Slime:3  | 54560 ||| STAIRDANCE
 54567 | Slime:3  | 54567 ||| STAIRDANCE
 54594 | Slime:3  | 54594 ||| STAIRDANCE
 54641 | Slime:3  | 54641 ||| DRINKING 17 potions of curing.
 54641 | Slime:3  | 54641 ||| (to cure confusion)
 54645 | Slime:3  | Received a gift from Okawaru
 54753 | Slime:3  | 54753 ||| DROPPING 47 boomerangs.
 54754 | Slime:3  | 54754 ||| DROPPING 8 silver boomerangs.
 54755 | Slime:3  | 54755 ||| DROPPING 6 boomerangs of dispersal.
 54767 | Slime:4  | 54767 ||| STAIRDANCE
 54780 | Slime:5  | Entered Level 5 of the Pits of Slime
 54835 | Slime:5  | Received a gift from Okawaru
 54885 | Slime:5  | Found a viscous altar of Jiyva.
 54885 | Slime:5  | Noticed the Royal Jelly
 54886 | Slime:5  | Found the amulet of Vitality {RegenMP++ Regen++}
 54887 | Slime:5  | 54887 ||| INVOKING Heroism.
 54913 | Slime:5  | 54913 ||| DRINKING 16 potions of curing.
 54913 | Slime:5  | 54913 ||| (to cure confusion)
 54916 | Slime:5  | 54916 ||| DRINKING 15 potions of curing.
 54916 | Slime:5  | 54916 ||| (to cure confusion)
 54917 | Slime:5  | 54917 ||| DRINKING 14 potions of curing.
 54917 | Slime:5  | 54917 ||| (to cure confusion)
 54920 | Slime:5  | 54920 ||| INVOKING Heroism.
 54929 | Slime:5  | Paralysed by a great orb of eyes for 3 turns
 54941 | Slime:5  | 54941 ||| DRINKING 13 potions of curing.
 54941 | Slime:5  | 54941 ||| (to cure confusion)
 54951 | Slime:5  | 54951 ||| DRINKING 12 potions of curing.
 54951 | Slime:5  | 54951 ||| (to cure confusion)
 54952 | Slime:5  | 54952 ||| DRINKING 11 potions of curing.
 54952 | Slime:5  | 54952 ||| (to cure confusion)
 54959 | Slime:5  | 54959 ||| INVOKING Heroism.
 54974 | Slime:5  | Killed the Royal Jelly
 54982 | Slime:5  | 54982 ||| DRINKING 10 potions of curing.
 54982 | Slime:5  | 54982 ||| (to cure confusion)
 54985 | Slime:5  | 54985 ||| DRINKING 9 potions of curing.
 54985 | Slime:5  | 54985 ||| (to cure confusion)
 54986 | Slime:5  | Gained mutation: You are dopey. (Int -2) [a shining eye]
 54988 | Slime:5  | Gained mutation: Armour fits poorly on your strangely
                  | shaped body. [a shining eye]
 54999 | Slime:5  | 54999 ||| DRINKING 4 potions of mutation.
 54999 | Slime:5  | Lost mutation: Armour fits poorly on your strangely shaped
                  | body. [potion of mutation]
 54999 | Slime:5  | Lost mutation: You are very weak. (Str -4) [potion of
                  | mutation]
 54999 | Slime:5  | Gained mutation: You possess an exceptional clarity of
                  | mind. [potion of mutation]
 54999 | Slime:5  | Gained mutation: Your magical capacity is low. (-10% MP)
                  | [potion of mutation]
 54999 | Slime:5  | Gained mutation: Your flesh is cold resistant. (rC+)
                  | [potion of mutation]
 55004 | Slime:5  | Identified the +2 scale mail of Enaimaot {rF+}
 55019 | Slime:5  | Identified the ring "Gipohag" {Will+ MP+9 Int+5}
 55049 | Slime:5  | Got a slimy rune of Zot
 55080 | Slime:5  | Identified the +8 shortbow "Jucyit" {freeze, Dex+2}
 55382 | Slime:5  | 55382 ||| PLANNING THE SHINING ONE WORSHIP
 55482 | Slime:5  | 55482 ||| UPGRADING to +2 pair of gloves of strength.
 55492 | Slime:5  | 55492 ||| DROPPING +2 pair of gloves.
 55493 | Slime:5  | 55493 ||| DROPPING +0 ring mail "Gailei" {Contam rN+ rCorr
                  | Slay+3}.
 55494 | Slime:5  | 55494 ||| DROPPING amulet of reflection.
 55495 | Slime:5  | 55495 ||| DROPPING ring "Xakapnit" {rC- rCorr Str+5 Int+6}.
 55496 | Slime:5  | 55496 ||| DROPPING ring of ice.
 55497 | Slime:5  | 55497 ||| DROPPING ring "Gipohag" {Will+ MP+9 Int+5}.
 55498 | Slime:5  | 55498 ||| DROPPING ring of Xewiclaph {rCorr AC+4 Int-3
                  | Dex-4 Stlth+}.
 55499 | Slime:5  | 55499 ||| DROPPING ring of resist corrosion.
 55879 | Temple   | Fell from the grace of Okawaru
 55879 | Temple   | Became a worshipper of the Shining One
 55879 | Temple   | 55879 ||| PLANNING CRYPT
 55880 | Temple   | 55880 ||| SWAPPING to +12 broad axe "Leatawemu" {heavy,
                  | Str+3 Dex+4}.
 56299 | Crypt:1  | Entered Level 1 of the Crypt
 56376 | Crypt:1  | Reached * piety under the Shining One
 56598 | Crypt:1  | Reached ** piety under the Shining One
 56662 | Crypt:1  | Reached skill level 12 in Invocations
 56678 | Crypt:1  | Identified the ring "Miceut" {rPois Will+}
 56795 | Crypt:1  | Found an ancient bone altar of Kikubaaqudgha.
 56816 | Crypt:1  | 56816 ||| Stepping ~*~*~tactically~*~*~ (hiding).
 57092 | Crypt:1  | 57092 ||| DROPPING scarf "Wetz" {harm, -Cast rC+ SInv
                  | Stlth+}.
 57093 | Crypt:1  | 57093 ||| DROPPING ring "Miceut" {rPois Will+}.
 57198 | Crypt:2  | Reached *** piety under the Shining One
 57234 | Crypt:2  | 57234 ||| Stepping ~*~*~tactically~*~*~ (stealth).
 57235 | Crypt:2  | 57235 ||| Stepping ~*~*~tactically~*~*~ (hiding).
 57236 | Crypt:2  | 57236 ||| Stepping ~*~*~tactically~*~*~ (hiding).
 57237 | Crypt:2  | 57237 ||| Stepping ~*~*~tactically~*~*~ (hiding).
 57315 | Crypt:2  | 57315 ||| READING scroll of acquirement.
 57315 | Crypt:2  | 57315 ||| ACQUIRING 793 gold pieces
 57315 | Crypt:2  | Acquired 793 gold pieces
 57334 | Crypt:2  | Reached **** piety under the Shining One
 57336 | Crypt:2  | 57336 ||| Stepping ~*~*~tactically~*~*~ (stealth).
 57449 | Crypt:2  | 57449 ||| Stepping ~*~*~tactically~*~*~ (hiding).
 57458 | Crypt:2  | 57458 ||| Stepping ~*~*~tactically~*~*~ (cloud).
 57739 | Crypt:3  | Entered Level 3 of the Crypt
 57739 | Crypt:3  | Reached ***** piety under the Shining One
 57867 | Crypt:3  | 57867 ||| INVOKING Summon Divine Warrior.
 57870 | Crypt:3  | 57870 ||| INVOKING Cleansing Flame.
 57871 | Crypt:3  | 57871 ||| INVOKING Cleansing Flame.
 57872 | Crypt:3  | 57872 ||| INVOKING Cleansing Flame.
 57949 | Crypt:3  | 57949 ||| Stepping ~*~*~tactically~*~*~ (stealth).
 57950 | Crypt:3  | 57950 ||| Stepping ~*~*~tactically~*~*~ (stealth).
 58159 | Crypt:3  | Reached ****** piety under the Shining One
 58164 | Crypt:3  | Reached XP level 27. HP: 197/197 MP: 30/30
 58176 | Crypt:3  | Reached skill level 15 in Invocations
 58182 | Crypt:3  | 58182 ||| INVOKING Cleansing Flame.
 58183 | Crypt:3  | 58183 ||| INVOKING Cleansing Flame.
 58187 | Crypt:3  | 58187 ||| FLEEEEING.
 58188 | Crypt:3  | 58188 ||| FLEEEEING.
 58189 | Crypt:3  | 58189 ||| FLEEEEING.
 58199 | Crypt:3  | 58199 ||| INVOKING Cleansing Flame.
 58200 | Crypt:3  | 58200 ||| INVOKING Cleansing Flame.
 58201 | Crypt:3  | 58201 ||| INVOKING Brand Weapon With Holy Wrath.
 58201 | Crypt:3  | Identified a +9 broad axe of holy wrath (a +8 vampiric
                  | broad axe blessed by the Shining One)
 58201 | Crypt:3  | Received a gift from the Shining One
 58280 | Crypt:3  | 58280 ||| Stepping ~*~*~tactically~*~*~ (stealth).
 58585 | Crypt:3  | Found an ancient bone altar of Kikubaaqudgha.
 58585 | Crypt:3  | Found a basalt altar of Yredelemnul.
 58615 | Crypt:3  | Identified the ring of Liberty {rN+ MP+9 Int+3}
 58615 | Crypt:3  | Identified the amulet of Nompu {rElec Regen+ Int-2 Slay+3}
 58615 | Crypt:3  | Identified the ring of Jouqoari {rN+ Int+2}
 58619 | Crypt:3  | Identified the +5 executioner's axe of Yryaptagh {vamp,
                  | Fragile rElec rC+}
 58670 | Crypt:3  | Identified the staff of cold "Xecauge" {rC+ SInv}
 58839 | Crypt:3  | 58839 ||| Stepping ~*~*~tactically~*~*~ (stealth).
 58889 | Crypt:3  | Found a staircase to the Tomb.
 58915 | Crypt:3  | 58915 ||| PLANNING TOMB
 58915 | Crypt:3  | 58915 ||| SWAPPING to +9 broad axe of holy wrath.
 58916 | Crypt:3  | 58916 ||| DROPPING amulet of Nompu {rElec Regen+ Int-2
                  | Slay+3}.
 58917 | Crypt:3  | 58917 ||| DROPPING ring of Liberty {rN+ MP+9 Int+3}.
 58918 | Crypt:3  | 58918 ||| DROPPING ring of Jouqoari {rN+ Int+2}.
 58924 | Tomb:1   | Entered Level 1 of the Tomb of the Ancients
 59079 | Tomb:1   | 59079 ||| INVOKING Cleansing Flame.
 59080 | Tomb:1   | 59080 ||| INVOKING Cleansing Flame.
 59158 | Tomb:1   | Paralysed by a sphinx for 4 turns
 59171 | Tomb:1   | 59171 ||| INVOKING Summon Divine Warrior.
 59184 | Tomb:1   | 59184 ||| FLEEEEING.
 59191 | Tomb:1   | 59191 ||| INVOKING Cleansing Flame.
 59199 | Tomb:1   | 59199 ||| INVOKING Cleansing Flame.
 59208 | Tomb:1   | 59208 ||| INVOKING Cleansing Flame.
 59214 | Tomb:1   | 59214 ||| FLEEEEING.
 59222 | Tomb:1   | 59222 ||| FLEEEEING.
 59374 | Tomb:1   | 59374 ||| FLEEEEING.
 59391 | Tomb:1   | 59391 ||| FLEEEEING.
 59413 | Tomb:1   | 59413 ||| FLEEEEING.
 59414 | Tomb:1   | 59414 ||| FLEEEEING.
 59415 | Tomb:1   | 59415 ||| FLEEEEING.
 59416 | Tomb:1   | 59416 ||| FLEEEEING.
 59417 | Tomb:1   | 59417 ||| FLEEEEING.
 59418 | Tomb:1   | 59418 ||| FLEEEEING.
 59419 | Tomb:1   | 59419 ||| FLEEEEING.
 59420 | Tomb:1   | 59420 ||| FLEEEEING.
 59421 | Tomb:1   | 59421 ||| FLEEEEING.
 59438 | Tomb:1   | 59438 ||| FLEEEEING.
 59439 | Tomb:1   | 59439 ||| FLEEEEING.
 59456 | Tomb:1   | 59456 ||| FLEEEEING.
 59474 | Tomb:1   | 59474 ||| FLEEEEING.
 59476 | Tomb:1   | 59476 ||| FLEEEEING.
 59881 | Tomb:1   | 59881 ||| Stepping ~*~*~tactically~*~*~ (stealth).
 59884 | Tomb:1   | 59884 ||| Stepping ~*~*~tactically~*~*~ (stealth).
 59887 | Tomb:1   | 59887 ||| Stepping ~*~*~tactically~*~*~ (stealth).
 59897 | Tomb:1   | 59897 ||| Stepping ~*~*~tactically~*~*~ (stealth).
 59899 | Tomb:1   | 59899 ||| Stepping ~*~*~tactically~*~*~ (stealth).
 60040 | Tomb:1   | Identified the staff of cold "Kacsiolo" {rElec rC+ Str+3
                  | SInv}
 60057 | Tomb:1   | 60057 ||| INVOKING Cleansing Flame.
 60113 | Tomb:1   | 60113 ||| INVOKING Cleansing Flame.
 60607 | Tomb:2   | 60607 ||| DRINKING 9 potions of haste.
 60608 | Tomb:2   | 60608 ||| DRINKING 13 potions of attraction.
 60609 | Tomb:2   | 60609 ||| INVOKING Cleansing Flame.
 60609 | Tomb:2   | Noticed a royal mummy
 60609 | Tomb:2   | Noticed a royal mummy
 60610 | Tomb:2   | 60610 ||| INVOKING Cleansing Flame.
 60611 | Tomb:2   | 60611 ||| INVOKING Summon Divine Warrior.
 60612 | Tomb:2   | 60612 ||| INVOKING Cleansing Flame.
 60612 | Tomb:2   | Noticed a royal mummy
 60613 | Tomb:2   | Noticed a royal mummy
 60613 | Tomb:2   | 60613 ||| INVOKING Cleansing Flame.
 60618 | Tomb:2   | Killed a royal mummy
 60621 | Tomb:2   | Killed a royal mummy
 60623 | Tomb:2   | Killed a royal mummy
 60626 | Tomb:2   | 60626 ||| INVOKING Cleansing Flame.
 60627 | Tomb:2   | 60627 ||| INVOKING Cleansing Flame.
 60628 | Tomb:2   | 60628 ||| INVOKING Cleansing Flame.
 60628 | Tomb:2   | Killed a royal mummy
 60799 | Tomb:2   | 60799 ||| READING scroll of enchant armour.
 60799 | Tomb:2   | 60799 ||| ENCHANTING +4 gold dragon scales.
 60855 | Tomb:2   | 60855 ||| INVOKING Cleansing Flame.
 60863 | Tomb:2   | Reached skill level 24 in Armour
 60917 | Tomb:2   | 60917 ||| INVOKING Cleansing Flame.
 60972 | Tomb:2   | 60972 ||| PLANNING TOMB
 60972 | Tomb:2   | 60972 ||| PLANNING TOMB
 61292 | Tomb:1   | Noticed a royal mummy
 61293 | Tomb:1   | 61293 ||| INVOKING Summon Divine Warrior.
 61300 | Tomb:1   | 61300 ||| INVOKING Cleansing Flame.
 61301 | Tomb:1   | 61301 ||| INVOKING Cleansing Flame.
 61303 | Tomb:1   | Killed a royal mummy
 61382 | Tomb:1   | Noticed a royal mummy
 61384 | Tomb:1   | Noticed a royal mummy
 61392 | Tomb:1   | 61392 ||| Stepping ~*~*~tactically~*~*~ (hiding).
 61393 | Tomb:1   | 61393 ||| Stepping ~*~*~tactically~*~*~ (hiding).
 61395 | Tomb:1   | 61395 ||| Stepping ~*~*~tactically~*~*~ (hiding).
 61396 | Tomb:1   | 61396 ||| INVOKING Summon Divine Warrior.
 61400 | Tomb:1   | Killed a royal mummy
 61407 | Tomb:1   | 61407 ||| INVOKING Cleansing Flame.
 61408 | Tomb:1   | 61408 ||| INVOKING Cleansing Flame.
 61408 | Tomb:1   | Killed a royal mummy
 61470 | Tomb:1   | Noticed a royal mummy
 61472 | Tomb:1   | Noticed a royal mummy
 61474 | Tomb:1   | 61474 ||| INVOKING Cleansing Flame.
 61474 | Tomb:1   | Killed a royal mummy
 61477 | Tomb:1   | 61477 ||| INVOKING Cleansing Flame.
 61477 | Tomb:1   | Killed a royal mummy
 61498 | Tomb:1   | Noticed a royal mummy
 61500 | Tomb:1   | Noticed a royal mummy
 61501 | Tomb:1   | Noticed a royal mummy
 61502 | Tomb:1   | Noticed a royal mummy
 61503 | Tomb:1   | Killed a royal mummy
 61504 | Tomb:1   | Noticed a royal mummy
 61505 | Tomb:1   | 61505 ||| INVOKING Summon Divine Warrior.
 61506 | Tomb:1   | 61506 ||| INVOKING Cleansing Flame.
 61509 | Tomb:1   | Killed a royal mummy
 61512 | Tomb:1   | 61512 ||| INVOKING Cleansing Flame.
 61513 | Tomb:1   | 61513 ||| INVOKING Cleansing Flame.
 61513 | Tomb:1   | Noticed a royal mummy
 61514 | Tomb:1   | 61514 ||| INVOKING Cleansing Flame.
 61515 | Tomb:1   | 61515 ||| DRINKING 6 potions of magic.
 61515 | Tomb:1   | HP: 43/199 [??? (8)]
 61516 | Tomb:1   | 61516 ||| READING 14 scrolls of teleportation.
 61516 | Tomb:1   | HP: 11/199 [royal mummy/divine providence (16)]
 61517 | Tomb:1   | 61517 ||| DRINKING 9 potions of heal wounds.
 61518 | Tomb:1   | 61518 ||| DRINKING 8 potions of heal wounds.
 61519 | Tomb:1   | 61519 ||| DRINKING 7 potions of heal wounds.
 61767 | Tomb:1   | 61767 ||| UPGRADING to ring of Bumiol {rF+ Dex+6}.
 61903 | Tomb:1   | 61903 ||| INVOKING Summon Divine Warrior.
 61912 | Tomb:1   | Killed a royal mummy
 61917 | Tomb:1   | 61917 ||| INVOKING Cleansing Flame.
 61918 | Tomb:1   | 61918 ||| INVOKING Cleansing Flame.
 61922 | Tomb:1   | Killed a royal mummy
 61928 | Tomb:1   | Noticed a royal mummy
 61932 | Tomb:1   | 61932 ||| INVOKING Cleansing Flame.
 61933 | Tomb:1   | 61933 ||| INVOKING Cleansing Flame.
 61936 | Tomb:1   | Killed a royal mummy
 61947 | Tomb:1   | 61947 ||| INVOKING Cleansing Flame.
 61948 | Tomb:1   | 61948 ||| INVOKING Cleansing Flame.
 61949 | Tomb:1   | 61949 ||| INVOKING Cleansing Flame.
 61949 | Tomb:1   | Killed a royal mummy
 61962 | Tomb:1   | 61962 ||| INVOKING Cleansing Flame.
 61964 | Tomb:1   | Killed a royal mummy
 62065 | Tomb:1   | Noticed a royal mummy
 62069 | Tomb:1   | 62069 ||| INVOKING Cleansing Flame.
 62075 | Tomb:1   | Killed a royal mummy
 62227 | Tomb:1   | Noticed a royal mummy
 62228 | Tomb:1   | 62228 ||| INVOKING Summon Divine Warrior.
 62234 | Tomb:1   | Killed a royal mummy
 62298 | Tomb:1   | Noticed a royal mummy
 62301 | Tomb:1   | Noticed a royal mummy
 62304 | Tomb:1   | 62304 ||| INVOKING Cleansing Flame.
 62304 | Tomb:1   | Noticed a royal mummy
 62307 | Tomb:1   | Killed a royal mummy
 62311 | Tomb:1   | Killed a royal mummy
 62317 | Tomb:1   | 62317 ||| INVOKING Cleansing Flame.
 62321 | Tomb:1   | Killed a royal mummy
 62358 | Tomb:1   | Noticed a royal mummy
 62363 | Tomb:1   | 62363 ||| INVOKING Cleansing Flame.
 62363 | Tomb:1   | Noticed a royal mummy
 62366 | Tomb:1   | Killed a royal mummy
 62374 | Tomb:1   | HP: 46/197 [??? (9)]
 62375 | Tomb:1   | 62375 ||| READING 13 scrolls of teleportation.
 62376 | Tomb:1   | 62376 ||| DRINKING 6 potions of heal wounds.
 62377 | Tomb:1   | 62377 ||| INVOKING Cleansing Flame.
 62378 | Tomb:1   | 62378 ||| INVOKING Cleansing Flame.
 62788 | Tomb:1   | Noticed a royal mummy
 62789 | Tomb:1   | 62789 ||| INVOKING Summon Divine Warrior.
 62792 | Tomb:1   | 62792 ||| INVOKING Cleansing Flame.
 62793 | Tomb:1   | 62793 ||| INVOKING Cleansing Flame.
 62794 | Tomb:1   | 62794 ||| INVOKING Cleansing Flame.
 62794 | Tomb:1   | Killed a royal mummy
 62825 | Tomb:1   | 62825 ||| INVOKING Cleansing Flame.
 62826 | Tomb:1   | 62826 ||| INVOKING Cleansing Flame.
 62826 | Tomb:1   | Killed a royal mummy
 63059 | Tomb:1   | Noticed a royal mummy
 63063 | Tomb:1   | Killed a royal mummy
 63067 | Tomb:1   | Noticed a royal mummy
 63068 | Tomb:1   | 63068 ||| INVOKING Cleansing Flame.
 63069 | Tomb:1   | 63069 ||| INVOKING Cleansing Flame.
 63069 | Tomb:1   | Killed a royal mummy
 63323 | Tomb:1   | 63323 ||| INVOKING Cleansing Flame.
 63324 | Tomb:1   | 63324 ||| INVOKING Cleansing Flame.
 63325 | Tomb:1   | 63325 ||| INVOKING Cleansing Flame.
 63342 | Tomb:1   | Noticed a royal mummy
 63349 | Tomb:1   | Noticed a royal mummy
 63350 | Tomb:1   | Killed a royal mummy
 63351 | Tomb:1   | 63351 ||| INVOKING Cleansing Flame.
 63356 | Tomb:1   | Killed a royal mummy
 63486 | Tomb:1   | 63486 ||| Stepping ~*~*~tactically~*~*~ (hiding).
 63487 | Tomb:1   | 63487 ||| Stepping ~*~*~tactically~*~*~ (hiding).
 63488 | Tomb:1   | 63488 ||| Stepping ~*~*~tactically~*~*~ (hiding).
 63998 | Tomb:2   | 63998 ||| Stepping ~*~*~tactically~*~*~ (hiding).
 63999 | Tomb:2   | 63999 ||| Stepping ~*~*~tactically~*~*~ (hiding).
 64006 | Tomb:2   | 64006 ||| INVOKING Cleansing Flame.
 64028 | Tomb:2   | 64028 ||| INVOKING Cleansing Flame.
 64254 | Tomb:3   | Entered Level 3 of the Tomb of the Ancients
 64255 | Tomb:3   | 64255 ||| DRINKING 9 potions of haste.
 64256 | Tomb:3   | 64256 ||| DRINKING 12 potions of attraction.
 64264 | Tomb:3   | Noticed a royal mummy
 64266 | Tomb:3   | 64266 ||| INVOKING Summon Divine Warrior.
 64266 | Tomb:3   | Noticed a royal mummy
 64269 | Tomb:3   | 64269 ||| INVOKING Cleansing Flame.
 64270 | Tomb:3   | 64270 ||| SWAPPING to +12 broad axe "Leatawemu" {heavy,
                  | Str+3 Dex+4}.
 64271 | Tomb:3   | 64271 ||| INVOKING Cleansing Flame.
 64272 | Tomb:3   | Noticed a royal mummy
 64272 | Tomb:3   | 64272 ||| INVOKING Cleansing Flame.
 64273 | Tomb:3   | Reached skill level 18 in Invocations
 64279 | Tomb:3   | 64279 ||| INVOKING Cleansing Flame.
 64279 | Tomb:3   | Killed a royal mummy
 64280 | Tomb:3   | 64280 ||| INVOKING Cleansing Flame.
 64280 | Tomb:3   | Killed a royal mummy
 64280 | Tomb:3   | Killed a royal mummy
 64286 | Tomb:3   | Noticed a royal mummy
 64287 | Tomb:3   | 64287 ||| INVOKING Summon Divine Warrior.
 64288 | Tomb:3   | 64288 ||| INVOKING Cleansing Flame.
 64292 | Tomb:3   | Killed a royal mummy
 64300 | Tomb:3   | 64300 ||| INVOKING Cleansing Flame.
 64309 | Tomb:3   | Identified the +7 chain mail "Qaah Nuf" {rC+}
 64332 | Tomb:3   | Noticed a royal mummy
 64333 | Tomb:3   | 64333 ||| INVOKING Summon Divine Warrior.
 64334 | Tomb:3   | 64334 ||| SWAPPING to +9 broad axe of holy wrath.
 64335 | Tomb:3   | Noticed a royal mummy
 64341 | Tomb:3   | 64341 ||| INVOKING Cleansing Flame.
 64345 | Tomb:3   | Killed a royal mummy
 64346 | Tomb:3   | 64346 ||| INVOKING Cleansing Flame.
 64350 | Tomb:3   | Killed a royal mummy
 64350 | Tomb:3   | HP: 40/197 [something (27)]
 64351 | Tomb:3   | 64351 ||| READING 12 scrolls of teleportation.
 64352 | Tomb:3   | 64352 ||| DRINKING 5 potions of heal wounds.
 64353 | Tomb:3   | Noticed a royal mummy
 64354 | Tomb:3   | 64354 ||| DRINKING 4 potions of heal wounds.
 64378 | Tomb:3   | Killed a royal mummy
 64510 | Tomb:3   | Noticed a royal mummy
 64512 | Tomb:3   | 64512 ||| INVOKING Cleansing Flame.
 64513 | Tomb:3   | 64513 ||| INVOKING Cleansing Flame.
 64514 | Tomb:3   | 64514 ||| INVOKING Cleansing Flame.
 64515 | Tomb:3   | 64515 ||| INVOKING Cleansing Flame.
 64515 | Tomb:3   | Killed a royal mummy
 64550 | Tomb:3   | Noticed a royal mummy
 64555 | Tomb:3   | 64555 ||| INVOKING Cleansing Flame.
 64555 | Tomb:3   | Killed a royal mummy
 64725 | Tomb:3   | Identified the ring "Kuwuczye" {Fly rPois Str+5 Int+3 SInv}
 64825 | Tomb:3   | Identified the ring of Nobility {MP+9 Str+2}
 65105 | Tomb:3   | Found the +5 Lochaber axe {reach-cleave, Poleaxe Drain}
 65130 | Tomb:3   | Identified the +10 dagger "Rinuaf" {antimagic, rElec rC+}
 65147 | Tomb:3   | Identified the +6 mace of Yesterday {drain, rF+ rC++}
 65152 | Tomb:3   | Identified the +10 rapier of Kismet {venom, rPois Str+3}
 65178 | Tomb:3   | Identified the ring of the Raven {rPois rC+}
 65182 | Tomb:3   | Identified the +6 mace "Rarethai" {holy, rElec}
 65187 | Tomb:3   | Identified the +2 plate armour "Zijel" {rF+ rC+}
 65191 | Tomb:3   | Identified the amulet of Ivupo {Faith rElec Dex-5 SInv
                  | Stlth+}
 65344 | Tomb:3   | Got a golden rune of Zot
 65351 | Tomb:3   | 65351 ||| PLANNING PAN
 65351 | Tomb:3   | 65351 ||| DROPPING +0 pair of gloves of hurling.
 65352 | Tomb:3   | 65352 ||| DROPPING +2 plate armour "Zijel" {rF+ rC+}.
 65353 | Tomb:3   | 65353 ||| DROPPING amulet of Ivupo {Faith rElec Dex-5 SInv
                  | Stlth+}.
 65354 | Tomb:3   | 65354 ||| DROPPING ring "Myimmy" {Wiz rC+ Int+5}.
 65355 | Tomb:3   | 65355 ||| DROPPING ring "Kuwuczye" {Fly rPois Str+5 Int+3
                  | SInv}.
 65356 | Tomb:3   | 65356 ||| DROPPING ring of Nobility {MP+9 Str+2}.
 65357 | Tomb:3   | 65357 ||| DROPPING ring of protection from cold.
 65723 | D:14     | Was forgiven by Okawaru
 65908 | Pan      | Entered Pandemonium
 65912 | Pan      | 65912 ||| Stepping ~*~*~tactically~*~*~ (stealth).
 65914 | Pan      | 65914 ||| Stepping ~*~*~tactically~*~*~ (hiding).
 65928 | Pan      | 65928 ||| Stepping ~*~*~tactically~*~*~ (stealth).
 66026 | Pan      | 66026 ||| PLANNING DEPTHS
 66026 | Pan      | 66026 ||| SWAPPING to +12 broad axe "Leatawemu" {heavy,
                  | Str+3 Dex+4}.
 66157 | Pan      | 66157 ||| Stepping ~*~*~tactically~*~*~ (stealth).
 66209 | Pan      | Reached skill level 27 in Armour
 66329 | Pan      | 66329 ||| Stepping ~*~*~tactically~*~*~ (stealth).
 66332 | Pan      | Noticed Xaec the pandemonium lord
 66332 | Pan      | 66332 ||| INVOKING Summon Divine Warrior.
 66336 | Pan      | 66336 ||| INVOKING Cleansing Flame.
 66337 | Pan      | Killed Xaec the pandemonium lord
 66378 | Pan      | Got a demonic rune of Zot
 66504 | Pan      | 66504 ||| Stepping ~*~*~tactically~*~*~ (stealth).
 66506 | Pan      | 66506 ||| Stepping ~*~*~tactically~*~*~ (hiding).
 66507 | Pan      | 66507 ||| Stepping ~*~*~tactically~*~*~ (stealth).
 66509 | Pan      | 66509 ||| Stepping ~*~*~tactically~*~*~ (hiding).
 66515 | Pan      | 66515 ||| Stepping ~*~*~tactically~*~*~ (hiding).
 66517 | Pan      | 66517 ||| INVOKING Summon Divine Warrior.
 66518 | Pan      | 66518 ||| INVOKING Cleansing Flame.
 66648 | Pan      | 66648 ||| Stepping ~*~*~tactically~*~*~ (hiding).
 66651 | Pan      | Gained mutation: You do not regenerate when monsters are
                  | visible. [a cacodemon]
 66656 | Pan      | Noticed Back the pandemonium lord
 66657 | Pan      | 66657 ||| INVOKING Summon Divine Warrior.
 66660 | Pan      | 66660 ||| INVOKING Cleansing Flame.
 66661 | Pan      | 66661 ||| INVOKING Cleansing Flame.
 66662 | Pan      | 66662 ||| INVOKING Cleansing Flame.
 66663 | Pan      | 66663 ||| INVOKING Cleansing Flame.
 66664 | Pan      | 66664 ||| INVOKING Cleansing Flame.
 66664 | Pan      | Killed Back the pandemonium lord
 66675 | Pan      | 66675 ||| INVOKING Summon Divine Warrior.
 66678 | Pan      | 66678 ||| INVOKING Cleansing Flame.
 66777 | Pan      | 66777 ||| DRINKING 8 potions of mutation.
 66777 | Pan      | Lost mutation: Your magical capacity is low. (-10% MP)
                  | [potion of mutation]
 66777 | Pan      | Lost mutation: You possess an exceptional clarity of mind.
                  | [potion of mutation]
 66777 | Pan      | Gained mutation: You have hidden genetic defects. [potion
                  | of mutation]
 66778 | Pan      | 66778 ||| DRINKING 7 potions of mutation.
 66778 | Pan      | Lost mutation: Your flesh is cold resistant. (rC+) [potion
                  | of mutation]
 66778 | Pan      | Lost mutation: You do not regenerate when monsters are
                  | visible. [potion of mutation]
 66778 | Pan      | Lost mutation: You have hidden genetic defects. [potion of
                  | mutation]
 66778 | Pan      | Lost mutation: You are weak. (Str -2) [potion of mutation]
 66778 | Pan      | Gained mutation: You are vulnerable to heat. (rF-) [potion
                  | of mutation]
 66899 | Depths:2 | Escaped Pandemonium
 66900 | Depths:2 | 66900 ||| UPGRADING to +2 tower shield of resistance.
 66910 | Depths:2 | 66910 ||| DROPPING +0 pair of gloves of dexterity.
 66911 | Depths:2 | 66911 ||| DROPPING +2 tower shield.
 66933 | Depths:2 | 66933 ||| PLANNING PAN
 66950 | Depths:2 | 66950 ||| SWAPPING to +9 broad axe of holy wrath.
 66952 | Pan      | Entered the realm of Mnoleg.
 66952 | Pan      | Entered Pandemonium
 66952 | Pan      | Found an exit through the horrors of the Abyss.
 66955 | Pan      | Gained mutation: Potions are less effective at restoring
                  | your health. [a cacodemon]
 66982 | Pan      | 66982 ||| DRINKING 6 potions of mutation.
 66982 | Pan      | Lost mutation: Your body sometimes deteriorates upon taking
                  | damage. [potion of mutation]
 66982 | Pan      | Lost mutation: You are vulnerable to heat. (rF-) [potion of
                  | mutation]
 66982 | Pan      | Gained mutation: You are weak. (Str -2) [potion of
                  | mutation]
 66982 | Pan      | Gained mutation: You occasionally lose the ability to read
                  | scrolls when taking damage. [potion of mutation]
 66982 | Pan      | Gained mutation: You are very weak. (Str -4) [potion of
                  | mutation]
 66982 | Pan      | Lost mutation: You are very weak. (Str -4) [potion of
                  | mutation]
 66983 | Pan      | 66983 ||| DRINKING 5 potions of mutation.
 66983 | Pan      | Lost mutation: You are dopey. (Int -2) [potion of mutation]
 66983 | Pan      | Lost mutation: Potions are less effective at restoring your
                  | health. [potion of mutation]
 66983 | Pan      | Gained mutation: You are frail. (-10% HP) [potion of
                  | mutation]
 66984 | Pan      | 66984 ||| DRINKING 4 potions of mutation.
 66984 | Pan      | Lost mutation: You are weak. (Str -2) [potion of mutation]
 66984 | Pan      | Lost mutation: You occasionally lose the ability to read
                  | scrolls when taking damage. [potion of mutation]
 66984 | Pan      | Lost mutation: You are very clumsy. (Dex -4) [potion of
                  | mutation]
 66984 | Pan      | Gained mutation: You occasionally lose the ability to read
                  | scrolls when taking damage. [potion of mutation]
 66984 | Pan      | Gained mutation: You are vulnerable to heat. (rF-) [potion
                  | of mutation]
 66985 | Pan      | 66985 ||| DRINKING 3 potions of mutation.
 66985 | Pan      | Lost mutation: You are vulnerable to heat. (rF-) [potion of
                  | mutation]
 66985 | Pan      | Lost mutation: You occasionally lose the ability to read
                  | scrolls when taking damage. [potion of mutation]
 66985 | Pan      | Gained mutation: You passively dampen the noise of your
                  | surroundings. [potion of mutation]
 66985 | Pan      | Gained mutation: A frigid envelope surrounds you and
                  | freezes all who hurt you. [potion of mutation]
 66986 | Pan      | 66986 ||| DRINKING 2 potions of mutation.
 66986 | Pan      | Lost mutation: A frigid envelope surrounds you and freezes
                  | all who hurt you. [potion of mutation]
 66986 | Pan      | Lost mutation: You are frail. (-10% HP) [potion of
                  | mutation]
 66986 | Pan      | Lost mutation: You passively dampen the noise of your
                  | surroundings. [potion of mutation]
 66986 | Pan      | Gained mutation: Your body sometimes deteriorates upon
                  | taking damage. [potion of mutation]
 66986 | Pan      | Gained mutation: You possess an exceptional clarity of
                  | mind. [potion of mutation]
 66986 | Pan      | Gained mutation: You have large cloven feet. [potion of
                  | mutation]
 67017 | Pan      | 67017 ||| Stepping ~*~*~tactically~*~*~ (stealth).
 67020 | Pan      | Gained mutation: You occasionally lose the ability to drink
                  | potions when taking damage. [a cacodemon]
 67026 | Pan      | 67026 ||| DRINKING potion of mutation.
 67026 | Pan      | Lost mutation: You occasionally lose the ability to drink
                  | potions when taking damage. [potion of mutation]
 67026 | Pan      | Lost mutation: You possess an exceptional clarity of mind.
                  | [potion of mutation]
 67026 | Pan      | Gained mutation: Your flesh is heat resistant. (rF+)
                  | [potion of mutation]
 67026 | Pan      | Gained mutation: You occasionally shout uncontrollably at
                  | your foes. [potion of mutation]
 67056 | Pan      | Gained mutation: You are frail. (-10% HP) [a cacodemon]
 67351 | Pan      | 67351 ||| Stepping ~*~*~tactically~*~*~ (stealth).
 67352 | Pan      | 67352 ||| Stepping ~*~*~tactically~*~*~ (stealth).
 67354 | Pan      | 67354 ||| Stepping ~*~*~tactically~*~*~ (hiding).
 67391 | Pan      | 67391 ||| Stepping ~*~*~tactically~*~*~ (stealth).
 67456 | Pan      | 67456 ||| Stepping ~*~*~tactically~*~*~ (stealth).
 67491 | Pan      | 67491 ||| Stepping ~*~*~tactically~*~*~ (hiding).
 67825 | Pan      | 67825 ||| Stepping ~*~*~tactically~*~*~ (stealth).
 67827 | Pan      | 67827 ||| Stepping ~*~*~tactically~*~*~ (hiding).
 67868 | Pan      | 67868 ||| Stepping ~*~*~tactically~*~*~ (stealth).
 67941 | Pan      | Gained mutation: You frequently scream uncontrollably at
                  | your foes. [a neqoxec]
 67942 | Pan      | 67942 ||| Stepping ~*~*~tactically~*~*~ (hiding).
 68061 | Pan      | 68061 ||| Stepping ~*~*~tactically~*~*~ (hiding).
 68062 | Pan      | 68062 ||| Stepping ~*~*~tactically~*~*~ (hiding).
 68069 | Pan      | Gained mutation: You occasionally lose the ability to read
                  | scrolls when taking damage. [a cacodemon]
 68244 | Pan      | 68244 ||| Stepping ~*~*~tactically~*~*~ (stealth).
 68271 | Pan      | Gained mutation: You sometimes lose your temper in combat.
                  | [a cacodemon]
 68277 | Pan      | Gained mutation: Your magical capacity is low. (-10% MP) [a
                  | cacodemon]
 68289 | Pan      | Reached skill level 27 in Fighting
 68321 | Pan      | 68321 ||| DRINKING 17 potions of curing.
 68321 | Pan      | 68321 ||| (to cure confusion)
 68345 | Pan      | Gained mutation: Armour fits poorly on your strangely
                  | shaped body. [a cacodemon]
 68354 | Pan      | Gained mutation: Your spells are a little easier to cast,
                  | but a little less powerful. [a neqoxec]
 68502 | Pan      | 68502 ||| Stepping ~*~*~tactically~*~*~ (hiding).
 68601 | Pan      | 68601 ||| Stepping ~*~*~tactically~*~*~ (stealth).
 68603 | Pan      | 68603 ||| Stepping ~*~*~tactically~*~*~ (stealth).
 68605 | Pan      | 68605 ||| Stepping ~*~*~tactically~*~*~ (stealth).
 68607 | Pan      | 68607 ||| Stepping ~*~*~tactically~*~*~ (stealth).
 68643 | Pan      | Gained mutation: You have hidden genetic defects. [a
                  | cacodemon]
 68644 | Pan      | Gained mutation: Your magical capacity is very low. (-20%
                  | MP) [a cacodemon]
 68648 | Pan      | Gained mutation: Your body often deteriorates upon taking
                  | damage. [a cacodemon]
 68671 | Pan      | 68671 ||| Stepping ~*~*~tactically~*~*~ (hiding).
 68687 | Pan      | Gained mutation: Potions are less effective at restoring
                  | your health. [a cacodemon]
 68688 | Pan      | Lost mutation: Potions are less effective at restoring your
                  | health. [a cacodemon]
 68850 | Pan      | Gained mutation: You have an uncontrollable temper. [a
                  | neqoxec]
 68884 | Pan      | 68884 ||| Stepping ~*~*~tactically~*~*~ (hiding).
 68885 | Pan      | 68885 ||| Stepping ~*~*~tactically~*~*~ (hiding).
 68887 | Pan      | 68887 ||| Stepping ~*~*~tactically~*~*~ (hiding).
 68894 | Pan      | Reached skill level 21 in Invocations
 68909 | Pan      | 68909 ||| DRINKING 16 potions of curing.
 68909 | Pan      | 68909 ||| (to cure confusion)
 68917 | Pan      | 68917 ||| DRINKING 15 potions of curing.
 68917 | Pan      | 68917 ||| (to cure confusion)
 68921 | Pan      | Gained mutation: You sometimes lose the ability to read
                  | scrolls when taking damage. [a cacodemon]
 68995 | Pan      | 68995 ||| DRINKING 14 potions of curing.
 68995 | Pan      | 68995 ||| (to cure confusion)
 68997 | Pan      | 68997 ||| DRINKING 13 potions of curing.
 68997 | Pan      | 68997 ||| (to cure confusion)
 69053 | Pan      | 69053 ||| Stepping ~*~*~tactically~*~*~ (stealth).
 69136 | Pan      | Gained mutation: You are occasionally teleported next to
                  | monsters. [a cacodemon]
 69139 | Pan      | Gained mutation: You are very frail. (-20% HP) [a neqoxec]
 69146 | Pan      | Gained mutation: You do not regenerate when monsters are
                  | visible. [a neqoxec]
 69199 | Pan      | Noticed Mnoleg
 69200 | Pan      | 69200 ||| INVOKING Summon Divine Warrior.
 69203 | Pan      | 69203 ||| INVOKING Cleansing Flame.
 69215 | Pan      | Killed Mnoleg
 69224 | Pan      | Gained mutation: You are dopey. (Int -2) [a neqoxec]
 69436 | Pan      | 69436 ||| INVOKING Cleansing Flame.
 69498 | Pan      | Got a glowing rune of Zot
 69544 | Pan      | Identified the +0 buckler of the Heron {rN+}
 69569 | Pan      | HP: 39/159 [angel/+3 whip of holy wrath (13)]
 69570 | Pan      | 69570 ||| DRINKING 3 potions of heal wounds.
 69571 | Pan      | 69571 ||| DRINKING 2 potions of heal wounds.
 69571 | Pan      | Gained mutation: Your magical capacity is extremely low.
                  | (-30% MP) [hidden defects]
 69572 | Pan      | 69572 ||| INVOKING Summon Divine Warrior.
 69572 | Pan      | HP: 10/159 [angel/+3 whip of holy wrath (11)]
 69573 | Pan      | 69573 ||| DRINKING potion of heal wounds.
 69576 | Pan      | HP: 2/159 [angel/+2 whip of holy wrath (11)]
 69577 | Pan      | Demolished by an angel

Levels and vault maps discovered:
D:1:      reono_arrival_forest_river, layout_basic
D:2:      layout_basic, chequers_serial_rivers_large_a
D:3:      layout_rooms, amethyst_overflow_temple_binary, uniq_robin
D:4:      layout_loops_ring, minmay_temple_entry_arrows
D:5:      layout_gridville, grunt_dithmenos_smoke_and_mirrors
D:6:      layout_loops_ring
D:7:      layout_cave_pods, mainiacjoe_overflow_swirl
D:8:      layout_basic, serial_shops, kennysheep_mini_moat
D:9:      layout_basic
D:10:     layout_layer_cave, dpeg_oklobed_lair, david_orc_3, uniq_grum
D:11:     layout_basic, minivault_21
D:12:     layout_layer_cave
D:13:     layout_basic, erik_vaults_2, hellmonk_guarded_unrand_cigotuvi,
          uniq_erolcha, uniq_urug, uniq_snorg
D:14:     kennysheep_bubble_arena, layout_basic, basic_altar, serial_shops,
          nicolae_shop_bloodbath_and_beyond, corexii_leaking_fountain,
          uniq_frances
D:15:     gammafunk_depths_entry_grave, layout_basic, grunt_gozag_statues,
          cheibriados_altar_1, uniq_nessos, uniq_agnes
Temple:   minmay_crystal_spiral_temple
Lair:1:   layout_roguey, basic_altar, serial_bayou_shore_a
Lair:2:   layout_long_grid
Lair:3:   layout_small_grid, shoals_dummy_entry, spider_nest_entry_rubble,
          beast_lair_carwin_6, grunt_megastairs_2, infiniplex_staircase_pool
Lair:4:   layout_regular_city, gauntlet_entry_generic,
          chequers_serial_rivers_micro_a, st_stairs_10, dpeg_oklob_1,
          lemuel_fruit_tree
Lair:5:   hellmonk_lair_end_abyssal_woods, layout_big_grid,
          minmay_slime_entry_pillars, gammafunk_ghost_wrathful_warriors
Shoals:1: layout_shoals, gammafunk_ghost_grave, uniq_kirke
Shoals:2: layout_shoals
Shoals:3: cheibrodos_shoals_three_sisters, layout_shoals,
          nicolae_shoals_water_shrine
Shoals:4: shoals_end_hellmonk_storm_palace [storm_palace_center_square,
          storm_palace_corner_blocked, storm_palace_corner_narrow,
          storm_palace_corner_pillars, storm_palace_corner_grid]
Spider:1: layout_spider_delve, hangedman_spider_tarantella_strand, uniq_jorgrun,
          uniq_asterion, uniq_nikola
Spider:2: layout_spider_delve
Spider:3: layout_spider_delve, nicolae_spider_swamp_cousins
Spider:4: grunt_spider_rune_circles, nicolae_spider_jagged_tunnels
Slime:1:  layout_caves
Slime:2:  layout_caves, nicolae_slime_welcoming_committee
Slime:3:  layout_caves
Slime:4:  layout_caves
Slime:5
Orc:1:    layout_caves, serial_shops, nicolae_shop_crystal
Orc:2:    grunt_orc_cross, layout_diamond_mine
Vaults:1: v_misc_3, nicolae_vaults_wrenched, v_rooms_3, hangedman_vaults_locks,
          vaults_room_boxed, nicolae_vaults_circle_grid_b,
          nicolae_vaults_angled_halls, v_misc_31, v_misc_22,
          nicolae_vaults_house_1, nicolae_vaults_house_3, grunt_vaults_diagonal,
          layout_vaults_ring, serial_shops, nicolae_shop_real_fake_doors
Vaults:2: v_misc_29, nicolae_vaults_diamond_2, v_misc_22, v_misc_10,
          nicolae_vaults_hallways_thing, nicolae_vaults_apartment_1,
          nicolae_vaults_trapezoid_4, nicolae_vaults_double_plus_2,
          vaults_mumra_hex, nicolae_vaults_house_1, ontoclasm_vaults_chip,
          ontoclasm_vaults_ring_square, vaults_standard_mumra_lines,
          ontoclasm_vaults_gallery, nicolae_vaults_tetromino_Z_1,
          nicolae_vaults_diagonal_hallway_6, layout_vaults_chaotic_city,
          serial_shops, shop, nicolae_shop_tiny_glass, uniq_saint_roka,
          uniq_margery
Vaults:3: minmay_crypt_entry_necro_gods,
          nicolae_vaults_taking_the_gang_shopping,
          nicolae_vaults_thirteen_compartments, nicolae_vaults_house_3,
          v_pattern_3, nicolae_vaults_trapezoid_4, nicolae_vaults_network_star,
          nicolae_vaults_hexular_roomagon, nicolae_vaults_trapezoid_2,
          nicolae_vaults_little_ls, layout_vaults_omnigrid, serial_shops,
          nicolae_shop_tiny_waterfront, uniq_zenata
Vaults:4: lightli_enter_wizlab_magi_temple, vaults_room_large_hall, v_misc_3,
          nicolae_vaults_ellipses_ellipsis, nicolae_vaults_trapezoid_3,
          dpeg_vaults_monster_box, vaults_room_large_hall,
          nicolae_vaults_yaktaur_gun_rack, grunt_vaults_bifocal,
          nicolae_vaults_network_barrier, vaults_mumra_minichess_inversion,
          vaults_room_pool, nicolae_vaults_prndl, nicolae_vaults_house_1,
          nicolae_vaults_trapezoid_lopsided_1, vaults_room_hallway,
          nicolae_vaults_security_offices_1, nicolae_vaults_double_plus_1,
          layout_vaults_big_cross, serial_shops, shop, uniq_bai_suzhen
Vaults:5: serial_shops
Crypt:1:  layout_chaotic_city, st_stairs_6, lemuel_statue_altar
Crypt:2:  layout_gridlike, minmay_misc_feat_columns
Crypt:3:  lightli_unholy_cathedral, layout_chaotic_city,
          nicolae_tomb_entry_unfolded_pyramid_orthogonal
Tomb:1
Tomb:2
Tomb:3
Depths:1: gammafunk_dig_for_victory, layout_gridlike, enter_ziggurat_c,
          serial_bayou_pond_b, hellmouth_3, xom_redecorated
Depths:2: kennysheep_blocky_hall, layout_gridlike, gammafunk_ghost_smash,
          grunt_mini_vestibule, rand_demon_pan_entry_7
Depths:3: minmay_the_grid_triangle_9x9_recursive_2_mashed
          [minmay_the_grid_triangle_9x9_prize_insulated,
          minmay_the_grid_triangle_9x9_from_above,
          minmay_the_grid_triangle_9x9_dagger,
          minmay_the_grid_triangle_9x9_pentomino_pain], layout_gridlike,
          hell_entry, abyss_entry_flame_altar, serial_bayou_lagoon_a,
          minmay_holes, nicolae_shop_sticking_my_neck_out, minmay_shop_grove
Depths:4: grunt_zot_entry_funnels, layout_cross, hell_entry,
          nicolae_trove_entry_diagonal, hellmonk_bongcloud_opening,
          minmay_misc_feat_chi, eat_drink_and_be_merry_uskayaw, minmay_shoptagon
Zot:1:    layout_gridlike
Zot:2:    layout_concentric_octagons, nrook_zot_tub
Zot:3:    layout_basic
Zot:4:    grunt_zot_stairs_mandelzot, layout_misc_corridors
Pan:      evilmike_mini_pan_doors_b, layout_basic, pan_blood_fountain,
          grunt_pan_pentagram, layout_irregular_city, evilmike_mnoleg_eyes,
          layout_stronghold, pan_blood_fountain, pan_surprise, evilmike_holy_pan

Skill      XL: |  1  2  3  4  5  6  7  8  9 10 11 12 13 14 15 16 17 18 19 20 21 22 23 24 25 26 27 |
---------------+----------------------------------------------------------------------------------+-----
Axes           | 2 3 4 5 6 8 9 11 12 13 14 15 16 17 18 | 18.0
Fighting       | 4 6 7 8 9 10 11 12 13 15 17 18 20 21 22 23 25 26 27 | 27.0
Dodging        | 1 2 3 4 6 8 9 10 | 10.0
Invocations    | 1 4 7 10 14 21 | 21.2
Armour         | 4 6 8 10 11 12 13 14 15 16 17 18 21 22 27 | 27.0
Shields        | 4 5 6 7 9 13 15 17 18 19 20 21 22 23 | 23.5
Throwing       | 3 5 7 8 9 11 12 13 15 | 15.0

Action                     |  1- 3 |  4- 6 |  7- 9 | 10-12 | 13-15 | 16-18 | 19-21 | 22-24 | 25-27 || total
---------------------------+-------+-------+-------+-------+-------+-------+-------+-------+-------++-------
  Melee: War axe           |    76 |   159 |   278 |    47 |       |       |       |       |       ||   560
         Broad axe         |       |       |       |   408 |  1015 |  1666 |  1538 |  1535 |  2079 ||  8241
         Flail             |       |       |       |     8 |    33 |       |       |       |       ||    41
         Eveningstar       |       |       |       |       |     5 |       |       |       |       ||     5
  Throw: Boomerang         |       |       |     3 |       |    51 |    27 |    65 |       |     6 ||   152
         Javelin           |       |       |       |       |    34 |   199 |    32 |    68 |   281 ||   614
 Invoke: Heroism           |       |     3 |    11 |    23 |    33 |    34 |    17 |    39 |    19 ||   179
         Finesse           |       |       |       |     3 |     8 |    10 |    10 |     6 |     3 ||    40
         Cleansing Flame   |       |       |       |       |       |       |       |       |    84 ||    84
         Summon Divine War |       |       |       |       |       |       |       |       |    18 ||    18
         Brand Weapon With |       |       |       |       |       |       |       |       |     1 ||     1
    Use: Scroll            |     7 |     7 |     4 |     5 |    13 |     6 |     4 |     4 |     7 ||    57
         Potion            |       |     3 |     3 |     1 |     5 |     4 |     4 |     4 |    45 ||    69
   Stab: Petrifying        |       |       |       |       |     1 |       |       |       |       ||     1
         Distracted        |       |       |       |       |       |       |     1 |       |     1 ||     2
         Confused          |       |       |       |       |       |       |       |       |     5 ||     5
 Armour: Scale mail        |    27 |       |       |       |       |       |       |       |       ||    27
         Chain mail        |     5 |    85 |   214 |       |       |       |   222 |   513 |       ||  1039
         Plate armour      |       |       |    30 |   318 |   560 |   915 |   132 |       |       ||  1955
         Skin              |       |       |       |       |     2 |       |       |       |       ||     2
         Gold dragon scale |       |       |       |       |       |       |       |   107 |  1346 ||  1453
  Dodge: Dodged            |    34 |    67 |   180 |   177 |   483 |   718 |   420 |   742 |  1002 ||  3823
         Repelled          |       |       |       |       |       |       |    16 |    19 |       ||    35
  Block: Buckler           |    16 |    41 |    57 |   101 |   131 |       |       |       |       ||   346
         Kite shield       |       |       |       |       |   218 |   155 |       |       |       ||   373
         Tower shield      |       |       |       |       |       |  1591 |  1330 |  1772 |  2289 ||  6982

Table legend:
 A = Non-vault XP
 B = Vault XP
 C = Vault XP percentage of total XP
 D = Non-vault monster count
 E = Vault monster count
 F = Vault count percentage of total count
                 A         B        C        D         E       F
            +---------+---------+-------+---------+---------+-------
      Total |  933089 |  765735 |  45.1 |    1694 |     961 |  36.2
            +---------+---------+-------+---------+---------+-------
        D:1 |      33 |       0 |   0.0 |      23 |       0 |   0.0
        D:2 |      69 |       0 |   0.0 |      18 |       0 |   0.0
        D:3 |      51 |      34 |  40.0 |      18 |      11 |  37.9
        D:4 |     213 |       0 |   0.0 |      13 |       0 |   0.0
        D:5 |     376 |       0 |   0.0 |      14 |       0 |   0.0
        D:6 |    1336 |       0 |   0.0 |      37 |       0 |   0.0
        D:7 |    1328 |       0 |   0.0 |      22 |       0 |   0.0
        D:8 |    1322 |       0 |   0.0 |       9 |       0 |   0.0
        D:9 |    3834 |       0 |   0.0 |      27 |       0 |   0.0
       D:10 |    1873 |     567 |  23.2 |      27 |       6 |  18.2
       D:11 |    2856 |       0 |   0.0 |      11 |       0 |   0.0
       D:12 |    6756 |       0 |   0.0 |      26 |       0 |   0.0
       D:13 |   12517 |   15674 |  55.6 |      25 |      24 |  49.0
       D:14 |    3967 |    5666 |  58.8 |       9 |       8 |  47.1
       D:15 |   14187 |    6660 |  31.9 |      32 |      10 |  23.8
     Lair:1 |    3779 |       0 |   0.0 |      11 |       0 |   0.0
     Lair:2 |    6976 |       0 |   0.0 |      29 |       0 |   0.0
     Lair:3 |   13516 |    4344 |  24.3 |      44 |      11 |  20.0
     Lair:4 |    6298 |    1712 |  21.4 |      22 |       4 |  15.4
     Lair:5 |    5855 |   11018 |  65.3 |      17 |      41 |  70.7
   Shoals:1 |    7192 |    2541 |  26.1 |      17 |       8 |  32.0
   Shoals:2 |    8830 |       0 |   0.0 |      17 |       0 |   0.0
   Shoals:3 |   21905 |   12021 |  35.4 |      44 |      20 |  31.2
   Shoals:4 |    8321 |   28117 |  77.2 |      18 |      53 |  74.6
   Spider:1 |   10702 |    6396 |  37.4 |      23 |       4 |  14.8
   Spider:2 |   19493 |       0 |   0.0 |      45 |       0 |   0.0
   Spider:3 |   17907 |    3505 |  16.4 |      53 |      13 |  19.7
   Spider:4 |   12048 |   25178 |  67.6 |      31 |      55 |  64.0
    Slime:1 |    1588 |       0 |   0.0 |       4 |       0 |   0.0
    Slime:2 |    9644 |       0 |   0.0 |      18 |       0 |   0.0
    Slime:3 |    6329 |       0 |   0.0 |      11 |       0 |   0.0
    Slime:4 |    1222 |       0 |   0.0 |       4 |       0 |   0.0
    Slime:5 |    4245 |   22341 |  84.0 |      13 |      15 |  53.6
      Orc:1 |    8787 |       0 |   0.0 |      43 |       0 |   0.0
      Orc:2 |    4722 |    6781 |  58.9 |      33 |      33 |  50.0
   Vaults:1 |   36539 |   18552 |  33.7 |      45 |      26 |  36.6
   Vaults:2 |   19811 |   30740 |  60.8 |      28 |      46 |  62.2
   Vaults:3 |   36376 |   29769 |  45.0 |      60 |      35 |  36.8
   Vaults:4 |   29194 |   37499 |  56.2 |      44 |      47 |  51.6
   Vaults:5 |   26321 |   91525 |  77.7 |      31 |      85 |  73.3
    Crypt:1 |   13669 |     602 |   4.2 |      22 |       1 |   4.3
    Crypt:2 |   17453 |       0 |   0.0 |      28 |       0 |   0.0
    Crypt:3 |   23401 |   31115 |  57.1 |      31 |      47 |  60.3
     Tomb:1 |   13395 |  107929 |  89.0 |      31 |      77 |  71.3
     Tomb:2 |   18528 |   40335 |  68.5 |      31 |      55 |  64.0
     Tomb:3 |   20747 |   68366 |  76.7 |      43 |      59 |  57.8
   Depths:1 |   13084 |   14878 |  53.2 |      17 |      20 |  54.1
   Depths:2 |   46906 |   10797 |  18.7 |      58 |      14 |  19.4
   Depths:3 |   30064 |   13740 |  31.4 |      34 |      12 |  26.1
   Depths:4 |   39559 |   16162 |  29.0 |      47 |      16 |  25.4
      Zot:1 |   29485 |       0 |   0.0 |      24 |       0 |   0.0
      Zot:2 |   71617 |    8581 |  10.7 |      47 |       8 |  14.5
      Zot:3 |   60332 |       0 |   0.0 |      56 |       0 |   0.0
      Zot:4 |   51842 |   35778 |  40.8 |      45 |      27 |  37.5
    Abyss:2 |   13910 |    1153 |   7.7 |      29 |       3 |   9.4
        Pan |   90779 |   50752 |  35.9 |     135 |      55 |  28.9
   Gauntlet |       0 |    4907 | 100.0 |       0 |      12 | 100.0
            +---------+---------+-------+---------+---------+-------
